Workbook

Sheet Summary
A1: ILLINOIS DEPARTMENT OF REVENUE | R1: IDORRPT1
A2: COLLECTIONS REMITTED TO THE STATE COMPTROLLER | R2: Printed by the authority of the State of Illinois - web only, 1, 10/2026
A3: FISCAL YEAR 2027 | R3: https://tax.illinois.gov/research/taxstats.html
F5: ALL REVENUE SOURCES
F6: 46234 | G6: 46265 | H6: 46295 | R6: Total
A8: Collections by tax type:
B9: Sales and Use | F9: ='Sales and Use'!F32 -> 2.2091311e+09 | G9: ='Sales and Use'!G32 -> 2.1469622e+09 | H9: ='Sales and Use'!H32 -> 2.1420021e+09 | I9: ='Sales and Use'!I32 -> 0 | J9: ='Sales and Use'!J32 -> 0 | K9: ='Sales and Use'!K32 -> 0 | L9: ='Sales and Use'!L32 -> 0 | M9: ='Sales and Use'!M32 -> 0 | ... Q9: ='Sales and Use'!Q32 -> 0 | R9: =ROUND(SUM(F9:Q9),2) -> 6.4980955e+09
B10: Motor Fuel | F10: ='Motor Fuel'!F17 -> 2.54109e+08 | G10: ='Motor Fuel'!G17 -> 2.6060743e+08 | H10: ='Motor Fuel'!H17 -> 2.5780072e+08 | I10: ='Motor Fuel'!I17 -> 0 | J10: ='Motor Fuel'!J17 -> 0 | K10: ='Motor Fuel'!K17 -> 0 | L10: ='Motor Fuel'!L17 -> 0 | M10: ='Motor Fuel'!M17 -> 0 | ... Q10: ='Motor Fuel'!Q17 -> 0 | R10: =ROUND(SUM(F10:Q10),2) -> 7.7251715e+08
B11: Cigarette | F11: =Cigarette!F16 -> 72309532 | G11: =Cigarette!G16 -> 59663304 | H11: =Cigarette!H16 -> 68981267 | I11: =Cigarette!I16 -> 0 | J11: =Cigarette!J16 -> 0 | K11: =Cigarette!K16 -> 0 | L11: =Cigarette!L16 -> 0 | M11: =Cigarette!M16 -> 0 | ... Q11: =Cigarette!Q16 -> 0 | R11: =ROUND(SUM(F11:Q11),2) -> 2.009541e+08
B12: Senior Citizen Deferral | F12: ='Senior Citizen'!F11 -> 383684.46 | G12: ='Senior Citizen'!G11 -> 478327.52 | H12: ='Senior Citizen'!H11 -> 538518.62 | I12: ='Senior Citizen'!I11 -> 0 | J12: ='Senior Citizen'!J11 -> 0 | K12: ='Senior Citizen'!K11 -> 0 | L12: ='Senior Citizen'!L11 -> 0 | M12: ='Senior Citizen'!M11 -> 0 | ... Q12: ='Senior Citizen'!Q11 -> 0 | R12: =ROUND(SUM(F12:Q12),2) -> 1400530.6
B13: Liquor | F13: =Liquor!F13 -> 29101875 | G13: =Liquor!G13 -> 24806922 | H13: =Liquor!H13 -> 24196400 | I13: =Liquor!I13 -> 0 | J13: =Liquor!J13 -> 0 | K13: =Liquor!K13 -> 0 | L13: =Liquor!L13 -> 0 | M13: =Liquor!M13 -> 0 | ... Q13: =Liquor!Q13 -> 0 | R13: =ROUND(SUM(F13:Q13),2) -> 78105197
B14: Public Utility | F14: ='Public Utility'!F23 -> 95153316 | G14: ='Public Utility'!G23 -> 99462660 | H14: ='Public Utility'!H23 -> 1.7193436e+08 | I14: ='Public Utility'!I23 -> 0 | J14: ='Public Utility'!J23 -> 0 | K14: ='Public Utility'!K23 -> 0 | L14: ='Public Utility'!L23 -> 0 | M14: ='Public Utility'!M23 -> 0 | ... Q14: ='Public Utility'!Q23 -> 0 | R14: =ROUND(SUM(F14:Q14),2) -> 3.6655034e+08
B15: Hotel | F15: =Hotel!F11 -> 72777038 | G15: =Hotel!G11 -> 68040997 | H15: =Hotel!H11 -> 67558385 | I15: =Hotel!I11 -> 0 | J15: =Hotel!J11 -> 0 | K15: =Hotel!K11 -> 0 | L15: =Hotel!L11 -> 0 | M15: =Hotel!M11 -> 0 | ... Q15: =Hotel!Q11 -> 0 | R15: =ROUND(SUM(F15:Q15),2) -> 2.0837642e+08
B16: Real Estate Transfer | F16: ='Real Estate Transfer'!F12 -> 12215641 | G16: ='Real Estate Transfer'!G12 -> 13519014 | H16: ='Real Estate Transfer'!H12 -> 11591163 | I16: ='Real Estate Transfer'!I12 -> 0 | J16: ='Real Estate Transfer'!J12 -> 0 | K16: ='Real Estate Transfer'!K12 -> 0 | L16: ='Real Estate Transfer'!L12 -> 0 | M16: ='Real Estate Transfer'!M12 -> 0 | ... Q16: ='Real Estate Transfer'!Q12 -> 0 | R16: =ROUND(SUM(F16:Q16),2) -> 37325818
B17: Charity Gaming | F17: ='Charity Gaming'!F24 -> 1229617.3 | G17: ='Charity Gaming'!G24 -> 155992.71 | H17: ='Charity Gaming'!H24 -> 86498.54 | I17: ='Charity Gaming'!I24 -> 0 | J17: ='Charity Gaming'!J24 -> 0 | K17: ='Charity Gaming'!K24 -> 0 | L17: ='Charity Gaming'!L24 -> 0 | M17: ='Charity Gaming'!M24 -> 0 | ... Q17: ='Charity Gaming'!Q24 -> 0 | R17: =ROUND(SUM(F17:Q17),2) -> 1472108.6
B18: Private Vehicle Use | F18: ='Private Vehicle Use'!F11 -> 5717726.6 | G18: ='Private Vehicle Use'!G11 -> 8283415.2 | H18: ='Private Vehicle Use'!H11 -> 9308178.6 | I18: ='Private Vehicle Use'!I11 -> 0 | J18: ='Private Vehicle Use'!J11 -> 0 | K18: ='Private Vehicle Use'!K11 -> 0 | L18: ='Private Vehicle Use'!L11 -> 0 | M18: ='Private Vehicle Use'!M11 -> 0 | ... Q18: ='Private Vehicle Use'!Q11 -> 0 | R18: =ROUND(SUM(F18:Q18),2) -> 23309320
B19: General Office / Misc. | F19: ='General Office'!F15 -> 4151970.9 | G19: ='General Office'!G15 -> 8362544.7 | H19: ='General Office'!H15 -> 19055624 | I19: ='General Office'!I15 -> 0 | J19: ='General Office'!J15 -> 0 | K19: ='General Office'!K15 -> 0 | L19: ='General Office'!L15 -> 0 | M19: ='General Office'!M15 -> 0 | ... Q19: ='General Office'!Q15 -> 0 | R19: =ROUND(SUM(F19:Q19),2) -> 31570140
B20: Business Income | F20: ='Business Income'!F19 -> 5.2414539e+08 | G20: ='Business Income'!G19 -> 1.7345528e+08 | H20: ='Business Income'!H19 -> 2.8175942e+09 | I20: ='Business Income'!I19 -> 0 | J20: ='Business Income'!J19 -> 0 | K20: ='Business Income'!K19 -> 0 | L20: ='Business Income'!L19 -> 0 | M20: ='Business Income'!M19 -> 0 | ... Q20: ='Business Income'!Q19 -> 0 | R20: =ROUND(SUM(F20:Q20),2) -> 3.5151948e+09
B21: Individual Income | F21: ='Individual Income'!F15 -> 2.1432783e+09 | G21: ='Individual Income'!G15 -> 1.928978e+09 | H21: ='Individual Income'!H15 -> 2.6683203e+09 | I21: ='Individual Income'!I15 -> 0 | J21: ='Individual Income'!J15 -> 0 | K21: ='Individual Income'!K15 -> 0 | L21: ='Individual Income'!L15 -> 0 | M21: ='Individual Income'!M15 -> 0 | ... Q21: ='Individual Income'!Q15 -> 0 | R21: =ROUND(SUM(F21:Q21),2) -> 6.7405765e+09
B22: Automobile Renting | F22: ='Automobile Renting'!F11 -> 11476593 | G22: ='Automobile Renting'!G11 -> 12517090 | H22: ='Automobile Renting'!H11 -> 11580735 | I22: ='Automobile Renting'!I11 -> 0 | J22: ='Automobile Renting'!J11 -> 0 | K22: ='Automobile Renting'!K11 -> 0 | L22: ='Automobile Renting'!L11 -> 0 | M22: ='Automobile Renting'!M11 -> 0 | ... Q22: ='Automobile Renting'!Q11 -> 0 | R22: =ROUND(SUM(F22:Q22),2) -> 35574419
B23: Live Adult Entertainment | F23: ='Live Adult'!F11 -> 2415.14 | G23: ='Live Adult'!G11 -> 2415.14 | H23: ='Live Adult'!H11 -> 2415.14 | I23: ='Live Adult'!I11 -> 0 | J23: ='Live Adult'!J11 -> 0 | K23: ='Live Adult'!K11 -> 0 | L23: ='Live Adult'!L11 -> 0 | M23: ='Live Adult'!M11 -> 0 | ... Q23: ='Live Adult'!Q11 -> 0 | R23: =ROUND(SUM(F23:Q23),2) -> 7245.42
B24: Adult Use Cannabis | F24: =Cannabis!F12 -> 45750883 | G24: =Cannabis!G12 -> 42785290 | H24: =Cannabis!H12 -> 39188111 | I24: =Cannabis!I12 -> 0 | J24: =Cannabis!J12 -> 0 | K24: =Cannabis!K12 -> 0 | L24: =Cannabis!L12 -> 0 | M24: =Cannabis!M12 -> 0 | ... Q24: =Cannabis!Q12 -> 0 | R24: =ROUND(SUM(F24:Q24),2) -> 1.2772428e+08
F25: =ROUND(SUM(F9:F24),2) -> 5.4809341e+09 | G25: =ROUND(SUM(G9:G24),2) -> 4.8480809e+09 | H25: =ROUND(SUM(H9:H24),2) -> 8.3097389e+09 | I25: =ROUND(SUM(I9:I24),2) -> 0 | J25: =ROUND(SUM(J9:J24),2) -> 0 | K25: =ROUND(SUM(K9:K24),2) -> 0 | L25: =ROUND(SUM(L9:L24),2) -> 0 | M25: =ROUND(SUM(M9:M24),2) -> 0 | ... R25: =ROUND(SUM(R9:R24),2) -> 1.8638754e+10
A27: Collections deposited into State
B28: Treasury and in-transit to State
B29: Comptroller at month end:
C30: Current month | F30: =ROUND('Sales and Use'!F37+'Motor Fuel'!F22+Cigarette!F21+'Senior Citizen'!F16+Liquor!F18+'Public Utility'!F28+Hotel!F16+'Real Estate Transfer'!F17+'Charity Gaming'!F29+'Private Vehicle Use'!F16+'General Office'!F20+'Business Income'!F24+'Individual Income'!F20+'Automobile Renting'!F16+'Live Adult'!F16+Cannabis!F17,2) -> 6.1477661e+08 | G30: =ROUND('Sales and Use'!G37+'Motor Fuel'!G22+Cigarette!G21+'Senior Citizen'!G16+Liquor!G18+'Public Utility'!G28+Hotel!G16+'Real Estate Transfer'!G17+'Charity Gaming'!G29+'Private Vehicle Use'!G16+'General Office'!G20+'Business Income'!G24+'Individual Income'!G20+'Automobile Renting'!G16+'Live Adult'!G16+Cannabis!G17,2) -> 5.4598695e+08 | H30: =ROUND('Sales and Use'!H37+'Motor Fuel'!H22+Cigarette!H21+'Senior Citizen'!H16+Liquor!H18+'Public Utility'!H28+Hotel!H16+'Real Estate Transfer'!H17+'Charity Gaming'!H29+'Private Vehicle Use'!H16+'General Office'!H20+'Business Income'!H24+'Individual Income'!H20+'Automobile Renting'!H16+'Live Adult'!H16+Cannabis!H17,2) -> 6.3683439e+08 | I30: =ROUND('Sales and Use'!I37+'Motor Fuel'!I22+Cigarette!I21+'Senior Citizen'!I16+Liquor!I18+'Public Utility'!I28+Hotel!I16+'Real Estate Transfer'!I17+'Charity Gaming'!I29+'Private Vehicle Use'!I16+'General Office'!I20+'Business Income'!I24+'Individual Income'!I20+'Automobile Renting'!I16+'Live Adult'!I16+Cannabis!I17,2) -> 0 | J30: =ROUND('Sales and Use'!J37+'Motor Fuel'!J22+Cigarette!J21+'Senior Citizen'!J16+Liquor!J18+'Public Utility'!J28+Hotel!J16+'Real Estate Transfer'!J17+'Charity Gaming'!J29+'Private Vehicle Use'!J16+'General Office'!J20+'Business Income'!J24+'Individual Income'!J20+'Automobile Renting'!J16+'Live Adult'!J16+Cannabis!J17,2) -> 0 | K30: =ROUND('Sales and Use'!K37+'Motor Fuel'!K22+Cigarette!K21+'Senior Citizen'!K16+Liquor!K18+'Public Utility'!K28+Hotel!K16+'Real Estate Transfer'!K17+'Charity Gaming'!K29+'Private Vehicle Use'!K16+'General Office'!K20+'Business Income'!K24+'Individual Income'!K20+'Automobile Renting'!K16+'Live Adult'!K16+Cannabis!K17,2) -> 0 | L30: =ROUND('Sales and Use'!L37+'Motor Fuel'!L22+Cigarette!L21+'Senior Citizen'!L16+Liquor!L18+'Public Utility'!L28+Hotel!L16+'Real Estate Transfer'!L17+'Charity Gaming'!L29+'Private Vehicle Use'!L16+'General Office'!L20+'Business Income'!L24+'Individual Income'!L20+'Automobile Renting'!L16+'Live Adult'!L16+Cannabis!L17,2) -> 0 | M30: =ROUND('Sales and Use'!M37+'Motor Fuel'!M22+Cigarette!M21+'Senior Citizen'!M16+Liquor!M18+'Public Utility'!M28+Hotel!M16+'Real Estate Transfer'!M17+'Charity Gaming'!M29+'Private Vehicle Use'!M16+'General Office'!M20+'Business Income'!M24+'Individual Income'!M20+'Automobile Renting'!M16+'Live Adult'!M16+Cannabis!M17,2) -> 0 | ... Q30: =ROUND('Sales and Use'!Q37+'Motor Fuel'!Q22+Cigarette!Q21+'Senior Citizen'!Q16+Liquor!Q18+'Public Utility'!Q28+Hotel!Q16+'Real Estate Transfer'!Q17+'Charity Gaming'!Q29+'Private Vehicle Use'!Q16+'General Office'!Q20+'Business Income'!Q24+'Individual Income'!Q20+'Automobile Renting'!Q16+'Live Adult'!Q16+Cannabis!Q17,2) -> 0 | R30: =IF(ISNA(LOOKUP(2,1/(F6:Q6<>""),F30:Q30)),0,LOOKUP(2,1/(F6:Q6<>""),F30:Q30)) -> 6.3683439e+08
C31: Prior month | F31: =ROUND('Sales and Use'!F38+'Motor Fuel'!F23+Cigarette!F22+'Senior Citizen'!F17+Liquor!F19+'Public Utility'!F29+Hotel!F17+'Real Estate Transfer'!F18+'Charity Gaming'!F30+'Private Vehicle Use'!F17+'General Office'!F21+'Business Income'!F25+'Individual Income'!F21+'Automobile Renting'!F17+'Live Adult'!F17+Cannabis!F18,2) -> 5.3045991e+08 | G31: =IF(G6="",0,F30) -> 6.1477661e+08 | H31: =IF(H6="",0,G30) -> 5.4598695e+08 | I31: =IF(I6="",0,H30) -> 0 | J31: =IF(J6="",0,I30) -> 0 | K31: =IF(K6="",0,J30) -> 0 | L31: =IF(L6="",0,K30) -> 0 | M31: =IF(M6="",0,L30) -> 0 | N31: =IF(N6="",0,M30) -> 0 | ... Q31: =IF(Q6="",0,P30) -> 0 | R31: =F31 -> 5.3045991e+08
C32: Net change | F32: =ROUND(F30-F31,2) -> 84316697 | G32: =ROUND(G30-G31,2) -> -68789661 | H32: =ROUND(H30-H31,2) -> 90847444 | I32: =ROUND(I30-I31,2) -> 0 | J32: =ROUND(J30-J31,2) -> 0 | K32: =ROUND(K30-K31,2) -> 0 | L32: =ROUND(L30-L31,2) -> 0 | M32: =ROUND(M30-M31,2) -> 0 | ... R32: =ROUND(R30-R31,2) -> 1.0637448e+08
A34: Comptroller fund receipts:
B35: Sales and Use | F35: ='Sales and Use'!F94 -> 2.219454e+09 | G35: ='Sales and Use'!G94 -> 2.1248046e+09 | H35: ='Sales and Use'!H94 -> 2.1654174e+09 | I35: ='Sales and Use'!I94 -> 0 | J35: ='Sales and Use'!J94 -> 0 | K35: ='Sales and Use'!K94 -> 0 | L35: ='Sales and Use'!L94 -> 0 | M35: ='Sales and Use'!M94 -> 0 | ... Q35: ='Sales and Use'!Q94 -> 0 | R35: =ROUND(SUM(F35:Q35),2) -> 6.5096761e+09
B36: Motor Fuel | F36: ='Motor Fuel'!F36 -> 2.4889473e+08 | G36: ='Motor Fuel'!G36 -> 2.6550597e+08 | H36: ='Motor Fuel'!H36 -> 2.5822436e+08 | I36: ='Motor Fuel'!I36 -> 0 | J36: ='Motor Fuel'!J36 -> 0 | K36: ='Motor Fuel'!K36 -> 0 | L36: ='Motor Fuel'!L36 -> 0 | M36: ='Motor Fuel'!M36 -> 0 | ... Q36: ='Motor Fuel'!Q36 -> 0 | R36: =ROUND(SUM(F36:Q36),2) -> 7.7262505e+08
B37: Cigarette | F37: =Cigarette!F39 -> 74244778 | G37: =Cigarette!G39 -> 63416422 | H37: =Cigarette!H39 -> 59435251 | I37: =Cigarette!I39 -> 0 | J37: =Cigarette!J39 -> 0 | K37: =Cigarette!K39 -> 0 | L37: =Cigarette!L39 -> 0 | M37: =Cigarette!M39 -> 0 | ... Q37: =Cigarette!Q39 -> 0 | R37: =ROUND(SUM(F37:Q37),2) -> 1.9709645e+08
B38: Senior Citizen Deferral | F38: ='Senior Citizen'!F23 -> 445858.38 | G38: ='Senior Citizen'!G23 -> 452370.59 | H38: ='Senior Citizen'!H23 -> 437198.65 | I38: ='Senior Citizen'!I23 -> 0 | J38: ='Senior Citizen'!J23 -> 0 | K38: ='Senior Citizen'!K23 -> 0 | L38: ='Senior Citizen'!L23 -> 0 | M38: ='Senior Citizen'!M23 -> 0 | ... Q38: ='Senior Citizen'!Q23 -> 0 | R38: =ROUND(SUM(F38:Q38),2) -> 1335427.6
B39: Liquor | F39: =Liquor!F26 -> 29077437 | G39: =Liquor!G26 -> 24804002 | H39: =Liquor!H26 -> 24241400 | I39: =Liquor!I26 -> 0 | J39: =Liquor!J26 -> 0 | K39: =Liquor!K26 -> 0 | L39: =Liquor!L26 -> 0 | M39: =Liquor!M26 -> 0 | ... Q39: =Liquor!Q26 -> 0 | R39: =ROUND(SUM(F39:Q39),2) -> 78122839
B40: Public Utility | F40: ='Public Utility'!F52 -> 95541886 | G40: ='Public Utility'!G52 -> 99937376 | H40: ='Public Utility'!H52 -> 1.7259876e+08 | I40: ='Public Utility'!I52 -> 0 | J40: ='Public Utility'!J52 -> 0 | K40: ='Public Utility'!K52 -> 0 | L40: ='Public Utility'!L52 -> 0 | M40: ='Public Utility'!M52 -> 0 | ... Q40: ='Public Utility'!Q52 -> 0 | R40: =ROUND(SUM(F40:Q40),2) -> 3.6807802e+08
B41: Hotel | F41: =Hotel!F34 -> 78986418 | G41: =Hotel!G34 -> 65754458 | H41: =Hotel!H34 -> 71917703 | I41: =Hotel!I34 -> 0 | J41: =Hotel!J34 -> 0 | K41: =Hotel!K34 -> 0 | L41: =Hotel!L34 -> 0 | M41: =Hotel!M34 -> 0 | ... Q41: =Hotel!Q34 -> 0 | R41: =ROUND(SUM(F41:Q41),2) -> 2.1665858e+08
B42: Real Estate Transfer | F42: ='Real Estate Transfer'!F28 -> 12214377 | G42: ='Real Estate Transfer'!G28 -> 13522438 | H42: ='Real Estate Transfer'!H28 -> 11534844 | I42: ='Real Estate Transfer'!I28 -> 0 | J42: ='Real Estate Transfer'!J28 -> 0 | K42: ='Real Estate Transfer'!K28 -> 0 | L42: ='Real Estate Transfer'!L28 -> 0 | M42: ='Real Estate Transfer'!M28 -> 0 | ... Q42: ='Real Estate Transfer'!Q28 -> 0 | R42: =ROUND(SUM(F42:Q42),2) -> 37271658
B43: Charity Gaming | F43: ='Charity Gaming'!F45 -> 1024445.8 | G43: ='Charity Gaming'!G45 -> 406771.93 | H43: ='Charity Gaming'!H45 -> 110365.26 | I43: ='Charity Gaming'!I45 -> 0 | J43: ='Charity Gaming'!J45 -> 0 | K43: ='Charity Gaming'!K45 -> 0 | L43: ='Charity Gaming'!L45 -> 0 | M43: ='Charity Gaming'!M45 -> 0 | ... Q43: ='Charity Gaming'!Q45 -> 0 | R43: =ROUND(SUM(F43:Q43),2) -> 1541583
B44: Private Vehicle Use | F44: ='Private Vehicle Use'!F26 -> 4905552.1 | G44: ='Private Vehicle Use'!G26 -> 6848664.2 | H44: ='Private Vehicle Use'!H26 -> 10197930 | I44: ='Private Vehicle Use'!I26 -> 0 | J44: ='Private Vehicle Use'!J26 -> 0 | K44: ='Private Vehicle Use'!K26 -> 0 | L44: ='Private Vehicle Use'!L26 -> 0 | M44: ='Private Vehicle Use'!M26 -> 0 | ... Q44: ='Private Vehicle Use'!Q26 -> 0 | R44: =ROUND(SUM(F44:Q44),2) -> 21952146
B45: General Office / Misc. | F45: ='General Office'!F40 -> 4157153.3 | G45: ='General Office'!G40 -> 8344734.1 | H45: ='General Office'!H40 -> 19060868 | I45: ='General Office'!I40 -> 0 | J45: ='General Office'!J40 -> 0 | K45: ='General Office'!K40 -> 0 | L45: ='General Office'!L40 -> 0 | M45: ='General Office'!M40 -> 0 | ... Q45: ='General Office'!Q40 -> 0 | R45: =ROUND(SUM(F45:Q45),2) -> 31562755
B46: Business Income | F46: ='Business Income'!F62 -> 5.7415799e+08 | G46: ='Business Income'!G62 -> 1.6035581e+08 | H46: ='Business Income'!H62 -> 2.7465936e+09 | I46: ='Business Income'!I62 -> 0 | J46: ='Business Income'!J62 -> 0 | K46: ='Business Income'!K62 -> 0 | L46: ='Business Income'!L62 -> 0 | M46: ='Business Income'!M62 -> 0 | ... Q46: ='Business Income'!Q62 -> 0 | R46: =ROUND(SUM(F46:Q46),2) -> 3.4811074e+09
B47: Individual Income | F47: ='Individual Income'!F43 -> 1.9976189e+09 | G47: ='Individual Income'!G43 -> 2.0276743e+09 | H47: ='Individual Income'!H43 -> 2.6282712e+09 | I47: ='Individual Income'!I43 -> 0 | J47: ='Individual Income'!J43 -> 0 | K47: ='Individual Income'!K43 -> 0 | L47: ='Individual Income'!L43 -> 0 | M47: ='Individual Income'!M43 -> 0 | ... Q47: ='Individual Income'!Q43 -> 0 | R47: =ROUND(SUM(F47:Q47),2) -> 6.6535644e+09
B48: Automobile Renting | F48: ='Automobile Renting'!F27 -> 11473327 | G48: ='Automobile Renting'!G27 -> 12518524 | H48: ='Automobile Renting'!H27 -> 11577150 | I48: ='Automobile Renting'!I27 -> 0 | J48: ='Automobile Renting'!J27 -> 0 | K48: ='Automobile Renting'!K27 -> 0 | L48: ='Automobile Renting'!L27 -> 0 | M48: ='Automobile Renting'!M27 -> 0 | ... Q48: ='Automobile Renting'!Q27 -> 0 | R48: =ROUND(SUM(F48:Q48),2) -> 35569002
B49: Live Adult Entertainment | F49: ='Live Adult'!F24 -> 2415.14 | G49: ='Live Adult'!G24 -> 2415.14 | H49: ='Live Adult'!H24 -> 2415.14 | I49: ='Live Adult'!I24 -> 0 | J49: ='Live Adult'!J24 -> 0 | K49: ='Live Adult'!K24 -> 0 | L49: ='Live Adult'!L24 -> 0 | M49: ='Live Adult'!M24 -> 0 | ... Q49: ='Live Adult'!Q24 -> 0 | R49: =ROUND(SUM(F49:Q49),2) -> 7245.42
B50: Adult Use Cannabis | F50: =Cannabis!F42 -> 44418201 | G50: =Cannabis!G42 -> 42521629 | H50: =Cannabis!H42 -> 39271029 | I50: =Cannabis!I42 -> 0 | J50: =Cannabis!J42 -> 0 | K50: =Cannabis!K42 -> 0 | L50: =Cannabis!L42 -> 0 | M50: =Cannabis!M42 -> 0 | ... Q50: =Cannabis!Q42 -> 0 | R50: =ROUND(SUM(F50:Q50),2) -> 1.2621086e+08
F51: =ROUND(SUM(F35:F50),2) -> 5.3966174e+09 | G51: =ROUND(SUM(G35:G50),2) -> 4.9168705e+09 | H51: =ROUND(SUM(H35:H50),2) -> 8.2188915e+09 | I51: =ROUND(SUM(I35:I50),2) -> 0 | J51: =ROUND(SUM(J35:J50),2) -> 0 | K51: =ROUND(SUM(K35:K50),2) -> 0 | L51: =ROUND(SUM(L35:L50),2) -> 0 | M51: =ROUND(SUM(M35:M50),2) -> 0 | ... R51: =ROUND(SUM(R35:R50),2) -> 1.8532379e+10
A54: Collections reconciled to receipts | F54: =ROUND(F25-F32-F51,2) -> 0 | G54: =ROUND(G25-G32-G51,2) -> 0 | H54: =ROUND(H25-H32-H51,2) -> 0 | I54: =ROUND(I25-I32-I51,2) -> 0 | J54: =ROUND(J25-J32-J51,2) -> 0 | K54: =ROUND(K25-K32-K51,2) -> 0 | L54: =ROUND(L25-L32-L51,2) -> 0 | M54: =ROUND(M25-M32-M51,2) -> 0 | ... R54: =ROUND(R25-R32-R51,2) -> 0
A57: Additional Information:
A58: Taxpayers remit their payments to the Department using prescribed payment vouchers. The monies collected are deposited into bank accounts held in the custody of the State Treasurer’s Office. The amounts showing in the “Collections by voucher type” section above reflect the payments received from taxpayers. The monies collected are then receipted into State funds maintained by the State Comptroller’s Office. The fund receipts are reflected in the section titled “Comptroller fund receipts.” Additional information regarding fund receipts can be found on the Comptroller’s website at https://illinoiscomptroller.gov/. The allocation of specific monies to specific funds is governed by various tax acts. The line “Collections reconciled to receipts” demonstrates that all money collected by the Department from taxpayers is ultimately receipted into State funds. Variances between collections and receipts are due to timing differences related to changes in the amount of deposits in-transit to the State Comptroller at month end. This information is provided in the section titled “Collections deposited into State Treasury and in-transit to State Comptroller at month end.” Information regarding the taxes imposed, rates, form/filing requirements, payment requirements, and statutory authority can be found in the Tax Information section of the Department’s website at https://tax.illinois.gov/research/taxinformation.html.

Sheet Sales and Use
A1: ILLINOIS DEPARTMENT OF REVENUE | R1: =Summary!$R$1 -> IDORRPT1
A2: COLLECTIONS REMITTED TO THE STATE COMPTROLLER | R2: =Summary!$R$2 -> Printed by the authority of the State of Illinois - web only, 1, 10/2026
A3: =IF(ISBLANK(Summary!A3),"",Summary!A3) -> FISCAL YEAR 2027 | R3: =Summary!$R$3 -> https://tax.illinois.gov/research/taxstats.html
F5: SALES AND USE
F6: =IF(ISBLANK(Summary!F6),"",Summary!F6) -> 46234 | G6: =IF(ISBLANK(Summary!G6),"",Summary!G6) -> 46265 | H6: =IF(ISBLANK(Summary!H6),"",Summary!H6) -> 46295 | I6: =IF(ISBLANK(Summary!I6),"",Summary!I6) | J6: =IF(ISBLANK(Summary!J6),"",Summary!J6) | K6: =IF(ISBLANK(Summary!K6),"",Summary!K6) | L6: =IF(ISBLANK(Summary!L6),"",Summary!L6) | M6: =IF(ISBLANK(Summary!M6),"",Summary!M6) | ... Q6: =IF(ISBLANK(Summary!Q6),"",Summary!Q6) | R6: Total
A8: Collections by voucher type:
B9: Assessments | F9: 32064309 | G9: 44835449 | H9: 28112820 | I9: 0 | J9: 0 | K9: 0 | L9: 0 | M9: 0 | N9: 0 | O9: 0 | P9: 0 | Q9: 0 | R9: =ROUND(SUM(F9:Q9),2) -> 1.0501258e+08
B10: CMFT-1 County Motor Fuel Tax | F10: 7780181.8 | G10: 8775982.5 | H10: 8720517.9 | I10: 0 | J10: 0 | K10: 0 | L10: 0 | M10: 0 | N10: 0 | O10: 0 | P10: 0 | Q10: 0 | R10: =ROUND(SUM(F10:Q10),2) -> 25276682
B11: DS-1 Dry-Cleaning Tax | F11: 17579.24 | G11: 150 | H11: 0 | I11: 0 | J11: 0 | K11: 0 | L11: 0 | M11: 0 | N11: 0 | O11: 0 | P11: 0 | Q11: 0 | R11: =ROUND(SUM(F11:Q11),2) -> 17729.24
B12: DS-3 Dry-Cleaning Fee | F12: 4500 | G12: 2250 | H12: 0 | I12: 0 | J12: 0 | K12: 0 | L12: 0 | M12: 0 | N12: 0 | O12: 0 | P12: 0 | Q12: 0 | R12: =ROUND(SUM(F12:Q12),2) -> 6750
B13: LSE-1 Vehicle Leasing Tax | F13: 63871.76 | G13: 127012 | H13: 71476.44 | I13: 0 | J13: 0 | K13: 0 | L13: 0 | M13: 0 | N13: 0 | O13: 0 | P13: 0 | Q13: 0 | R13: =ROUND(SUM(F13:Q13),2) -> 262360.2
B14: MC-1 Medical Cannabis Tax | F14: 887462.65 | G14: 970651.68 | H14: 832849.93 | I14: 0 | J14: 0 | K14: 0 | L14: 0 | M14: 0 | N14: 0 | O14: 0 | P14: 0 | Q14: 0 | R14: =ROUND(SUM(F14:Q14),2) -> 2690964.3
B15: MMFT-1 Municipal Motor Fuel Tax | F15: 601052.66 | G15: 636687.35 | H15: 638462.12 | I15: 0 | J15: 0 | K15: 0 | L15: 0 | M15: 0 | N15: 0 | O15: 0 | P15: 0 | Q15: 0 | R15: =ROUND(SUM(F15:Q15),2) -> 1876202.1
B16: PE-100 Parking Excise Tax | F16: 4434131.3 | G16: 4588997 | H16: 5125812.1 | I16: 0 | J16: 0 | K16: 0 | L16: 0 | M16: 0 | N16: 0 | O16: 0 | P16: 0 | Q16: 0 | R16: =ROUND(SUM(F16:Q16),2) -> 14148940
B17: PST-1 Prepaid Sales Tax | F17: 5776001.7 | G17: 5518739.7 | H17: 6692526.4 | I17: 0 | J17: 0 | K17: 0 | L17: 0 | M17: 0 | N17: 0 | O17: 0 | P17: 0 | Q17: 0 | R17: =ROUND(SUM(F17:Q17),2) -> 17987268
B18: PST-3 Prepaid Sales Tax | F18: 24673957 | G18: 27948792 | H18: 24759310 | I18: 0 | J18: 0 | K18: 0 | L18: 0 | M18: 0 | N18: 0 | O18: 0 | P18: 0 | Q18: 0 | R18: =ROUND(SUM(F18:Q18),2) -> 77382060
B19: RR-3 Sales and Use Quarter Monthly Tax | F19: 8.402445e+08 | G19: 841112840 | H19: 8.356812e+08 | I19: 0 | J19: 0 | K19: 0 | L19: 0 | M19: 0 | N19: 0 | O19: 0 | P19: 0 | Q19: 0 | R19: =ROUND(SUM(F19:Q19),2) -> 2.5170385e+09
B20: RUT-25 Vehicle Use Tax | F20: 27619288 | G20: 20769582 | H20: 21307564 | I20: 0 | J20: 0 | K20: 0 | L20: 0 | M20: 0 | N20: 0 | O20: 0 | P20: 0 | Q20: 0 | R20: =ROUND(SUM(F20:Q20),2) -> 69696433
... B31: ST-8 Tire User Fee | F31: 4205127.2 | G31: 59649.5 | H31: 27252.62 | I31: 0 | J31: 0 | K31: 0 | L31: 0 | M31: 0 | N31: 0 | O31: 0 | P31: 0 | Q31: 0 | R31: =ROUND(SUM(F31:Q31),2) -> 4292029.4
F32: =ROUND(SUM(F9:F31),2) -> 2.2091311e+09 | G32: =ROUND(SUM(G9:G31),2) -> 2.1469622e+09 | H32: =ROUND(SUM(H9:H31),2) -> 2.1420021e+09 | I32: =ROUND(SUM(I9:I31),2) -> 0 | J32: =ROUND(SUM(J9:J31),2) -> 0 | K32: =ROUND(SUM(K9:K31),2) -> 0 | L32: =ROUND(SUM(L9:L31),2) -> 0 | M32: =ROUND(SUM(M9:M31),2) -> 0 | ... R32: =ROUND(SUM(R9:R31),2) -> 6.4980955e+09
A34: Collections deposited into State
B35: Treasury and in-transit to State
B36: Comptroller at month end:
C37: Current month | F37: 2.0327e+08 | G37: 2.2542758e+08 | H37: 2.0201228e+08 | I37: 0 | J37: 0 | K37: 0 | L37: 0 | M37: 0 | N37: 0 | O37: 0 | P37: 0 | Q37: 0 | R37: {=IF(ISNA(LOOKUP(2,1/(F6:Q6<>""),F37:Q37)),0,LOOKUP(2,1/(F6:Q6<>""),F37:Q37))} -> 2.0201228e+08
C38: Prior month | F38: 2.1359285e+08 | G38: =IF(G6="",0,F37) -> 2.0327e+08 | H38: =IF(H6="",0,G37) -> 2.2542758e+08 | I38: =IF(I6="",0,H37) -> 0 | J38: =IF(J6="",0,I37) -> 0 | K38: =IF(K6="",0,J37) -> 0 | L38: =IF(L6="",0,K37) -> 0 | M38: =IF(M6="",0,L37) -> 0 | N38: =IF(N6="",0,M37) -> 0 | ... Q38: =IF(Q6="",0,P37) -> 0 | R38: =F38 -> 2.1359285e+08
C39: Net change | F39: =ROUND(F37-F38,2) -> -10322849 | G39: =ROUND(G37-G38,2) -> 22157587 | H39: =ROUND(H37-H38,2) -> -23415300 | I39: =ROUND(I37-I38,2) -> 0 | J39: =ROUND(J37-J38,2) -> 0 | K39: =ROUND(K37-K38,2) -> 0 | L39: =ROUND(L37-L38,2) -> 0 | M39: =ROUND(M37-M38,2) -> 0 | ... R39: =ROUND(R37-R38,2) -> -11580562
A41: Comptroller fund receipts:
C42: Rev Src | D42: Fund
C43: 0071 | D43: 0190 | F43: 7655941.8 | G43: 8677607.2 | H43: 8588665.1 | I43: 0 | J43: 0 | K43: 0 | L43: 0 | M43: 0 | N43: 0 | O43: 0 | P43: 0 | Q43: 0 | R43: =ROUND(SUM(F43:Q43),2) -> 24922214
C44: 0313 | D44: 0841 | F44: 6603152.8 | G44: 6138428.9 | H44: 6077959.3 | I44: 0 | J44: 0 | K44: 0 | L44: 0 | M44: 0 | N44: 0 | O44: 0 | P44: 0 | Q44: 0 | R44: =ROUND(SUM(F44:Q44),2) -> 18819541
C45: 0410 | D45: 0812 | F45: 1.959222e+08 | G45: 1.9778084e+08 | H45: 1.9168171e+08 | I45: 0 | J45: 0 | K45: 0 | L45: 0 | M45: 0 | N45: 0 | O45: 0 | P45: 0 | Q45: 0 | R45: =ROUND(SUM(F45:Q45),2) -> 5.8538474e+08
C46: 0474 | D46: 0138 | F46: 1.7894815e+08 | G46: 1.7580363e+08 | H46: 1.8413981e+08 | I46: 0 | J46: 0 | K46: 0 | L46: 0 | M46: 0 | N46: 0 | O46: 0 | P46: 0 | Q46: 0 | R46: =ROUND(SUM(F46:Q46),2) -> 5.3889159e+08
C47: 0475 | D47: 0337 | F47: 7313836 | G47: 6787330.9 | H47: 6648491.9 | I47: 0 | J47: 0 | K47: 0 | L47: 0 | M47: 0 | N47: 0 | O47: 0 | P47: 0 | Q47: 0 | R47: =ROUND(SUM(F47:Q47),2) -> 20749659
C48: 0476 | D48: 0139 | F48: 1.3053539e+08 | G48: 1.0978386e+08 | H48: 1.3878564e+08 | I48: 0 | J48: 0 | K48: 0 | L48: 0 | M48: 0 | N48: 0 | O48: 0 | P48: 0 | Q48: 0 | R48: =ROUND(SUM(F48:Q48),2) -> 3.7910489e+08
C49: 0477 | D49: 0088 | F49: 32885565 | G49: 32602942 | H49: 33445748 | I49: 0 | J49: 0 | K49: 0 | L49: 0 | M49: 0 | N49: 0 | O49: 0 | P49: 0 | Q49: 0 | R49: =ROUND(SUM(F49:Q49),2) -> 98934256
C50: 0481 | D50: 0001 | F50: 7.8774971e+08 | G50: 7.4728521e+08 | H50: 7.2779906e+08 | I50: 0 | J50: 0 | K50: 0 | L50: 0 | M50: 0 | N50: 0 | O50: 0 | P50: 0 | Q50: 0 | R50: =ROUND(SUM(F50:Q50),2) -> 2.262834e+09
C51: 0481 | D51: 0011 | F51: 0 | G51: 0 | H51: 0 | I51: 0 | J51: 0 | K51: 0 | L51: 0 | M51: 0 | N51: 0 | O51: 0 | P51: 0 | Q51: 0 | R51: =ROUND(SUM(F51:Q51),2) -> 0
C52: 0481 | D52: 0152 | F52: 500000 | G52: 500000 | H52: 500000 | I52: 0 | J52: 0 | K52: 0 | L52: 0 | M52: 0 | N52: 0 | O52: 0 | P52: 0 | Q52: 0 | R52: =ROUND(SUM(F52:Q52),2) -> 1500000
C53: 0481 | D53: 0186 | F53: 13110030 | G53: 8360489.3 | H53: 3473762.3 | I53: 0 | J53: 0 | K53: 0 | L53: 0 | M53: 0 | N53: 0 | O53: 0 | P53: 0 | Q53: 0 | R53: =ROUND(SUM(F53:Q53),2) -> 24944282
C54: 0481 | D54: 0188 | F54: 58002102 | G54: 56939625 | H54: 58697714 | I54: 0 | J54: 0 | K54: 0 | L54: 0 | M54: 0 | N54: 0 | O54: 0 | P54: 0 | Q54: 0 | R54: =ROUND(SUM(F54:Q54),2) -> 1.7363944e+08
... C93: 2809 | D93: 0518 | F93: 20913523 | G93: 21880457 | H93: 21648940 | I93: 0 | J93: 0 | K93: 0 | L93: 0 | M93: 0 | N93: 0 | O93: 0 | P93: 0 | Q93: 0 | R93: =ROUND(SUM(F93:Q93),2) -> 64442920
F94: =ROUND(SUM(F43:F93),2) -> 2.219454e+09 | G94: =ROUND(SUM(G43:G93),2) -> 2.1248046e+09 | H94: =ROUND(SUM(H43:H93),2) -> 2.1654174e+09 | I94: =ROUND(SUM(I43:I93),2) -> 0 | J94: =ROUND(SUM(J43:J93),2) -> 0 | K94: =ROUND(SUM(K43:K93),2) -> 0 | L94: =ROUND(SUM(L43:L93),2) -> 0 | M94: =ROUND(SUM(M43:M93),2) -> 0 | ... R94: =ROUND(SUM(R43:R93),2) -> 6.5096761e+09
A97: Collections reconciled to receipts | F97: =ROUND(F32-F39-F94,2) -> 0 | G97: =ROUND(G32-G39-G94,2) -> 0 | H97: =ROUND(H32-H39-H94,2) -> 0 | I97: =ROUND(I32-I39-I94,2) -> 0 | J97: =ROUND(J32-J39-J94,2) -> 0 | K97: =ROUND(K32-K39-K94,2) -> 0 | L97: =ROUND(L32-L39-L94,2) -> 0 | M97: =ROUND(M32-M39-M94,2) -> 0 | ... R97: =ROUND(R32-R39-R94,2) -> 0
A100: Additional Information:
A101: Taxpayers remit their payments to the Department using prescribed payment vouchers. The monies collected are deposited into bank accounts held in the custody of the State Treasurer’s Office. The amounts showing in the “Collections by voucher type” section above reflect the payments received from taxpayers. The monies collected are then receipted into State funds maintained by the State Comptroller’s Office. The fund receipts are reflected in the section titled “Comptroller fund receipts.” Additional information regarding fund receipts can be found on the Comptroller’s website at https://illinoiscomptroller.gov/. The allocation of specific monies to specific funds is governed by various tax acts. The line “Collections reconciled to receipts” demonstrates that all money collected by the Department from taxpayers is ultimately receipted into State funds. Variances between collections and receipts are due to timing differences related to changes in the amount of deposits in-transit to the State Comptroller at month end. This information is provided in the section titled “Collections deposited into State Treasury and in-transit to State Comptroller at month end.” Information regarding the taxes imposed, rates, form/filing requirements, payment requirements, and statutory authority can be found in the Tax Information section of the Department’s website at https://tax.illinois.gov/research/taxinformation.html.

Sheet Motor Fuel
A1: ILLINOIS DEPARTMENT OF REVENUE | R1: =Summary!$R$1 -> IDORRPT1
A2: COLLECTIONS REMITTED TO THE STATE COMPTROLLER | R2: =Summary!$R$2 -> Printed by the authority of the State of Illinois - web only, 1, 10/2026
A3: =IF(ISBLANK(Summary!A3),"",Summary!A3) -> FISCAL YEAR 2027 | R3: =Summary!$R$3 -> https://tax.illinois.gov/research/taxstats.html
F5: MOTOR FUEL
F6: =IF(ISBLANK(Summary!F6),"",Summary!F6) -> 46234 | G6: =IF(ISBLANK(Summary!G6),"",Summary!G6) -> 46265 | H6: =IF(ISBLANK(Summary!H6),"",Summary!H6) -> 46295 | I6: =IF(ISBLANK(Summary!I6),"",Summary!I6) | J6: =IF(ISBLANK(Summary!J6),"",Summary!J6) | K6: =IF(ISBLANK(Summary!K6),"",Summary!K6) | L6: =IF(ISBLANK(Summary!L6),"",Summary!L6) | M6: =IF(ISBLANK(Summary!M6),"",Summary!M6) | ... Q6: =IF(ISBLANK(Summary!Q6),"",Summary!Q6) | R6: Total
A8: Collections by voucher type:
B9: Assessments | F9: 456794.38 | G9: 776735.09 | H9: 127274.4 | I9: 0 | J9: 0 | K9: 0 | L9: 0 | M9: 0 | N9: 0 | O9: 0 | P9: 0 | Q9: 0 | R9: =ROUND(SUM(F9:Q9),2) -> 1360803.9
B10: IFTA Application | F10: 43092.21 | G10: 29629.29 | H10: 28071.44 | I10: 0 | J10: 0 | K10: 0 | L10: 0 | M10: 0 | N10: 0 | O10: 0 | P10: 0 | Q10: 0 | R10: =ROUND(SUM(F10:Q10),2) -> 100792.94
B11: IFTA Return | F11: 10229605 | G11: 7565078.5 | H11: 385185.59 | I11: 0 | J11: 0 | K11: 0 | L11: 0 | M11: 0 | N11: 0 | O11: 0 | P11: 0 | Q11: 0 | R11: =ROUND(SUM(F11:Q11),2) -> 18179869
B12: IFTA Transmittals | F12: 350104.94 | G12: 695237.77 | H12: 9753163.2 | I12: 0 | J12: 0 | K12: 0 | L12: 0 | M12: 0 | N12: 0 | O12: 0 | P12: 0 | Q12: 0 | R12: =ROUND(SUM(F12:Q12),2) -> 10798506
B13: RMFT-144 Alt Fuels Tax | F13: 569267.32 | G13: 551892.88 | H13: 536181.64 | I13: 0 | J13: 0 | K13: 0 | L13: 0 | M13: 0 | N13: 0 | O13: 0 | P13: 0 | Q13: 0 | R13: =ROUND(SUM(F13:Q13),2) -> 1657341.8
B14: RMFT-5 Motor Fuel Tax | F14: 2.3694849e+08 | G14: 2.4523868e+08 | H14: 2.4130966e+08 | I14: 0 | J14: 0 | K14: 0 | L14: 0 | M14: 0 | N14: 0 | O14: 0 | P14: 0 | Q14: 0 | R14: =ROUND(SUM(F14:Q14),2) -> 7.2349682e+08
B15: RMFT-5-US UST Tax | F15: 5489053.8 | G15: 5729059.1 | H15: 5636830 | I15: 0 | J15: 0 | K15: 0 | L15: 0 | M15: 0 | N15: 0 | O15: 0 | P15: 0 | Q15: 0 | R15: =ROUND(SUM(F15:Q15),2) -> 16854943
B16: Single Trip Permit | F16: 22600 | G16: 21120 | H16: 24360 | I16: 0 | J16: 0 | K16: 0 | L16: 0 | M16: 0 | N16: 0 | O16: 0 | P16: 0 | Q16: 0 | R16: =ROUND(SUM(F16:Q16),2) -> 68080
F17: =ROUND(SUM(F9:F16),2) -> 2.54109e+08 | G17: =ROUND(SUM(G9:G16),2) -> 2.6060743e+08 | H17: =ROUND(SUM(H9:H16),2) -> 2.5780072e+08 | I17: =ROUND(SUM(I9:I16),2) -> 0 | J17: =ROUND(SUM(J9:J16),2) -> 0 | K17: =ROUND(SUM(K9:K16),2) -> 0 | L17: =ROUND(SUM(L9:L16),2) -> 0 | M17: =ROUND(SUM(M9:M16),2) -> 0 | ... R17: =ROUND(SUM(R9:R16),2) -> 7.7251715e+08
A19: Collections deposited into State
B20: Treasury and in-transit to State
B21: Comptroller at month end:
C22: Current month | F22: 5360271.7 | G22: 461734.35 | H22: 38099.66 | I22: 0 | J22: 0 | K22: 0 | L22: 0 | M22: 0 | N22: 0 | O22: 0 | P22: 0 | Q22: 0 | R22: =IF(ISNA(LOOKUP(2,1/(F6:Q6<>""),F22:Q22)),0,LOOKUP(2,1/(F6:Q6<>""),F22:Q22)) -> 38099.66
C23: Prior month | F23: 145994.57 | G23: =IF(G6="",0,F22) -> 5360271.7 | H23: =IF(H6="",0,G22) -> 461734.35 | I23: =IF(I6="",0,H22) -> 0 | J23: =IF(J6="",0,I22) -> 0 | K23: =IF(K6="",0,J22) -> 0 | L23: =IF(L6="",0,K22) -> 0 | M23: =IF(M6="",0,L22) -> 0 | N23: =IF(N6="",0,M22) -> 0 | ... Q23: =IF(Q6="",0,P22) -> 0 | R23: =F23 -> 145994.57
C24: Net change | F24: =ROUND(F22-F23,2) -> 5214277.1 | G24: =ROUND(G22-G23,2) -> -4898537.3 | H24: =ROUND(H22-H23,2) -> -423634.69 | I24: =ROUND(I22-I23,2) -> 0 | J24: =ROUND(J22-J23,2) -> 0 | K24: =ROUND(K22-K23,2) -> 0 | L24: =ROUND(L22-L23,2) -> 0 | M24: =ROUND(M22-M23,2) -> 0 | ... R24: =ROUND(R22-R23,2) -> -107894.91
A26: Comptroller fund receipts:
C27: Rev Src | D27: Fund
C28: 0317 | D28: 0012 | F28: 98854581 | G28: 1.0210638e+08 | H28: 98659669 | I28: 0 | J28: 0 | K28: 0 | L28: 0 | M28: 0 | N28: 0 | O28: 0 | P28: 0 | Q28: 0 | R28: =ROUND(SUM(F28:Q28),2) -> 2.9962063e+08
C29: 0317 | D29: 0952 | F29: 1.3858345e+08 | G29: 1.4461658e+08 | H29: 1.4326456e+08 | I29: 0 | J29: 0 | K29: 0 | L29: 0 | M29: 0 | N29: 0 | O29: 0 | P29: 0 | Q29: 0 | R29: =ROUND(SUM(F29:Q29),2) -> 4.2646458e+08
C30: 0318 | D30: 0012 | F30: 2801613.9 | G30: 6154462.9 | H30: 5015070.3 | I30: 0 | J30: 0 | K30: 0 | L30: 0 | M30: 0 | N30: 0 | O30: 0 | P30: 0 | Q30: 0 | R30: =ROUND(SUM(F30:Q30),2) -> 13971147
C31: 0318 | D31: 0952 | F31: 3097633.5 | G31: 6804745.8 | H31: 5544964.6 | I31: 0 | J31: 0 | K31: 0 | L31: 0 | M31: 0 | N31: 0 | O31: 0 | P31: 0 | Q31: 0 | R31: =ROUND(SUM(F31:Q31),2) -> 15447344
C32: 0319 | D32: 0012 | F32: 23200 | G32: 20520 | H32: 22960 | I32: 0 | J32: 0 | K32: 0 | L32: 0 | M32: 0 | N32: 0 | O32: 0 | P32: 0 | Q32: 0 | R32: =ROUND(SUM(F32:Q32),2) -> 66680
C33: 0322 | D33: 0072 | F33: 5488214.5 | G33: 5752599.5 | H33: 5686410.9 | I33: 0 | J33: 0 | K33: 0 | L33: 0 | M33: 0 | N33: 0 | O33: 0 | P33: 0 | Q33: 0 | R33: =ROUND(SUM(F33:Q33),2) -> 16927225
C34: 0984 | D34: 0012 | F34: 40347.25 | G34: 33418.03 | H34: 26217.94 | I34: 0 | J34: 0 | K34: 0 | L34: 0 | M34: 0 | N34: 0 | O34: 0 | P34: 0 | Q34: 0 | R34: =ROUND(SUM(F34:Q34),2) -> 99983.22
C35: 1590 | D35: 0384 | F35: 5688.32 | G35: 17260.79 | H35: 4508.65 | I35: 0 | J35: 0 | K35: 0 | L35: 0 | M35: 0 | N35: 0 | O35: 0 | P35: 0 | Q35: 0 | R35: =ROUND(SUM(F35:Q35),2) -> 27457.76
F36: =ROUND(SUM(F28:F35),2) -> 2.4889473e+08 | G36: =ROUND(SUM(G28:G35),2) -> 2.6550597e+08 | H36: =ROUND(SUM(H28:H35),2) -> 2.5822436e+08 | I36: =ROUND(SUM(I28:I35),2) -> 0 | J36: =ROUND(SUM(J28:J35),2) -> 0 | K36: =ROUND(SUM(K28:K35),2) -> 0 | L36: =ROUND(SUM(L28:L35),2) -> 0 | M36: =ROUND(SUM(M28:M35),2) -> 0 | ... R36: =ROUND(SUM(R28:R35),2) -> 7.7262505e+08
A39: Collections reconciled to receipts | F39: =ROUND(F17-F24-F36,2) -> 0 | G39: =ROUND(G17-G24-G36,2) -> 0 | H39: =ROUND(H17-H24-H36,2) -> 0 | I39: =ROUND(I17-I24-I36,2) -> 0 | J39: =ROUND(J17-J24-J36,2) -> 0 | K39: =ROUND(K17-K24-K36,2) -> 0 | L39: =ROUND(L17-L24-L36,2) -> 0 | M39: =ROUND(M17-M24-M36,2) -> 0 | ... R39: =ROUND(R17-R24-R36,2) -> 0
A42: Additional Information:
A43: Taxpayers remit their payments to the Department using prescribed payment vouchers. The monies collected are deposited into bank accounts held in the custody of the State Treasurer’s Office. The amounts showing in the “Collections by voucher type” section above reflect the payments received from taxpayers. The monies collected are then receipted into State funds maintained by the State Comptroller’s Office. The fund receipts are reflected in the section titled “Comptroller fund receipts.” Additional information regarding fund receipts can be found on the Comptroller’s website at https://illinoiscomptroller.gov/. The allocation of specific monies to specific funds is governed by various tax acts. The line “Collections reconciled to receipts” demonstrates that all money collected by the Department from taxpayers is ultimately receipted into State funds. Variances between collections and receipts are due to timing differences related to changes in the amount of deposits in-transit to the State Comptroller at month end. This information is provided in the section titled “Collections deposited into State Treasury and in-transit to State Comptroller at month end.” Information regarding the taxes imposed, rates, form/filing requirements, payment requirements, and statutory authority can be found in the Tax Information section of the Department’s website at https://tax.illinois.gov/research/taxinformation.html.

Sheet Cigarette
A1: ILLINOIS DEPARTMENT OF REVENUE | R1: =Summary!$R$1 -> IDORRPT1
A2: COLLECTIONS REMITTED TO THE STATE COMPTROLLER | R2: =Summary!$R$2 -> Printed by the authority of the State of Illinois - web only, 1, 10/2026
A3: =IF(ISBLANK(Summary!A3),"",Summary!A3) -> FISCAL YEAR 2027 | R3: =Summary!$R$3 -> https://tax.illinois.gov/research/taxstats.html
F5: CIGARETTE
F6: =IF(ISBLANK(Summary!F6),"",Summary!F6) -> 46234 | G6: =IF(ISBLANK(Summary!G6),"",Summary!G6) -> 46265 | H6: =IF(ISBLANK(Summary!H6),"",Summary!H6) -> 46295 | I6: =IF(ISBLANK(Summary!I6),"",Summary!I6) | J6: =IF(ISBLANK(Summary!J6),"",Summary!J6) | K6: =IF(ISBLANK(Summary!K6),"",Summary!K6) | L6: =IF(ISBLANK(Summary!L6),"",Summary!L6) | M6: =IF(ISBLANK(Summary!M6),"",Summary!M6) | ... Q6: =IF(ISBLANK(Summary!Q6),"",Summary!Q6) | R6: Total
A8: Collections by voucher type:
B9: Assessments | F9: 138221.51 | G9: 302293.05 | H9: 159559.55 | I9: 0 | J9: 0 | K9: 0 | L9: 0 | M9: 0 | N9: 0 | O9: 0 | P9: 0 | Q9: 0 | R9: =ROUND(SUM(F9:Q9),2) -> 600074.11
B10: License Fee | F10: 0 | G10: 0 | H10: 0 | I10: 0 | J10: 0 | K10: 0 | L10: 0 | M10: 0 | N10: 0 | O10: 0 | P10: 0 | Q10: 0 | R10: =ROUND(SUM(F10:Q10),2) -> 0
B11: RC-1-A Cigarette Stamps | F11: 55895773 | G11: 42305304 | H11: 54039820 | I11: 0 | J11: 0 | K11: 0 | L11: 0 | M11: 0 | N11: 0 | O11: 0 | P11: 0 | Q11: 0 | R11: =ROUND(SUM(F11:Q11),2) -> 1.522409e+08
B12: RC-44 Cigarette Use Tax | F12: 35760 | G12: 1254.4 | H12: 0 | I12: 0 | J12: 0 | K12: 0 | L12: 0 | M12: 0 | N12: 0 | O12: 0 | P12: 0 | Q12: 0 | R12: =ROUND(SUM(F12:Q12),2) -> 37014.4
B13: RC-55 Little Cigar Tax | F13: 18636.6 | G13: 23643.99 | H13: 18874.18 | I13: 0 | J13: 0 | K13: 0 | L13: 0 | M13: 0 | N13: 0 | O13: 0 | P13: 0 | Q13: 0 | R13: =ROUND(SUM(F13:Q13),2) -> 61154.77
B14: Retailer Fee | F14: 52650 | G14: 46725 | H14: 40875 | I14: 0 | J14: 0 | K14: 0 | L14: 0 | M14: 0 | N14: 0 | O14: 0 | P14: 0 | Q14: 0 | R14: =ROUND(SUM(F14:Q14),2) -> 140250
B15: TP-1 Tobacco Products Tax | F15: 16168490 | G15: 16984083 | H15: 14722138 | I15: 0 | J15: 0 | K15: 0 | L15: 0 | M15: 0 | N15: 0 | O15: 0 | P15: 0 | Q15: 0 | R15: =ROUND(SUM(F15:Q15),2) -> 47874712
F16: =ROUND(SUM(F9:F15),2) -> 72309532 | G16: =ROUND(SUM(G9:G15),2) -> 59663304 | H16: =ROUND(SUM(H9:H15),2) -> 68981267 | I16: =ROUND(SUM(I9:I15),2) -> 0 | J16: =ROUND(SUM(J9:J15),2) -> 0 | K16: =ROUND(SUM(K9:K15),2) -> 0 | L16: =ROUND(SUM(L9:L15),2) -> 0 | M16: =ROUND(SUM(M9:M15),2) -> 0 | ... R16: =ROUND(SUM(R9:R15),2) -> 2.009541e+08
A18: Collections deposited into State
B19: Treasury and in-transit to State
B20: Comptroller at month end:
C21: Current month | F21: 8331783.4 | G21: 4578665.4 | H21: 14124682 | I21: 0 | J21: 0 | K21: 0 | L21: 0 | M21: 0 | N21: 0 | O21: 0 | P21: 0 | Q21: 0 | R21: =IF(ISNA(LOOKUP(2,1/(F6:Q6<>""),F21:Q21)),0,LOOKUP(2,1/(F6:Q6<>""),F21:Q21)) -> 14124682
C22: Prior month | F22: 10267030 | G22: =IF(G6="",0,F21) -> 8331783.4 | H22: =IF(H6="",0,G21) -> 4578665.4 | I22: =IF(I6="",0,H21) -> 0 | J22: =IF(J6="",0,I21) -> 0 | K22: =IF(K6="",0,J21) -> 0 | L22: =IF(L6="",0,K21) -> 0 | M22: =IF(M6="",0,L21) -> 0 | N22: =IF(N6="",0,M21) -> 0 | ... Q22: =IF(Q6="",0,P21) -> 0 | R22: =F22 -> 10267030
C23: Net change | F23: =ROUND(F21-F22,2) -> -1935246.3 | G23: =ROUND(G21-G22,2) -> -3753118 | H23: =ROUND(H21-H22,2) -> 9546016.2 | I23: =ROUND(I21-I22,2) -> 0 | J23: =ROUND(J21-J22,2) -> 0 | K23: =ROUND(K21-K22,2) -> 0 | L23: =ROUND(L21-L22,2) -> 0 | M23: =ROUND(M21-M22,2) -> 0 | ... R23: =ROUND(R21-R22,2) -> 3857651.8
A25: Comptroller fund receipts:
C26: Rev Src | D26: Fund
C27: 0049 | D27: 0001 | F27: 7546451.7 | G27: 6527828 | H27: 6737765.4 | I27: 0 | J27: 0 | K27: 0 | L27: 0 | M27: 0 | N27: 0 | O27: 0 | P27: 0 | Q27: 0 | R27: =ROUND(SUM(F27:Q27),2) -> 20812045
C28: 0049 | D28: 0384 | F28: 51825 | G28: 50062.98 | H28: 43275 | I28: 0 | J28: 0 | K28: 0 | L28: 0 | M28: 0 | N28: 0 | O28: 0 | P28: 0 | Q28: 0 | R28: =ROUND(SUM(F28:Q28),2) -> 145162.98
C29: 0049 | D29: 0412 | F29: 2113006.5 | G29: 1827791.9 | H29: 1886574.3 | I29: 0 | J29: 0 | K29: 0 | L29: 0 | M29: 0 | N29: 0 | O29: 0 | P29: 0 | Q29: 0 | R29: =ROUND(SUM(F29:Q29),2) -> 5827372.7
C30: 0049 | D30: 0694 | F30: 10263174 | G30: 8877846.2 | H30: 9163361 | I30: 0 | J30: 0 | K30: 0 | L30: 0 | M30: 0 | N30: 0 | O30: 0 | P30: 0 | Q30: 0 | R30: =ROUND(SUM(F30:Q30),2) -> 28304381
C31: 0049 | D31: 0793 | F31: 10263174 | G31: 8877846.1 | H31: 9163361 | I31: 0 | J31: 0 | K31: 0 | L31: 0 | M31: 0 | N31: 0 | O31: 0 | P31: 0 | Q31: 0 | R31: =ROUND(SUM(F31:Q31),2) -> 28304381
C32: 0050 | D32: 0001 | F32: 6921043 | G32: 5056273.6 | H32: 4336374.5 | I32: 0 | J32: 0 | K32: 0 | L32: 0 | M32: 0 | N32: 0 | O32: 0 | P32: 0 | Q32: 0 | R32: =ROUND(SUM(F32:Q32),2) -> 16313691
C33: 0050 | D33: 0412 | F33: 1937892 | G33: 1415756.6 | H33: 1214184.9 | I33: 0 | J33: 0 | K33: 0 | L33: 0 | M33: 0 | N33: 0 | O33: 0 | P33: 0 | Q33: 0 | R33: =ROUND(SUM(F33:Q33),2) -> 4567833.5
C34: 0050 | D34: 0694 | F34: 9412618.4 | G34: 6876532.1 | H34: 5897469.3 | I34: 0 | J34: 0 | K34: 0 | L34: 0 | M34: 0 | N34: 0 | O34: 0 | P34: 0 | Q34: 0 | R34: =ROUND(SUM(F34:Q34),2) -> 22186620
C35: 0050 | D35: 0793 | F35: 9412618.4 | G35: 6876532.1 | H35: 5897469.3 | I35: 0 | J35: 0 | K35: 0 | L35: 0 | M35: 0 | N35: 0 | O35: 0 | P35: 0 | Q35: 0 | R35: =ROUND(SUM(F35:Q35),2) -> 22186620
C36: 0051 | D36: 0345 | F36: 5661487.2 | G36: 8514976.1 | H36: 7547708 | I36: 0 | J36: 0 | K36: 0 | L36: 0 | M36: 0 | N36: 0 | O36: 0 | P36: 0 | Q36: 0 | R36: =ROUND(SUM(F36:Q36),2) -> 21724171
C37: 0051 | D37: 0733 | F37: 5000000 | G37: 0 | H37: 0 | I37: 0 | J37: 0 | K37: 0 | L37: 0 | M37: 0 | N37: 0 | O37: 0 | P37: 0 | Q37: 0 | R37: =ROUND(SUM(F37:Q37),2) -> 5000000
C38: 0051 | D38: 0793 | F38: 5661487.2 | G38: 8514976.1 | H38: 7547708 | I38: 0 | J38: 0 | K38: 0 | L38: 0 | M38: 0 | N38: 0 | O38: 0 | P38: 0 | Q38: 0 | R38: =ROUND(SUM(F38:Q38),2) -> 21724171
F39: =ROUND(SUM(F27:F38),2) -> 74244778 | G39: =ROUND(SUM(G27:G38),2) -> 63416422 | H39: =ROUND(SUM(H27:H38),2) -> 59435251 | I39: =ROUND(SUM(I27:I38),2) -> 0 | J39: =ROUND(SUM(J27:J38),2) -> 0 | K39: =ROUND(SUM(K27:K38),2) -> 0 | L39: =ROUND(SUM(L27:L38),2) -> 0 | M39: =ROUND(SUM(M27:M38),2) -> 0 | ... R39: =ROUND(SUM(R27:R38),2) -> 1.9709645e+08
A42: Collections reconciled to receipts | F42: =ROUND(F16-F23-F39,2) -> 0 | G42: =ROUND(G16-G23-G39,2) -> 0 | H42: =ROUND(H16-H23-H39,2) -> 0 | I42: =ROUND(I16-I23-I39,2) -> 0 | J42: =ROUND(J16-J23-J39,2) -> 0 | K42: =ROUND(K16-K23-K39,2) -> 0 | L42: =ROUND(L16-L23-L39,2) -> 0 | M42: =ROUND(M16-M23-M39,2) -> 0 | ... R42: =ROUND(R16-R23-R39,2) -> 0
A45: Additional Information:
A46: Taxpayers remit their payments to the Department using prescribed payment vouchers. The monies collected are deposited into bank accounts held in the custody of the State Treasurer’s Office. The amounts showing in the “Collections by voucher type” section above reflect the payments received from taxpayers. The monies collected are then receipted into State funds maintained by the State Comptroller’s Office. The fund receipts are reflected in the section titled “Comptroller fund receipts.” Additional information regarding fund receipts can be found on the Comptroller’s website at https://illinoiscomptroller.gov/. The allocation of specific monies to specific funds is governed by various tax acts. The line “Collections reconciled to receipts” demonstrates that all money collected by the Department from taxpayers is ultimately receipted into State funds. Variances between collections and receipts are due to timing differences related to changes in the amount of deposits in-transit to the State Comptroller at month end. This information is provided in the section titled “Collections deposited into State Treasury and in-transit to State Comptroller at month end.” Information regarding the taxes imposed, rates, form/filing requirements, payment requirements, and statutory authority can be found in the Tax Information section of the Department’s website at https://tax.illinois.gov/research/taxinformation.html.

Sheet Senior Citizen
A1: ILLINOIS DEPARTMENT OF REVENUE | R1: =Summary!$R$1 -> IDORRPT1
A2: COLLECTIONS REMITTED TO THE STATE COMPTROLLER | R2: =Summary!$R$2 -> Printed by the authority of the State of Illinois - web only, 1, 10/2026
A3: =IF(ISBLANK(Summary!A3),"",Summary!A3) -> FISCAL YEAR 2027 | R3: =Summary!$R$3 -> https://tax.illinois.gov/research/taxstats.html
F5: SENIOR CITIZEN DEFERRAL PROGRAM
F6: =IF(ISBLANK(Summary!F6),"",Summary!F6) -> 46234 | G6: =IF(ISBLANK(Summary!G6),"",Summary!G6) -> 46265 | H6: =IF(ISBLANK(Summary!H6),"",Summary!H6) -> 46295 | I6: =IF(ISBLANK(Summary!I6),"",Summary!I6) | J6: =IF(ISBLANK(Summary!J6),"",Summary!J6) | K6: =IF(ISBLANK(Summary!K6),"",Summary!K6) | L6: =IF(ISBLANK(Summary!L6),"",Summary!L6) | M6: =IF(ISBLANK(Summary!M6),"",Summary!M6) | ... Q6: =IF(ISBLANK(Summary!Q6),"",Summary!Q6) | R6: Total
A8: Collections by voucher type:
B9: Assessments | F9: 0 | G9: 0 | H9: 49855.87 | I9: 0 | J9: 0 | K9: 0 | L9: 0 | M9: 0 | N9: 0 | O9: 0 | P9: 0 | Q9: 0 | R9: =ROUND(SUM(F9:Q9),2) -> 49855.87
B10: Senior Citizen Deferral | F10: 383684.46 | G10: 478327.52 | H10: 488662.75 | I10: 0 | J10: 0 | K10: 0 | L10: 0 | M10: 0 | N10: 0 | O10: 0 | P10: 0 | Q10: 0 | R10: =ROUND(SUM(F10:Q10),2) -> 1350674.7
F11: =ROUND(SUM(F9:F10),2) -> 383684.46 | G11: =ROUND(SUM(G9:G10),2) -> 478327.52 | H11: =ROUND(SUM(H9:H10),2) -> 538518.62 | I11: =ROUND(SUM(I9:I10),2) -> 0 | J11: =ROUND(SUM(J9:J10),2) -> 0 | K11: =ROUND(SUM(K9:K10),2) -> 0 | L11: =ROUND(SUM(L9:L10),2) -> 0 | M11: =ROUND(SUM(M9:M10),2) -> 0 | ... R11: =ROUND(SUM(R9:R10),2) -> 1400530.6
A13: Collections deposited into State
B14: Treasury and in-transit to State
B15: Comptroller at month end:
C16: Current month | F16: 134490.6 | G16: 160447.53 | H16: 261767.5 | I16: 0 | J16: 0 | K16: 0 | L16: 0 | M16: 0 | N16: 0 | O16: 0 | P16: 0 | Q16: 0 | R16: =IF(ISNA(LOOKUP(2,1/(F6:Q6<>""),F16:Q16)),0,LOOKUP(2,1/(F6:Q6<>""),F16:Q16)) -> 261767.5
C17: Prior month | F17: 196664.52 | G17: =IF(G6="",0,F16) -> 134490.6 | H17: =IF(H6="",0,G16) -> 160447.53 | I17: =IF(I6="",0,H16) -> 0 | J17: =IF(J6="",0,I16) -> 0 | K17: =IF(K6="",0,J16) -> 0 | L17: =IF(L6="",0,K16) -> 0 | M17: =IF(M6="",0,L16) -> 0 | N17: =IF(N6="",0,M16) -> 0 | ... Q17: =IF(Q6="",0,P16) -> 0 | R17: =F17 -> 196664.52
C18: Net change | F18: =ROUND(F16-F17,2) -> -62173.92 | G18: =ROUND(G16-G17,2) -> 25956.93 | H18: =ROUND(H16-H17,2) -> 101319.97 | I18: =ROUND(I16-I17,2) -> 0 | J18: =ROUND(J16-J17,2) -> 0 | K18: =ROUND(K16-K17,2) -> 0 | L18: =ROUND(L16-L17,2) -> 0 | M18: =ROUND(M16-M17,2) -> 0 | ... R18: =ROUND(R16-R17,2) -> 65102.98
A20: Comptroller fund receipts:
C21: Rev Src | D21: Fund
C22: 0073 | D22: 0930 | F22: 445858.38 | G22: 452370.59 | H22: 437198.65 | I22: 0 | J22: 0 | K22: 0 | L22: 0 | M22: 0 | N22: 0 | O22: 0 | P22: 0 | Q22: 0 | R22: =ROUND(SUM(F22:Q22),2) -> 1335427.6
F23: =ROUND(SUM(F22:F22),2) -> 445858.38 | G23: =ROUND(SUM(G22:G22),2) -> 452370.59 | H23: =ROUND(SUM(H22:H22),2) -> 437198.65 | I23: =ROUND(SUM(I22:I22),2) -> 0 | J23: =ROUND(SUM(J22:J22),2) -> 0 | K23: =ROUND(SUM(K22:K22),2) -> 0 | L23: =ROUND(SUM(L22:L22),2) -> 0 | M23: =ROUND(SUM(M22:M22),2) -> 0 | ... R23: =ROUND(SUM(R22:R22),2) -> 1335427.6
A26: Collections reconciled to receipts | F26: =ROUND(F11-F18-F23,2) -> 0 | G26: =ROUND(G11-G18-G23,2) -> 0 | H26: =ROUND(H11-H18-H23,2) -> 0 | I26: =ROUND(I11-I18-I23,2) -> 0 | J26: =ROUND(J11-J18-J23,2) -> 0 | K26: =ROUND(K11-K18-K23,2) -> 0 | L26: =ROUND(L11-L18-L23,2) -> 0 | M26: =ROUND(M11-M18-M23,2) -> 0 | ... R26: =ROUND(R11-R18-R23,2) -> 0
A29: Additional Information:
A30: Taxpayers remit their payments to the Department using prescribed payment vouchers. The monies collected are deposited into bank accounts held in the custody of the State Treasurer’s Office. The amounts showing in the “Collections by voucher type” section above reflect the payments received from taxpayers. The monies collected are then receipted into State funds maintained by the State Comptroller’s Office. The fund receipts are reflected in the section titled “Comptroller fund receipts.” Additional information regarding fund receipts can be found on the Comptroller’s website at https://illinoiscomptroller.gov/. The allocation of specific monies to specific funds is governed by various tax acts. The line “Collections reconciled to receipts” demonstrates that all money collected by the Department from taxpayers is ultimately receipted into State funds. Variances between collections and receipts are due to timing differences related to changes in the amount of deposits in-transit to the State Comptroller at month end. This information is provided in the section titled “Collections deposited into State Treasury and in-transit to State Comptroller at month end.” Information regarding the taxes imposed, rates, form/filing requirements, payment requirements, and statutory authority can be found in the Tax Information section of the Department’s website at https://tax.illinois.gov/research/taxinformation.html.

Sheet Liquor
A1: ILLINOIS DEPARTMENT OF REVENUE | R1: =Summary!$R$1 -> IDORRPT1
A2: COLLECTIONS REMITTED TO THE STATE COMPTROLLER | R2: =Summary!$R$2 -> Printed by the authority of the State of Illinois - web only, 1, 10/2026
A3: =IF(ISBLANK(Summary!A3),"",Summary!A3) -> FISCAL YEAR 2027 | R3: =Summary!$R$3 -> https://tax.illinois.gov/research/taxstats.html
F5: LIQUOR
F6: =IF(ISBLANK(Summary!F6),"",Summary!F6) -> 46234 | G6: =IF(ISBLANK(Summary!G6),"",Summary!G6) -> 46265 | H6: =IF(ISBLANK(Summary!H6),"",Summary!H6) -> 46295 | I6: =IF(ISBLANK(Summary!I6),"",Summary!I6) | J6: =IF(ISBLANK(Summary!J6),"",Summary!J6) | K6: =IF(ISBLANK(Summary!K6),"",Summary!K6) | L6: =IF(ISBLANK(Summary!L6),"",Summary!L6) | M6: =IF(ISBLANK(Summary!M6),"",Summary!M6) | ... Q6: =IF(ISBLANK(Summary!Q6),"",Summary!Q6) | R6: Total
A8: Collections by voucher type:
B9: Assessments | F9: 81075.83 | G9: 74009.29 | H9: 73310.89 | I9: 0 | J9: 0 | K9: 0 | L9: 0 | M9: 0 | N9: 0 | O9: 0 | P9: 0 | Q9: 0 | R9: =ROUND(SUM(F9:Q9),2) -> 228396.01
B10: RL-26 Liquor Tax | F10: 28951068 | G10: 24695032 | H10: 24074620 | I10: 0 | J10: 0 | K10: 0 | L10: 0 | M10: 0 | N10: 0 | O10: 0 | P10: 0 | Q10: 0 | R10: =ROUND(SUM(F10:Q10),2) -> 77720721
B11: RL-26-A Liquor Tax (Airline) | F11: 10482.07 | G11: 7959.68 | H11: 8541.5 | I11: 0 | J11: 0 | K11: 0 | L11: 0 | M11: 0 | N11: 0 | O11: 0 | P11: 0 | Q11: 0 | R11: =ROUND(SUM(F11:Q11),2) -> 26983.25
B12: RL-26-W Liquor Tax (Wine) | F12: 59249.08 | G12: 29920.44 | H12: 39926.99 | I12: 0 | J12: 0 | K12: 0 | L12: 0 | M12: 0 | N12: 0 | O12: 0 | P12: 0 | Q12: 0 | R12: =ROUND(SUM(F12:Q12),2) -> 129096.51
F13: =ROUND(SUM(F9:F12),2) -> 29101875 | G13: =ROUND(SUM(G9:G12),2) -> 24806922 | H13: =ROUND(SUM(H9:H12),2) -> 24196400 | I13: =ROUND(SUM(I9:I12),2) -> 0 | J13: =ROUND(SUM(J9:J12),2) -> 0 | K13: =ROUND(SUM(K9:K12),2) -> 0 | L13: =ROUND(SUM(L9:L12),2) -> 0 | M13: =ROUND(SUM(M9:M12),2) -> 0 | ... R13: =ROUND(SUM(R9:R12),2) -> 78105197
A15: Collections deposited into State
B16: Treasury and in-transit to State
B17: Comptroller at month end:
C18: Current month | F18: 139608.11 | G18: 142527.94 | H18: 97528.06 | I18: 0 | J18: 0 | K18: 0 | L18: 0 | M18: 0 | N18: 0 | O18: 0 | P18: 0 | Q18: 0 | R18: =IF(ISNA(LOOKUP(2,1/(F6:Q6<>""),F18:Q18)),0,LOOKUP(2,1/(F6:Q6<>""),F18:Q18)) -> 97528.06
C19: Prior month | F19: 115170.08 | G19: =IF(G6="",0,F18) -> 139608.11 | H19: =IF(H6="",0,G18) -> 142527.94 | I19: =IF(I6="",0,H18) -> 0 | J19: =IF(J6="",0,I18) -> 0 | K19: =IF(K6="",0,J18) -> 0 | L19: =IF(L6="",0,K18) -> 0 | M19: =IF(M6="",0,L18) -> 0 | N19: =IF(N6="",0,M18) -> 0 | ... Q19: =IF(Q6="",0,P18) -> 0 | R19: =F19 -> 115170.08
C20: Net change | F20: =ROUND(F18-F19,2) -> 24438.03 | G20: =ROUND(G18-G19,2) -> 2919.83 | H20: =ROUND(H18-H19,2) -> -44999.88 | I20: =ROUND(I18-I19,2) -> 0 | J20: =ROUND(J18-J19,2) -> 0 | K20: =ROUND(K18-K19,2) -> 0 | L20: =ROUND(L18-L19,2) -> 0 | M20: =ROUND(M18-M19,2) -> 0 | ... R20: =ROUND(R18-R19,2) -> -17642.02
A22: Comptroller fund receipts:
C23: Rev Src | D23: Fund
C24: 0294 | D24: 0001 | F24: 16574139 | G24: 14138281 | H24: 13817598 | I24: 0 | J24: 0 | K24: 0 | L24: 0 | M24: 0 | N24: 0 | O24: 0 | P24: 0 | Q24: 0 | R24: =ROUND(SUM(F24:Q24),2) -> 44530018
C25: 0294 | D25: 0694 | F25: 12503298 | G25: 10665721 | H25: 10423802 | I25: 0 | J25: 0 | K25: 0 | L25: 0 | M25: 0 | N25: 0 | O25: 0 | P25: 0 | Q25: 0 | R25: =ROUND(SUM(F25:Q25),2) -> 33592821
F26: =ROUND(SUM(F24:F25),2) -> 29077437 | G26: =ROUND(SUM(G24:G25),2) -> 24804002 | H26: =ROUND(SUM(H24:H25),2) -> 24241400 | I26: =ROUND(SUM(I24:I25),2) -> 0 | J26: =ROUND(SUM(J24:J25),2) -> 0 | K26: =ROUND(SUM(K24:K25),2) -> 0 | L26: =ROUND(SUM(L24:L25),2) -> 0 | M26: =ROUND(SUM(M24:M25),2) -> 0 | ... R26: =ROUND(SUM(R24:R25),2) -> 78122839
A29: Collections reconciled to receipts | F29: =ROUND(F13-F20-F26,2) -> 0 | G29: =ROUND(G13-G20-G26,2) -> 0 | H29: =ROUND(H13-H20-H26,2) -> 0 | I29: =ROUND(I13-I20-I26,2) -> 0 | J29: =ROUND(J13-J20-J26,2) -> 0 | K29: =ROUND(K13-K20-K26,2) -> 0 | L29: =ROUND(L13-L20-L26,2) -> 0 | M29: =ROUND(M13-M20-M26,2) -> 0 | ... R29: =ROUND(R13-R20-R26,2) -> 0
A32: Additional Information:
A33: Taxpayers remit their payments to the Department using prescribed payment vouchers. The monies collected are deposited into bank accounts held in the custody of the State Treasurer’s Office. The amounts showing in the “Collections by voucher type” section above reflect the payments received from taxpayers. The monies collected are then receipted into State funds maintained by the State Comptroller’s Office. The fund receipts are reflected in the section titled “Comptroller fund receipts.” Additional information regarding fund receipts can be found on the Comptroller’s website at https://illinoiscomptroller.gov/. The allocation of specific monies to specific funds is governed by various tax acts. The line “Collections reconciled to receipts” demonstrates that all money collected by the Department from taxpayers is ultimately receipted into State funds. Variances between collections and receipts are due to timing differences related to changes in the amount of deposits in-transit to the State Comptroller at month end. This information is provided in the section titled “Collections deposited into State Treasury and in-transit to State Comptroller at month end.” Information regarding the taxes imposed, rates, form/filing requirements, payment requirements, and statutory authority can be found in the Tax Information section of the Department’s website at https://tax.illinois.gov/research/taxinformation.html.

Sheet Public Utility
A1: ILLINOIS DEPARTMENT OF REVENUE | R1: =Summary!$R$1 -> IDORRPT1
A2: COLLECTIONS REMITTED TO THE STATE COMPTROLLER | R2: =Summary!$R$2 -> Printed by the authority of the State of Illinois - web only, 1, 10/2026
A3: =IF(ISBLANK(Summary!A3),"",Summary!A3) -> FISCAL YEAR 2027 | R3: =Summary!$R$3 -> https://tax.illinois.gov/research/taxstats.html
F5: PUBLIC UTILITY
F6: =IF(ISBLANK(Summary!F6),"",Summary!F6) -> 46234 | G6: =IF(ISBLANK(Summary!G6),"",Summary!G6) -> 46265 | H6: =IF(ISBLANK(Summary!H6),"",Summary!H6) -> 46295 | I6: =IF(ISBLANK(Summary!I6),"",Summary!I6) | J6: =IF(ISBLANK(Summary!J6),"",Summary!J6) | K6: =IF(ISBLANK(Summary!K6),"",Summary!K6) | L6: =IF(ISBLANK(Summary!L6),"",Summary!L6) | M6: =IF(ISBLANK(Summary!M6),"",Summary!M6) | ... Q6: =IF(ISBLANK(Summary!Q6),"",Summary!Q6) | R6: Total
A8: Collections by voucher type:
B9: Assessments | F9: 328024.68 | G9: -124959.47 | H9: 79550.15 | I9: 0 | J9: 0 | K9: 0 | L9: 0 | M9: 0 | N9: 0 | O9: 0 | P9: 0 | Q9: 0 | R9: =ROUND(SUM(F9:Q9),2) -> 282615.36
B10: ICT-1 Invested Capital ES | F10: 13426.81 | G10: 0 | H10: 75968697 | I10: 0 | J10: 0 | K10: 0 | L10: 0 | M10: 0 | N10: 0 | O10: 0 | P10: 0 | Q10: 0 | R10: =ROUND(SUM(F10:Q10),2) -> 75982124
B11: ICT-4 Invested Capital | F11: 0 | G11: 0 | H11: 0 | I11: 0 | J11: 0 | K11: 0 | L11: 0 | M11: 0 | N11: 0 | O11: 0 | P11: 0 | Q11: 0 | R11: =ROUND(SUM(F11:Q11),2) -> 0
B12: License Fee | F12: 0 | G12: 0 | H12: 0 | I12: 0 | J12: 0 | K12: 0 | L12: 0 | M12: 0 | N12: 0 | O12: 0 | P12: 0 | Q12: 0 | R12: =ROUND(SUM(F12:Q12),2) -> 0
B13: RG-1 Gas Tax | F13: 88674.09 | G13: 350826.78 | H13: 221641.82 | I13: 0 | J13: 0 | K13: 0 | L13: 0 | M13: 0 | N13: 0 | O13: 0 | P13: 0 | Q13: 0 | R13: =ROUND(SUM(F13:Q13),2) -> 661142.69
B14: RG-6 Natural Gas Charges | F14: 5952749.1 | G14: 5946319.2 | H14: 5898059.5 | I14: 0 | J14: 0 | K14: 0 | L14: 0 | M14: 0 | N14: 0 | O14: 0 | P14: 0 | Q14: 0 | R14: =ROUND(SUM(F14:Q14),2) -> 17797128
B15: RPU-10 Energy Efficiency Pgm | F15: 0 | G15: 0 | H15: 0 | I15: 0 | J15: 0 | K15: 0 | L15: 0 | M15: 0 | N15: 0 | O15: 0 | P15: 0 | Q15: 0 | R15: =ROUND(SUM(F15:Q15),2) -> 0
B16: RPU-13 Electricity Tax | F16: 2959734.6 | G16: 3573818.4 | H16: 2210560.9 | I16: 0 | J16: 0 | K16: 0 | L16: 0 | M16: 0 | N16: 0 | O16: 0 | P16: 0 | Q16: 0 | R16: =ROUND(SUM(F16:Q16),2) -> 8744113.8
B17: RPU-50 Electricity Qtr Mthly | F17: 31441043 | G17: 36323997 | H17: 33365234 | I17: 0 | J17: 0 | K17: 0 | L17: 0 | M17: 0 | N17: 0 | O17: 0 | P17: 0 | Q17: 0 | R17: =ROUND(SUM(F17:Q17),2) -> 1.0113027e+08
B18: RPU-50 Natural Gas Qtr Mthly | F18: 3980611.7 | G18: 4086496 | H18: 4722246.1 | I18: 0 | J18: 0 | K18: 0 | L18: 0 | M18: 0 | N18: 0 | O18: 0 | P18: 0 | Q18: 0 | R18: =ROUND(SUM(F18:Q18),2) -> 12789354
B19: RPU-50 Telecom Qtr Mthly | F19: 27114714 | G19: 27577899 | H19: 25809943 | I19: 0 | J19: 0 | K19: 0 | L19: 0 | M19: 0 | N19: 0 | O19: 0 | P19: 0 | Q19: 0 | R19: =ROUND(SUM(F19:Q19),2) -> 80502556
B20: RPU-6 Electricity Charges | F20: 15818744 | G20: 16304740 | H20: 17886241 | I20: 0 | J20: 0 | K20: 0 | L20: 0 | M20: 0 | N20: 0 | O20: 0 | P20: 0 | Q20: 0 | R20: =ROUND(SUM(F20:Q20),2) -> 50009724
... B22: RT-2 Telecom Tax | F22: 6602855.4 | G22: 4554978.7 | H22: 4895179.9 | I22: 0 | J22: 0 | K22: 0 | L22: 0 | M22: 0 | N22: 0 | O22: 0 | P22: 0 | Q22: 0 | R22: =ROUND(SUM(F22:Q22),2) -> 16053014
F23: =ROUND(SUM(F9:F22),2) -> 95153316 | G23: =ROUND(SUM(G9:G22),2) -> 99462660 | H23: =ROUND(SUM(H9:H22),2) -> 1.7193436e+08 | I23: =ROUND(SUM(I9:I22),2) -> 0 | J23: =ROUND(SUM(J9:J22),2) -> 0 | K23: =ROUND(SUM(K9:K22),2) -> 0 | L23: =ROUND(SUM(L9:L22),2) -> 0 | M23: =ROUND(SUM(M9:M22),2) -> 0 | ... R23: =ROUND(SUM(R9:R22),2) -> 3.6655034e+08
A25: Collections deposited into State
B26: Treasury and in-transit to State
B27: Comptroller at month end:
C28: Current month | F28: 10393755 | G28: 9919038.7 | H28: 9254639.9 | I28: 0 | J28: 0 | K28: 0 | L28: 0 | M28: 0 | N28: 0 | O28: 0 | P28: 0 | Q28: 0 | R28: =IF(ISNA(LOOKUP(2,1/(F6:Q6<>""),F28:Q28)),0,LOOKUP(2,1/(F6:Q6<>""),F28:Q28)) -> 9254639.9
C29: Prior month | F29: 10782326 | G29: =IF(G6="",0,F28) -> 10393755 | H29: =IF(H6="",0,G28) -> 9919038.7 | I29: =IF(I6="",0,H28) -> 0 | J29: =IF(J6="",0,I28) -> 0 | K29: =IF(K6="",0,J28) -> 0 | L29: =IF(L6="",0,K28) -> 0 | M29: =IF(M6="",0,L28) -> 0 | N29: =IF(N6="",0,M28) -> 0 | ... Q29: =IF(Q6="",0,P28) -> 0 | R29: =F29 -> 10782326
C30: Net change | F30: =ROUND(F28-F29,2) -> -388570.34 | G30: =ROUND(G28-G29,2) -> -474716.62 | H30: =ROUND(H28-H29,2) -> -664398.78 | I30: =ROUND(I28-I29,2) -> 0 | J30: =ROUND(J28-J29,2) -> 0 | K30: =ROUND(K28-K29,2) -> 0 | L30: =ROUND(L28-L29,2) -> 0 | M30: =ROUND(M28-M29,2) -> 0 | ... R30: =ROUND(R28-R29,2) -> -1527685.7
A32: Comptroller fund receipts:
C33: Rev Src | D33: Fund
C34: 0413 | D34: 0001 | F34: 12961659 | G34: 12311805 | H34: 11894149 | I34: 0 | J34: 0 | K34: 0 | L34: 0 | M34: 0 | N34: 0 | O34: 0 | P34: 0 | Q34: 0 | R34: =ROUND(SUM(F34:Q34),2) -> 37167613
C35: 0415 | D35: 0001 | F35: 5061844.1 | G35: 4339563 | H35: 4732377.4 | I35: 0 | J35: 0 | K35: 0 | L35: 0 | M35: 0 | N35: 0 | O35: 0 | P35: 0 | Q35: 0 | R35: =ROUND(SUM(F35:Q35),2) -> 14133785
C36: 0419 | D36: 0802 | F36: 29450.79 | G36: 0 | H36: 75968651 | I36: 0 | J36: 0 | K36: 0 | L36: 0 | M36: 0 | N36: 0 | O36: 0 | P36: 0 | Q36: 0 | R36: =ROUND(SUM(F36:Q36),2) -> 75998102
C37: 1424 | D37: 0412 | F37: 3811939 | G37: 3681292.4 | H37: 3597327 | I37: 0 | J37: 0 | K37: 0 | L37: 0 | M37: 0 | N37: 0 | O37: 0 | P37: 0 | Q37: 0 | R37: =ROUND(SUM(F37:Q37),2) -> 11090558
C38: 1424 | D38: 0568 | F38: 2811939 | G38: 2681292.4 | H38: 2597327 | I38: 0 | J38: 0 | K38: 0 | L38: 0 | M38: 0 | N38: 0 | O38: 0 | P38: 0 | Q38: 0 | R38: =ROUND(SUM(F38:Q38),2) -> 8090558.4
C39: 1424 | D39: 0729 | F39: 4630003 | G39: 4414886.6 | H39: 4276633.2 | I39: 0 | J39: 0 | K39: 0 | L39: 0 | M39: 0 | N39: 0 | O39: 0 | P39: 0 | Q39: 0 | R39: =ROUND(SUM(F39:Q39),2) -> 13321523
C40: 1424 | D40: 0802 | F40: 861951.28 | G40: 867950.4 | H40: 894675.99 | I40: 0 | J40: 0 | K40: 0 | L40: 0 | M40: 0 | N40: 0 | O40: 0 | P40: 0 | Q40: 0 | R40: =ROUND(SUM(F40:Q40),2) -> 2624577.7
C41: 1443 | D41: 0564 | F41: 476141.75 | G41: 464136.01 | H41: 484754.68 | I41: 0 | J41: 0 | K41: 0 | L41: 0 | M41: 0 | N41: 0 | O41: 0 | P41: 0 | Q41: 0 | R41: =ROUND(SUM(F41:Q41),2) -> 1425032.4
C42: 1443 | D42: 0925 | F42: 476141.75 | G42: 464136.01 | H42: 484754.68 | I42: 0 | J42: 0 | K42: 0 | L42: 0 | M42: 0 | N42: 0 | O42: 0 | P42: 0 | Q42: 0 | R42: =ROUND(SUM(F42:Q42),2) -> 1425032.4
C43: 1445 | D43: 0550 | F43: 7835643.8 | G43: 7516908.7 | H43: 8198627.3 | I43: 0 | J43: 0 | K43: 0 | L43: 0 | M43: 0 | N43: 0 | O43: 0 | P43: 0 | Q43: 0 | R43: =ROUND(SUM(F43:Q43),2) -> 23551180
C44: 1446 | D44: 0550 | F44: 5577377.1 | G44: 5572986.2 | H44: 5528885.9 | I44: 0 | J44: 0 | K44: 0 | L44: 0 | M44: 0 | N44: 0 | O44: 0 | P44: 0 | Q44: 0 | R44: =ROUND(SUM(F44:Q44),2) -> 16679249
C45: 1497 | D45: 0001 | F45: 33143719 | G45: 39173610 | H45: 35248346 | I45: 0 | J45: 0 | K45: 0 | L45: 0 | M45: 0 | N45: 0 | O45: 0 | P45: 0 | Q45: 0 | R45: =ROUND(SUM(F45:Q45),2) -> 1.0756568e+08
... C51: 2740 | D51: 0427 | F51: 7406188.4 | G51: 8232979.1 | H51: 9087528.4 | I51: 0 | J51: 0 | K51: 0 | L51: 0 | M51: 0 | N51: 0 | O51: 0 | P51: 0 | Q51: 0 | R51: =ROUND(SUM(F51:Q51),2) -> 24726696
F52: =ROUND(SUM(F34:F51),2) -> 95541886 | G52: =ROUND(SUM(G34:G51),2) -> 99937376 | H52: =ROUND(SUM(H34:H51),2) -> 1.7259876e+08 | I52: =ROUND(SUM(I34:I51),2) -> 0 | J52: =ROUND(SUM(J34:J51),2) -> 0 | K52: =ROUND(SUM(K34:K51),2) -> 0 | L52: =ROUND(SUM(L34:L51),2) -> 0 | M52: =ROUND(SUM(M34:M51),2) -> 0 | ... R52: =ROUND(SUM(R34:R51),2) -> 3.6807802e+08
A55: Collections reconciled to receipts | F55: =ROUND(F23-F30-F52,2) -> 0 | G55: =ROUND(G23-G30-G52,2) -> 0 | H55: =ROUND(H23-H30-H52,2) -> 0 | I55: =ROUND(I23-I30-I52,2) -> 0 | J55: =ROUND(J23-J30-J52,2) -> 0 | K55: =ROUND(K23-K30-K52,2) -> 0 | L55: =ROUND(L23-L30-L52,2) -> 0 | M55: =ROUND(M23-M30-M52,2) -> 0 | ... R55: =ROUND(R23-R30-R52,2) -> 0
A58: Additional Information:
A59: Taxpayers remit their payments to the Department using prescribed payment vouchers. The monies collected are deposited into bank accounts held in the custody of the State Treasurer’s Office. The amounts showing in the “Collections by voucher type” section above reflect the payments received from taxpayers. The monies collected are then receipted into State funds maintained by the State Comptroller’s Office. The fund receipts are reflected in the section titled “Comptroller fund receipts.” Additional information regarding fund receipts can be found on the Comptroller’s website at https://illinoiscomptroller.gov/. The allocation of specific monies to specific funds is governed by various tax acts. The line “Collections reconciled to receipts” demonstrates that all money collected by the Department from taxpayers is ultimately receipted into State funds. Variances between collections and receipts are due to timing differences related to changes in the amount of deposits in-transit to the State Comptroller at month end. This information is provided in the section titled “Collections deposited into State Treasury and in-transit to State Comptroller at month end.” Information regarding the taxes imposed, rates, form/filing requirements, payment requirements, and statutory authority can be found in the Tax Information section of the Department’s website at https://tax.illinois.gov/research/taxinformation.html.

Sheet Hotel
A1: ILLINOIS DEPARTMENT OF REVENUE | R1: =Summary!$R$1 -> IDORRPT1
A2: COLLECTIONS REMITTED TO THE STATE COMPTROLLER | R2: =Summary!$R$2 -> Printed by the authority of the State of Illinois - web only, 1, 10/2026
A3: =IF(ISBLANK(Summary!A3),"",Summary!A3) -> FISCAL YEAR 2027 | R3: =Summary!$R$3 -> https://tax.illinois.gov/research/taxstats.html
F5: HOTEL
F6: =IF(ISBLANK(Summary!F6),"",Summary!F6) -> 46234 | G6: =IF(ISBLANK(Summary!G6),"",Summary!G6) -> 46265 | H6: =IF(ISBLANK(Summary!H6),"",Summary!H6) -> 46295 | I6: =IF(ISBLANK(Summary!I6),"",Summary!I6) | J6: =IF(ISBLANK(Summary!J6),"",Summary!J6) | K6: =IF(ISBLANK(Summary!K6),"",Summary!K6) | L6: =IF(ISBLANK(Summary!L6),"",Summary!L6) | M6: =IF(ISBLANK(Summary!M6),"",Summary!M6) | ... Q6: =IF(ISBLANK(Summary!Q6),"",Summary!Q6) | R6: Total
A8: Collections by voucher type:
B9: Assessments | F9: 1478959.7 | G9: 1182207 | H9: 1383978.2 | I9: 0 | J9: 0 | K9: 0 | L9: 0 | M9: 0 | N9: 0 | O9: 0 | P9: 0 | Q9: 0 | R9: =ROUND(SUM(F9:Q9),2) -> 4045144.9
B10: RHM-1 Return | F10: 71298079 | G10: 66858790 | H10: 66174407 | I10: 0 | J10: 0 | K10: 0 | L10: 0 | M10: 0 | N10: 0 | O10: 0 | P10: 0 | Q10: 0 | R10: =ROUND(SUM(F10:Q10),2) -> 2.0433128e+08
F11: =ROUND(SUM(F9:F10),2) -> 72777038 | G11: =ROUND(SUM(G9:G10),2) -> 68040997 | H11: =ROUND(SUM(H9:H10),2) -> 67558385 | I11: =ROUND(SUM(I9:I10),2) -> 0 | J11: =ROUND(SUM(J9:J10),2) -> 0 | K11: =ROUND(SUM(K9:K10),2) -> 0 | L11: =ROUND(SUM(L9:L10),2) -> 0 | M11: =ROUND(SUM(M9:M10),2) -> 0 | ... R11: =ROUND(SUM(R9:R10),2) -> 2.0837642e+08
A13: Collections deposited into State
B14: Treasury and in-transit to State
B15: Comptroller at month end:
C16: Current month | F16: 18883413 | G16: 21169952 | H16: 16810634 | I16: 0 | J16: 0 | K16: 0 | L16: 0 | M16: 0 | N16: 0 | O16: 0 | P16: 0 | Q16: 0 | R16: =IF(ISNA(LOOKUP(2,1/(F6:Q6<>""),F16:Q16)),0,LOOKUP(2,1/(F6:Q6<>""),F16:Q16)) -> 16810634
C17: Prior month | F17: 25092792 | G17: =IF(G6="",0,F16) -> 18883413 | H17: =IF(H6="",0,G16) -> 21169952 | I17: =IF(I6="",0,H16) -> 0 | J17: =IF(J6="",0,I16) -> 0 | K17: =IF(K6="",0,J16) -> 0 | L17: =IF(L6="",0,K16) -> 0 | M17: =IF(M6="",0,L16) -> 0 | N17: =IF(N6="",0,M16) -> 0 | ... Q17: =IF(Q6="",0,P16) -> 0 | R17: =F17 -> 25092792
C18: Net change | F18: =ROUND(F16-F17,2) -> -6209379.2 | G18: =ROUND(G16-G17,2) -> 2286538.7 | H18: =ROUND(H16-H17,2) -> -4359318 | I18: =ROUND(I16-I17,2) -> 0 | J18: =ROUND(J16-J17,2) -> 0 | K18: =ROUND(K16-K17,2) -> 0 | L18: =ROUND(L16-L17,2) -> 0 | M18: =ROUND(M16-M17,2) -> 0 | ... R18: =ROUND(R16-R17,2) -> -8282158.5
A20: Comptroller fund receipts:
C21: Rev Src | D21: Fund
C22: 0138 | D22: 0452 | F22: 4755868.6 | G22: 4222151.8 | H22: 4577108.4 | I22: 0 | J22: 0 | K22: 0 | L22: 0 | M22: 0 | N22: 0 | O22: 0 | P22: 0 | Q22: 0 | R22: =ROUND(SUM(F22:Q22),2) -> 13555129
C23: 0139 | D23: 0001 | F23: 353268.82 | G23: 517214.71 | H23: 569608.39 | I23: 0 | J23: 0 | K23: 0 | L23: 0 | M23: 0 | N23: 0 | O23: 0 | P23: 0 | Q23: 0 | R23: =ROUND(SUM(F23:Q23),2) -> 1440091.9
C24: 0139 | D24: 0621 | F24: 1057903.8 | G24: 683408.84 | H24: 830242.38 | I24: 0 | J24: 0 | K24: 0 | L24: 0 | M24: 0 | N24: 0 | O24: 0 | P24: 0 | Q24: 0 | R24: =ROUND(SUM(F24:Q24),2) -> 2571555
C25: 0139 | D25: 0624 | F25: 2115808 | G25: 1366818.4 | H25: 1660485.5 | I25: 0 | J25: 0 | K25: 0 | L25: 0 | M25: 0 | N25: 0 | O25: 0 | P25: 0 | Q25: 0 | R25: =ROUND(SUM(F25:Q25),2) -> 5143111.9
C26: 0139 | D26: 0763 | F26: 8463232.2 | G26: 5467273.4 | H26: 6641942 | I26: 0 | J26: 0 | K26: 0 | L26: 0 | M26: 0 | N26: 0 | O26: 0 | P26: 0 | Q26: 0 | R26: =ROUND(SUM(F26:Q26),2) -> 20572448
C27: 0139 | D27: 0960 | F27: 26605539 | G27: 21255613 | H27: 23353235 | I27: 0 | J27: 0 | K27: 0 | L27: 0 | M27: 0 | N27: 0 | O27: 0 | P27: 0 | Q27: 0 | R27: =ROUND(SUM(F27:Q27),2) -> 71214387
C28: 0139 | D28: 0969 | F28: 3475970.3 | G28: 2245487.2 | H28: 2727940.3 | I28: 0 | J28: 0 | K28: 0 | L28: 0 | M28: 0 | N28: 0 | O28: 0 | P28: 0 | Q28: 0 | R28: =ROUND(SUM(F28:Q28),2) -> 8449397.8
C29: 0140 | D29: 0337 | F29: 11147938 | G29: 9995008.3 | H29: 10838590 | I29: 0 | J29: 0 | K29: 0 | L29: 0 | M29: 0 | N29: 0 | O29: 0 | P29: 0 | Q29: 0 | R29: =ROUND(SUM(F29:Q29),2) -> 31981536
C30: 0141 | D30: 0225 | F30: 625000 | G30: 625000 | H30: 625000 | I30: 0 | J30: 0 | K30: 0 | L30: 0 | M30: 0 | N30: 0 | O30: 0 | P30: 0 | Q30: 0 | R30: =ROUND(SUM(F30:Q30),2) -> 1875000
C31: 0142 | D31: 0225 | F31: 10867625 | G31: 10867625 | H31: 10867625 | I31: 0 | J31: 0 | K31: 0 | L31: 0 | M31: 0 | N31: 0 | O31: 0 | P31: 0 | Q31: 0 | R31: =ROUND(SUM(F31:Q31),2) -> 32602875
C32: 0143 | D32: 0229 | F32: 9415651.2 | G32: 8358624.6 | H32: 9060473.9 | I32: 0 | J32: 0 | K32: 0 | L32: 0 | M32: 0 | N32: 0 | O32: 0 | P32: 0 | Q32: 0 | R32: =ROUND(SUM(F32:Q32),2) -> 26834750
C33: 2483 | D33: 0384 | F33: 102612.55 | G33: 150233.29 | H33: 165451.55 | I33: 0 | J33: 0 | K33: 0 | L33: 0 | M33: 0 | N33: 0 | O33: 0 | P33: 0 | Q33: 0 | R33: =ROUND(SUM(F33:Q33),2) -> 418297.39
F34: =ROUND(SUM(F22:F33),2) -> 78986418 | G34: =ROUND(SUM(G22:G33),2) -> 65754458 | H34: =ROUND(SUM(H22:H33),2) -> 71917703 | I34: =ROUND(SUM(I22:I33),2) -> 0 | J34: =ROUND(SUM(J22:J33),2) -> 0 | K34: =ROUND(SUM(K22:K33),2) -> 0 | L34: =ROUND(SUM(L22:L33),2) -> 0 | M34: =ROUND(SUM(M22:M33),2) -> 0 | ... R34: =ROUND(SUM(R22:R33),2) -> 2.1665858e+08
A37: Collections reconciled to receipts | F37: =ROUND(F11-F18-F34,2) -> 0 | G37: =ROUND(G11-G18-G34,2) -> 0 | H37: =ROUND(H11-H18-H34,2) -> 0 | I37: =ROUND(I11-I18-I34,2) -> 0 | J37: =ROUND(J11-J18-J34,2) -> 0 | K37: =ROUND(K11-K18-K34,2) -> 0 | L37: =ROUND(L11-L18-L34,2) -> 0 | M37: =ROUND(M11-M18-M34,2) -> 0 | ... R37: =ROUND(R11-R18-R34,2) -> 0
A40: Additional Information:
A41: Taxpayers remit their payments to the Department using prescribed payment vouchers. The monies collected are deposited into bank accounts held in the custody of the State Treasurer’s Office. The amounts showing in the “Collections by voucher type” section above reflect the payments received from taxpayers. The monies collected are then receipted into State funds maintained by the State Comptroller’s Office. The fund receipts are reflected in the section titled “Comptroller fund receipts.” Additional information regarding fund receipts can be found on the Comptroller’s website at https://illinoiscomptroller.gov/. The allocation of specific monies to specific funds is governed by various tax acts. The line “Collections reconciled to receipts” demonstrates that all money collected by the Department from taxpayers is ultimately receipted into State funds. Variances between collections and receipts are due to timing differences related to changes in the amount of deposits in-transit to the State Comptroller at month end. This information is provided in the section titled “Collections deposited into State Treasury and in-transit to State Comptroller at month end.” Information regarding the taxes imposed, rates, form/filing requirements, payment requirements, and statutory authority can be found in the Tax Information section of the Department’s website at https://tax.illinois.gov/research/taxinformation.html.

Sheet Real Estate Transfer
A1: ILLINOIS DEPARTMENT OF REVENUE | R1: =Summary!$R$1 -> IDORRPT1
A2: COLLECTIONS REMITTED TO THE STATE COMPTROLLER | R2: =Summary!$R$2 -> Printed by the authority of the State of Illinois - web only, 1, 10/2026
A3: =IF(ISBLANK(Summary!A3),"",Summary!A3) -> FISCAL YEAR 2027 | R3: =Summary!$R$3 -> https://tax.illinois.gov/research/taxstats.html
F5: REAL ESTATE TRANSFER
F6: =IF(ISBLANK(Summary!F6),"",Summary!F6) -> 46234 | G6: =IF(ISBLANK(Summary!G6),"",Summary!G6) -> 46265 | H6: =IF(ISBLANK(Summary!H6),"",Summary!H6) -> 46295 | I6: =IF(ISBLANK(Summary!I6),"",Summary!I6) | J6: =IF(ISBLANK(Summary!J6),"",Summary!J6) | K6: =IF(ISBLANK(Summary!K6),"",Summary!K6) | L6: =IF(ISBLANK(Summary!L6),"",Summary!L6) | M6: =IF(ISBLANK(Summary!M6),"",Summary!M6) | ... Q6: =IF(ISBLANK(Summary!Q6),"",Summary!Q6) | R6: Total
A8: Collections by voucher type:
B9: Assessments | F9: 5403 | G9: 0 | H9: 0 | I9: 0 | J9: 0 | K9: 0 | L9: 0 | M9: 0 | N9: 0 | O9: 0 | P9: 0 | Q9: 0 | R9: =ROUND(SUM(F9:Q9),2) -> 5403
B10: Real Estate Tax | F10: 10093078 | G10: 11409846 | H10: 9597951 | I10: 0 | J10: 0 | K10: 0 | L10: 0 | M10: 0 | N10: 0 | O10: 0 | P10: 0 | Q10: 0 | R10: =ROUND(SUM(F10:Q10),2) -> 31100875
B11: Rental Housing Surcharge | F11: 2117160 | G11: 2109168 | H11: 1993212 | I11: 0 | J11: 0 | K11: 0 | L11: 0 | M11: 0 | N11: 0 | O11: 0 | P11: 0 | Q11: 0 | R11: =ROUND(SUM(F11:Q11),2) -> 6219540
F12: =ROUND(SUM(F9:F11),2) -> 12215641 | G12: =ROUND(SUM(G9:G11),2) -> 13519014 | H12: =ROUND(SUM(H9:H11),2) -> 11591163 | I12: =ROUND(SUM(I9:I11),2) -> 0 | J12: =ROUND(SUM(J9:J11),2) -> 0 | K12: =ROUND(SUM(K9:K11),2) -> 0 | L12: =ROUND(SUM(L9:L11),2) -> 0 | M12: =ROUND(SUM(M9:M11),2) -> 0 | ... R12: =ROUND(SUM(R9:R11),2) -> 37325818
A14: Collections deposited into State
B15: Treasury and in-transit to State
B16: Comptroller at month end:
C17: Current month | F17: 6880 | G17: 3456 | H17: 59775.5 | I17: 0 | J17: 0 | K17: 0 | L17: 0 | M17: 0 | N17: 0 | O17: 0 | P17: 0 | Q17: 0 | R17: =IF(ISNA(LOOKUP(2,1/(F6:Q6<>""),F17:Q17)),0,LOOKUP(2,1/(F6:Q6<>""),F17:Q17)) -> 59775.5
C18: Prior month | F18: 5616 | G18: =IF(G6="",0,F17) -> 6880 | H18: =IF(H6="",0,G17) -> 3456 | I18: =IF(I6="",0,H17) -> 0 | J18: =IF(J6="",0,I17) -> 0 | K18: =IF(K6="",0,J17) -> 0 | L18: =IF(L6="",0,K17) -> 0 | M18: =IF(M6="",0,L17) -> 0 | N18: =IF(N6="",0,M17) -> 0 | ... Q18: =IF(Q6="",0,P17) -> 0 | R18: =F18 -> 5616
C19: Net change | F19: =ROUND(F17-F18,2) -> 1264 | G19: =ROUND(G17-G18,2) -> -3424 | H19: =ROUND(H17-H18,2) -> 56319.5 | I19: =ROUND(I17-I18,2) -> 0 | J19: =ROUND(J17-J18,2) -> 0 | K19: =ROUND(K17-K18,2) -> 0 | L19: =ROUND(L17-L18,2) -> 0 | M19: =ROUND(M17-M18,2) -> 0 | ... R19: =ROUND(R17-R18,2) -> 54159.5
A21: Comptroller fund receipts:
C22: Rev Src | D22: Fund
C23: 0426 | D23: 0286 | F23: 4894369.5 | G23: 5707166 | H23: 4770707.8 | I23: 0 | J23: 0 | K23: 0 | L23: 0 | M23: 0 | N23: 0 | O23: 0 | P23: 0 | Q23: 0 | R23: =ROUND(SUM(F23:Q23),2) -> 15372243
C24: 0426 | D24: 0298 | F24: 1468310.9 | G24: 1712149.8 | H24: 1431212.3 | I24: 0 | J24: 0 | K24: 0 | L24: 0 | M24: 0 | N24: 0 | O24: 0 | P24: 0 | Q24: 0 | R24: =ROUND(SUM(F24:Q24),2) -> 4611673
C25: 0426 | D25: 0299 | F25: 3426058.7 | G25: 3995016.2 | H25: 3339495.4 | I25: 0 | J25: 0 | K25: 0 | L25: 0 | M25: 0 | N25: 0 | O25: 0 | P25: 0 | Q25: 0 | R25: =ROUND(SUM(F25:Q25),2) -> 10760570
C26: 0426 | D26: 0926 | F26: 300000 | G26: 0 | H26: 0 | I26: 0 | J26: 0 | K26: 0 | L26: 0 | M26: 0 | N26: 0 | O26: 0 | P26: 0 | Q26: 0 | R26: =ROUND(SUM(F26:Q26),2) -> 300000
C27: 2015 | D27: 0150 | F27: 2125638 | G27: 2108106 | H27: 1993428 | I27: 0 | J27: 0 | K27: 0 | L27: 0 | M27: 0 | N27: 0 | O27: 0 | P27: 0 | Q27: 0 | R27: =ROUND(SUM(F27:Q27),2) -> 6227172
F28: =ROUND(SUM(F23:F27),2) -> 12214377 | G28: =ROUND(SUM(G23:G27),2) -> 13522438 | H28: =ROUND(SUM(H23:H27),2) -> 11534844 | I28: =ROUND(SUM(I23:I27),2) -> 0 | J28: =ROUND(SUM(J23:J27),2) -> 0 | K28: =ROUND(SUM(K23:K27),2) -> 0 | L28: =ROUND(SUM(L23:L27),2) -> 0 | M28: =ROUND(SUM(M23:M27),2) -> 0 | ... R28: =ROUND(SUM(R23:R27),2) -> 37271658
A31: Collections reconciled to receipts | F31: =ROUND(F12-F19-F28,2) -> 0 | G31: =ROUND(G12-G19-G28,2) -> 0 | H31: =ROUND(H12-H19-H28,2) -> 0 | I31: =ROUND(I12-I19-I28,2) -> 0 | J31: =ROUND(J12-J19-J28,2) -> 0 | K31: =ROUND(K12-K19-K28,2) -> 0 | L31: =ROUND(L12-L19-L28,2) -> 0 | M31: =ROUND(M12-M19-M28,2) -> 0 | ... R31: =ROUND(R12-R19-R28,2) -> 0
A34: Additional Information:
A35: Taxpayers remit their payments to the Department using prescribed payment vouchers. The monies collected are deposited into bank accounts held in the custody of the State Treasurer’s Office. The amounts showing in the “Collections by voucher type” section above reflect the payments received from taxpayers. The monies collected are then receipted into State funds maintained by the State Comptroller’s Office. The fund receipts are reflected in the section titled “Comptroller fund receipts.” Additional information regarding fund receipts can be found on the Comptroller’s website at https://illinoiscomptroller.gov/. The allocation of specific monies to specific funds is governed by various tax acts. The line “Collections reconciled to receipts” demonstrates that all money collected by the Department from taxpayers is ultimately receipted into State funds. Variances between collections and receipts are due to timing differences related to changes in the amount of deposits in-transit to the State Comptroller at month end. This information is provided in the section titled “Collections deposited into State Treasury and in-transit to State Comptroller at month end.” Information regarding the taxes imposed, rates, form/filing requirements, payment requirements, and statutory authority can be found in the Tax Information section of the Department’s website at https://tax.illinois.gov/research/taxinformation.html.

Sheet Charity Gaming
A1: ILLINOIS DEPARTMENT OF REVENUE | R1: =Summary!$R$1 -> IDORRPT1
A2: COLLECTIONS REMITTED TO THE STATE COMPTROLLER | R2: =Summary!$R$2 -> Printed by the authority of the State of Illinois - web only, 1, 10/2026
A3: =IF(ISBLANK(Summary!A3),"",Summary!A3) -> FISCAL YEAR 2027 | R3: =Summary!$R$3 -> https://tax.illinois.gov/research/taxstats.html
F5: CHARITY GAMING
F6: =IF(ISBLANK(Summary!F6),"",Summary!F6) -> 46234 | G6: =IF(ISBLANK(Summary!G6),"",Summary!G6) -> 46265 | H6: =IF(ISBLANK(Summary!H6),"",Summary!H6) -> 46295 | I6: =IF(ISBLANK(Summary!I6),"",Summary!I6) | J6: =IF(ISBLANK(Summary!J6),"",Summary!J6) | K6: =IF(ISBLANK(Summary!K6),"",Summary!K6) | L6: =IF(ISBLANK(Summary!L6),"",Summary!L6) | M6: =IF(ISBLANK(Summary!M6),"",Summary!M6) | ... Q6: =IF(ISBLANK(Summary!Q6),"",Summary!Q6) | R6: Total
A8: Collections by voucher type:
B9: Assessments | F9: 7022.19 | G9: 5480.97 | H9: 8189.19 | I9: 0 | J9: 0 | K9: 0 | L9: 0 | M9: 0 | N9: 0 | O9: 0 | P9: 0 | Q9: 0 | R9: =ROUND(SUM(F9:Q9),2) -> 20692.35
B10: PT-10 Pull Tab/Jar Game Tax | F10: 402766.68 | G10: 17845.48 | H10: 12740.47 | I10: 0 | J10: 0 | K10: 0 | L10: 0 | M10: 0 | N10: 0 | O10: 0 | P10: 0 | Q10: 0 | R10: =ROUND(SUM(F10:Q10),2) -> 433352.63
B11: PT-11 Pull Tab/Jar Game Tax | F11: 1641.9 | G11: 150 | H11: 199.85 | I11: 0 | J11: 0 | K11: 0 | L11: 0 | M11: 0 | N11: 0 | O11: 0 | P11: 0 | Q11: 0 | R11: =ROUND(SUM(F11:Q11),2) -> 1991.75
B12: PT-6 Pull Tab/Jar Game License | F12: 21500 | G12: 20000 | H12: 16000 | I12: 0 | J12: 0 | K12: 0 | L12: 0 | M12: 0 | N12: 0 | O12: 0 | P12: 0 | Q12: 0 | R12: =ROUND(SUM(F12:Q12),2) -> 57500
B13: PT-8 Pull Tab/Jar Game License | F13: 5000 | G13: 0 | H13: 0 | I13: 0 | J13: 0 | K13: 0 | L13: 0 | M13: 0 | N13: 0 | O13: 0 | P13: 0 | Q13: 0 | R13: =ROUND(SUM(F13:Q13),2) -> 5000
B14: RB-1 Bingo Tax | F14: 232464.5 | G14: 6895.96 | H14: 16305.27 | I14: 0 | J14: 0 | K14: 0 | L14: 0 | M14: 0 | N14: 0 | O14: 0 | P14: 0 | Q14: 0 | R14: =ROUND(SUM(F14:Q14),2) -> 255665.73
B15: RB-1-L Bingo Tax | F15: 3963.87 | G15: 9215.08 | H15: 6381.4 | I15: 0 | J15: 0 | K15: 0 | L15: 0 | M15: 0 | N15: 0 | O15: 0 | P15: 0 | Q15: 0 | R15: =ROUND(SUM(F15:Q15),2) -> 19560.35
B16: RB-2 Bingo License | F16: 1000 | G16: 1000 | H16: 400 | I16: 0 | J16: 0 | K16: 0 | L16: 0 | M16: 0 | N16: 0 | O16: 0 | P16: 0 | Q16: 0 | R16: =ROUND(SUM(F16:Q16),2) -> 2400
B17: RB-3 Bingo License | F17: 7000 | G17: 6800 | H17: 3800 | I17: 0 | J17: 0 | K17: 0 | L17: 0 | M17: 0 | N17: 0 | O17: 0 | P17: 0 | Q17: 0 | R17: =ROUND(SUM(F17:Q17),2) -> 17600
B18: RB-30 Bingo License | F18: 1800 | G18: 2550 | H18: 2100 | I18: 0 | J18: 0 | K18: 0 | L18: 0 | M18: 0 | N18: 0 | O18: 0 | P18: 0 | Q18: 0 | R18: =ROUND(SUM(F18:Q18),2) -> 6450
B19: RCG-1 Charitable Games License | F19: 6050 | G19: 6450 | H19: 3600 | I19: 0 | J19: 0 | K19: 0 | L19: 0 | M19: 0 | N19: 0 | O19: 0 | P19: 0 | Q19: 0 | R19: =ROUND(SUM(F19:Q19),2) -> 16100
B20: RCG-18 Charitable Games Tax | F20: 12626.16 | G20: 10911.22 | H20: 9825.36 | I20: 0 | J20: 0 | K20: 0 | L20: 0 | M20: 0 | N20: 0 | O20: 0 | P20: 0 | Q20: 0 | R20: =ROUND(SUM(F20:Q20),2) -> 33362.74
... B23: RCOA-1 Coin Tax Decal | F23: 525282 | G23: 68694 | H23: 6957 | I23: 0 | J23: 0 | K23: 0 | L23: 0 | M23: 0 | N23: 0 | O23: 0 | P23: 0 | Q23: 0 | R23: =ROUND(SUM(F23:Q23),2) -> 600933
F24: =ROUND(SUM(F9:F23),2) -> 1229617.3 | G24: =ROUND(SUM(G9:G23),2) -> 155992.71 | H24: =ROUND(SUM(H9:H23),2) -> 86498.54 | I24: =ROUND(SUM(I9:I23),2) -> 0 | J24: =ROUND(SUM(J9:J23),2) -> 0 | K24: =ROUND(SUM(K9:K23),2) -> 0 | L24: =ROUND(SUM(L9:L23),2) -> 0 | M24: =ROUND(SUM(M9:M23),2) -> 0 | ... R24: =ROUND(SUM(R9:R23),2) -> 1472108.6
A26: Collections deposited into State
B27: Treasury and in-transit to State
B28: Comptroller at month end:
C29: Current month | F29: 293635.63 | G29: 42856.41 | H29: 18989.69 | I29: 0 | J29: 0 | K29: 0 | L29: 0 | M29: 0 | N29: 0 | O29: 0 | P29: 0 | Q29: 0 | R29: =IF(ISNA(LOOKUP(2,1/(F6:Q6<>""),F29:Q29)),0,LOOKUP(2,1/(F6:Q6<>""),F29:Q29)) -> 18989.69
C30: Prior month | F30: 88464.1 | G30: =IF(G6="",0,F29) -> 293635.63 | H30: =IF(H6="",0,G29) -> 42856.41 | I30: =IF(I6="",0,H29) -> 0 | J30: =IF(J6="",0,I29) -> 0 | K30: =IF(K6="",0,J29) -> 0 | L30: =IF(L6="",0,K29) -> 0 | M30: =IF(M6="",0,L29) -> 0 | N30: =IF(N6="",0,M29) -> 0 | ... Q30: =IF(Q6="",0,P29) -> 0 | R30: =F30 -> 88464.1
C31: Net change | F31: =ROUND(F29-F30,2) -> 205171.53 | G31: =ROUND(G29-G30,2) -> -250779.22 | H31: =ROUND(H29-H30,2) -> -23866.72 | I31: =ROUND(I29-I30,2) -> 0 | J31: =ROUND(J29-J30,2) -> 0 | K31: =ROUND(K29-K30,2) -> 0 | L31: =ROUND(L29-L30,2) -> 0 | M31: =ROUND(M29-M30,2) -> 0 | ... R31: =ROUND(R29-R30,2) -> -69474.41
A33: Comptroller fund receipts:
C34: Rev Src | D34: Fund
C35: 0037 | D35: 0001 | F35: 9200 | G35: 7400 | H35: 8600 | I35: 0 | J35: 0 | K35: 0 | L35: 0 | M35: 0 | N35: 0 | O35: 0 | P35: 0 | Q35: 0 | R35: =ROUND(SUM(F35:Q35),2) -> 25200
C36: 0039 | D36: 0085 | F36: 8350 | G36: 2900 | H36: 6250 | I36: 0 | J36: 0 | K36: 0 | L36: 0 | M36: 0 | N36: 0 | O36: 0 | P36: 0 | Q36: 0 | R36: =ROUND(SUM(F36:Q36),2) -> 17500
C37: 0040 | D37: 0050 | F37: 100259.08 | G37: 27040.17 | H37: 15237.84 | I37: 0 | J37: 0 | K37: 0 | L37: 0 | M37: 0 | N37: 0 | O37: 0 | P37: 0 | Q37: 0 | R37: =ROUND(SUM(F37:Q37),2) -> 142537.09
C38: 0041 | D38: 0412 | F38: 100259.02 | G38: 27040.17 | H38: 15237.84 | I38: 0 | J38: 0 | K38: 0 | L38: 0 | M38: 0 | N38: 0 | O38: 0 | P38: 0 | Q38: 0 | R38: =ROUND(SUM(F38:Q38),2) -> 142537.03
C39: 0043 | D39: 0085 | F39: 17235.43 | G39: 8239.27 | H39: 13349.36 | I39: 0 | J39: 0 | K39: 0 | L39: 0 | M39: 0 | N39: 0 | O39: 0 | P39: 0 | Q39: 0 | R39: =ROUND(SUM(F39:Q39),2) -> 38824.06
C40: 0053 | D40: 0001 | F40: 393657 | G40: 252897 | H40: 15544 | I40: 0 | J40: 0 | K40: 0 | L40: 0 | M40: 0 | N40: 0 | O40: 0 | P40: 0 | Q40: 0 | R40: =ROUND(SUM(F40:Q40),2) -> 662098
C41: 0423 | D41: 0085 | F41: 11762.5 | G41: 7750 | H41: 9000 | I41: 0 | J41: 0 | K41: 0 | L41: 0 | M41: 0 | N41: 0 | O41: 0 | P41: 0 | Q41: 0 | R41: =ROUND(SUM(F41:Q41),2) -> 28512.5
C42: 0423 | D42: 0412 | F42: 11762.5 | G42: 7750 | H42: 9000 | I42: 0 | J42: 0 | K42: 0 | L42: 0 | M42: 0 | N42: 0 | O42: 0 | P42: 0 | Q42: 0 | R42: =ROUND(SUM(F42:Q42),2) -> 28512.5
C43: 0424 | D43: 0085 | F43: 185980.12 | G43: 32877.67 | H43: 9073.09 | I43: 0 | J43: 0 | K43: 0 | L43: 0 | M43: 0 | N43: 0 | O43: 0 | P43: 0 | Q43: 0 | R43: =ROUND(SUM(F43:Q43),2) -> 227930.88
C44: 0424 | D44: 0412 | F44: 185980.12 | G44: 32877.65 | H44: 9073.13 | I44: 0 | J44: 0 | K44: 0 | L44: 0 | M44: 0 | N44: 0 | O44: 0 | P44: 0 | Q44: 0 | R44: =ROUND(SUM(F44:Q44),2) -> 227930.9
F45: =ROUND(SUM(F35:F44),2) -> 1024445.8 | G45: =ROUND(SUM(G35:G44),2) -> 406771.93 | H45: =ROUND(SUM(H35:H44),2) -> 110365.26 | I45: =ROUND(SUM(I35:I44),2) -> 0 | J45: =ROUND(SUM(J35:J44),2) -> 0 | K45: =ROUND(SUM(K35:K44),2) -> 0 | L45: =ROUND(SUM(L35:L44),2) -> 0 | M45: =ROUND(SUM(M35:M44),2) -> 0 | ... R45: =ROUND(SUM(R35:R44),2) -> 1541583
A48: Collections reconciled to receipts | F48: =ROUND(F24-F31-F45,2) -> 0 | G48: =ROUND(G24-G31-G45,2) -> 0 | H48: =ROUND(H24-H31-H45,2) -> 0 | I48: =ROUND(I24-I31-I45,2) -> 0 | J48: =ROUND(J24-J31-J45,2) -> 0 | K48: =ROUND(K24-K31-K45,2) -> 0 | L48: =ROUND(L24-L31-L45,2) -> 0 | M48: =ROUND(M24-M31-M45,2) -> 0 | ... R48: =ROUND(R24-R31-R45,2) -> 0
A51: Additional Information:
A52: Taxpayers remit their payments to the Department using prescribed payment vouchers. The monies collected are deposited into bank accounts held in the custody of the State Treasurer’s Office. The amounts showing in the “Collections by voucher type” section above reflect the payments received from taxpayers. The monies collected are then receipted into State funds maintained by the State Comptroller’s Office. The fund receipts are reflected in the section titled “Comptroller fund receipts.” Additional information regarding fund receipts can be found on the Comptroller’s website at https://illinoiscomptroller.gov/. The allocation of specific monies to specific funds is governed by various tax acts. The line “Collections reconciled to receipts” demonstrates that all money collected by the Department from taxpayers is ultimately receipted into State funds. Variances between collections and receipts are due to timing differences related to changes in the amount of deposits in-transit to the State Comptroller at month end. This information is provided in the section titled “Collections deposited into State Treasury and in-transit to State Comptroller at month end.” Information regarding the taxes imposed, rates, form/filing requirements, payment requirements, and statutory authority can be found in the Tax Information section of the Department’s website at https://tax.illinois.gov/research/taxinformation.html.

Sheet Private Vehicle Use
A1: ILLINOIS DEPARTMENT OF REVENUE | R1: =Summary!$R$1 -> IDORRPT1
A2: COLLECTIONS REMITTED TO THE STATE COMPTROLLER | R2: =Summary!$R$2 -> Printed by the authority of the State of Illinois - web only, 1, 10/2026
A3: =IF(ISBLANK(Summary!A3),"",Summary!A3) -> FISCAL YEAR 2027 | R3: =Summary!$R$3 -> https://tax.illinois.gov/research/taxstats.html
F5: PRIVATE VEHICLE USE
F6: =IF(ISBLANK(Summary!F6),"",Summary!F6) -> 46234 | G6: =IF(ISBLANK(Summary!G6),"",Summary!G6) -> 46265 | H6: =IF(ISBLANK(Summary!H6),"",Summary!H6) -> 46295 | I6: =IF(ISBLANK(Summary!I6),"",Summary!I6) | J6: =IF(ISBLANK(Summary!J6),"",Summary!J6) | K6: =IF(ISBLANK(Summary!K6),"",Summary!K6) | L6: =IF(ISBLANK(Summary!L6),"",Summary!L6) | M6: =IF(ISBLANK(Summary!M6),"",Summary!M6) | ... Q6: =IF(ISBLANK(Summary!Q6),"",Summary!Q6) | R6: Total
A8: Collections by voucher type:
B9: Assessments | F9: 761582.36 | G9: 803919.91 | H9: 727924.1 | I9: 0 | J9: 0 | K9: 0 | L9: 0 | M9: 0 | N9: 0 | O9: 0 | P9: 0 | Q9: 0 | R9: =ROUND(SUM(F9:Q9),2) -> 2293426.4
B10: RUT-50 Return | F10: 4956144.2 | G10: 7479495.3 | H10: 8580254.5 | I10: 0 | J10: 0 | K10: 0 | L10: 0 | M10: 0 | N10: 0 | O10: 0 | P10: 0 | Q10: 0 | R10: =ROUND(SUM(F10:Q10),2) -> 21015894
F11: =ROUND(SUM(F9:F10),2) -> 5717726.6 | G11: =ROUND(SUM(G9:G10),2) -> 8283415.2 | H11: =ROUND(SUM(H9:H10),2) -> 9308178.6 | I11: =ROUND(SUM(I9:I10),2) -> 0 | J11: =ROUND(SUM(J9:J10),2) -> 0 | K11: =ROUND(SUM(K9:K10),2) -> 0 | L11: =ROUND(SUM(L9:L10),2) -> 0 | M11: =ROUND(SUM(M9:M10),2) -> 0 | ... R11: =ROUND(SUM(R9:R10),2) -> 23309320
A13: Collections deposited into State
B14: Treasury and in-transit to State
B15: Comptroller at month end:
C16: Current month | F16: 2162233 | G16: 3596984.1 | H16: 2707233 | I16: 0 | J16: 0 | K16: 0 | L16: 0 | M16: 0 | N16: 0 | O16: 0 | P16: 0 | Q16: 0 | R16: =IF(ISNA(LOOKUP(2,1/(F6:Q6<>""),F16:Q16)),0,LOOKUP(2,1/(F6:Q6<>""),F16:Q16)) -> 2707233
C17: Prior month | F17: 1350058.5 | G17: =IF(G6="",0,F16) -> 2162233 | H17: =IF(H6="",0,G16) -> 3596984.1 | I17: =IF(I6="",0,H16) -> 0 | J17: =IF(J6="",0,I16) -> 0 | K17: =IF(K6="",0,J16) -> 0 | L17: =IF(L6="",0,K16) -> 0 | M17: =IF(M6="",0,L16) -> 0 | N17: =IF(N6="",0,M16) -> 0 | ... Q17: =IF(Q6="",0,P16) -> 0 | R17: =F17 -> 1350058.5
C18: Net change | F18: =ROUND(F16-F17,2) -> 812174.54 | G18: =ROUND(G16-G17,2) -> 1434751.1 | H18: =ROUND(H16-H17,2) -> -889751.07 | I18: =ROUND(I16-I17,2) -> 0 | J18: =ROUND(J16-J17,2) -> 0 | K18: =ROUND(K16-K17,2) -> 0 | L18: =ROUND(L16-L17,2) -> 0 | M18: =ROUND(M16-M17,2) -> 0 | ... R18: =ROUND(R16-R17,2) -> 1357174.5
A20: Comptroller fund receipts:
C21: Rev Src | D21: Fund
C22: 0521 | D22: 0001 | F22: 770140.75 | G22: 2121617.8 | H22: 5018864.6 | I22: 0 | J22: 0 | K22: 0 | L22: 0 | M22: 0 | N22: 0 | O22: 0 | P22: 0 | Q22: 0 | R22: =ROUND(SUM(F22:Q22),2) -> 7910623.2
C23: 0521 | D23: 0263 | F23: 735717.46 | G23: 1340482.7 | H23: 1785651 | I23: 0 | J23: 0 | K23: 0 | L23: 0 | M23: 0 | N23: 0 | O23: 0 | P23: 0 | Q23: 0 | R23: =ROUND(SUM(F23:Q23),2) -> 3861851.2
C24: 0521 | D24: 0960 | F24: 3333333.3 | G24: 3333333.3 | H24: 3333333.3 | I24: 0 | J24: 0 | K24: 0 | L24: 0 | M24: 0 | N24: 0 | O24: 0 | P24: 0 | Q24: 0 | R24: =ROUND(SUM(F24:Q24),2) -> 10000000
C25: 2483 | D25: 0384 | F25: 66360.53 | G25: 53230.27 | H25: 60080.78 | I25: 0 | J25: 0 | K25: 0 | L25: 0 | M25: 0 | N25: 0 | O25: 0 | P25: 0 | Q25: 0 | R25: =ROUND(SUM(F25:Q25),2) -> 179671.58
F26: =ROUND(SUM(F22:F25),2) -> 4905552.1 | G26: =ROUND(SUM(G22:G25),2) -> 6848664.2 | H26: =ROUND(SUM(H22:H25),2) -> 10197930 | I26: =ROUND(SUM(I22:I25),2) -> 0 | J26: =ROUND(SUM(J22:J25),2) -> 0 | K26: =ROUND(SUM(K22:K25),2) -> 0 | L26: =ROUND(SUM(L22:L25),2) -> 0 | M26: =ROUND(SUM(M22:M25),2) -> 0 | ... R26: =ROUND(SUM(R22:R25),2) -> 21952146
A29: Collections reconciled to receipts | F29: =ROUND(F11-F18-F26,2) -> 0 | G29: =ROUND(G11-G18-G26,2) -> 0 | H29: =ROUND(H11-H18-H26,2) -> 0 | I29: =ROUND(I11-I18-I26,2) -> 0 | J29: =ROUND(J11-J18-J26,2) -> 0 | K29: =ROUND(K11-K18-K26,2) -> 0 | L29: =ROUND(L11-L18-L26,2) -> 0 | M29: =ROUND(M11-M18-M26,2) -> 0 | ... R29: =ROUND(R11-R18-R26,2) -> 0
A32: Additional Information:
A33: Taxpayers remit their payments to the Department using prescribed payment vouchers. The monies collected are deposited into bank accounts held in the custody of the State Treasurer’s Office. The amounts showing in the “Collections by voucher type” section above reflect the payments received from taxpayers. The monies collected are then receipted into State funds maintained by the State Comptroller’s Office. The fund receipts are reflected in the section titled “Comptroller fund receipts.” Additional information regarding fund receipts can be found on the Comptroller’s website at https://illinoiscomptroller.gov/. The allocation of specific monies to specific funds is governed by various tax acts. The line “Collections reconciled to receipts” demonstrates that all money collected by the Department from taxpayers is ultimately receipted into State funds. Variances between collections and receipts are due to timing differences related to changes in the amount of deposits in-transit to the State Comptroller at month end. This information is provided in the section titled “Collections deposited into State Treasury and in-transit to State Comptroller at month end.” Information regarding the taxes imposed, rates, form/filing requirements, payment requirements, and statutory authority can be found in the Tax Information section of the Department’s website at https://tax.illinois.gov/research/taxinformation.html.

Sheet General Office
A1: ILLINOIS DEPARTMENT OF REVENUE | R1: =Summary!$R$1 -> IDORRPT1
A2: COLLECTIONS REMITTED TO THE STATE COMPTROLLER | R2: =Summary!$R$2 -> Printed by the authority of the State of Illinois - web only, 1, 10/2026
A3: =IF(ISBLANK(Summary!A3),"",Summary!A3) -> FISCAL YEAR 2027 | R3: =Summary!$R$3 -> https://tax.illinois.gov/research/taxstats.html
F5: GENERAL OFFICE / MISCELLANEOUS
F6: =IF(ISBLANK(Summary!F6),"",Summary!F6) -> 46234 | G6: =IF(ISBLANK(Summary!G6),"",Summary!G6) -> 46265 | H6: =IF(ISBLANK(Summary!H6),"",Summary!H6) -> 46295 | I6: =IF(ISBLANK(Summary!I6),"",Summary!I6) | J6: =IF(ISBLANK(Summary!J6),"",Summary!J6) | K6: =IF(ISBLANK(Summary!K6),"",Summary!K6) | L6: =IF(ISBLANK(Summary!L6),"",Summary!L6) | M6: =IF(ISBLANK(Summary!M6),"",Summary!M6) | ... Q6: =IF(ISBLANK(Summary!Q6),"",Summary!Q6) | R6: Total
A8: Collections by voucher type:
B9: General Office/Misc | F9: 305 | G9: 610 | H9: 390 | I9: 0 | J9: 0 | K9: 0 | L9: 0 | M9: 0 | N9: 0 | O9: 0 | P9: 0 | Q9: 0 | R9: =ROUND(SUM(F9:Q9),2) -> 1305
B10: IL Sports Facilities Auth | F10: 0 | G10: 6258139 | H10: 18580210 | I10: 0 | J10: 0 | K10: 0 | L10: 0 | M10: 0 | N10: 0 | O10: 0 | P10: 0 | Q10: 0 | R10: =ROUND(SUM(F10:Q10),2) -> 24838349
B11: Operating Refunds | F11: 3953828.6 | G11: 2050212.1 | H11: 369936.27 | I11: 0 | J11: 0 | K11: 0 | L11: 0 | M11: 0 | N11: 0 | O11: 0 | P11: 0 | Q11: 0 | R11: =ROUND(SUM(F11:Q11),2) -> 6373977
B12: Remittance Clearing | F12: 44423.48 | G12: 17618.14 | H12: 11752.38 | I12: 0 | J12: 0 | K12: 0 | L12: 0 | M12: 0 | N12: 0 | O12: 0 | P12: 0 | Q12: 0 | R12: =ROUND(SUM(F12:Q12),2) -> 73794
B13: Tax Compl and Admin Reimb | F13: 125564.82 | G13: 8116.48 | H13: 57477.91 | I13: 0 | J13: 0 | K13: 0 | L13: 0 | M13: 0 | N13: 0 | O13: 0 | P13: 0 | Q13: 0 | R13: =ROUND(SUM(F13:Q13),2) -> 191159.21
B14: Tennessee Valley Authority | F14: 27849.02 | G14: 27849.02 | H14: 35857.12 | I14: 0 | J14: 0 | K14: 0 | L14: 0 | M14: 0 | N14: 0 | O14: 0 | P14: 0 | Q14: 0 | R14: =ROUND(SUM(F14:Q14),2) -> 91555.16
F15: =ROUND(SUM(F9:F14),2) -> 4151970.9 | G15: =ROUND(SUM(G9:G14),2) -> 8362544.7 | H15: =ROUND(SUM(H9:H14),2) -> 19055624 | I15: =ROUND(SUM(I9:I14),2) -> 0 | J15: =ROUND(SUM(J9:J14),2) -> 0 | K15: =ROUND(SUM(K9:K14),2) -> 0 | L15: =ROUND(SUM(L9:L14),2) -> 0 | M15: =ROUND(SUM(M9:M14),2) -> 0 | ... R15: =ROUND(SUM(R9:R14),2) -> 31570140
A17: Collections deposited into State
B18: Treasury and in-transit to State
B19: Comptroller at month end:
C20: Current month | F20: 35017.56 | G20: 52828.23 | H20: 47584.5 | I20: 0 | J20: 0 | K20: 0 | L20: 0 | M20: 0 | N20: 0 | O20: 0 | P20: 0 | Q20: 0 | R20: =IF(ISNA(LOOKUP(2,1/(F6:Q6<>""),F20:Q20)),0,LOOKUP(2,1/(F6:Q6<>""),F20:Q20)) -> 47584.5
C21: Prior month | F21: 40199.91 | G21: =IF(G6="",0,F20) -> 35017.56 | H21: =IF(H6="",0,G20) -> 52828.23 | I21: =IF(I6="",0,H20) -> 0 | J21: =IF(J6="",0,I20) -> 0 | K21: =IF(K6="",0,J20) -> 0 | L21: =IF(L6="",0,K20) -> 0 | M21: =IF(M6="",0,L20) -> 0 | N21: =IF(N6="",0,M20) -> 0 | ... Q21: =IF(Q6="",0,P20) -> 0 | R21: =F21 -> 40199.91
C22: Net change | F22: =ROUND(F20-F21,2) -> -5182.35 | G22: =ROUND(G20-G21,2) -> 17810.67 | H22: =ROUND(H20-H21,2) -> -5243.73 | I22: =ROUND(I20-I21,2) -> 0 | J22: =ROUND(J20-J21,2) -> 0 | K22: =ROUND(K20-K21,2) -> 0 | L22: =ROUND(L20-L21,2) -> 0 | M22: =ROUND(M20-M21,2) -> 0 | ... R22: =ROUND(R20-R21,2) -> 7384.59
A24: Comptroller fund receipts:
C25: Rev Src | D25: Fund
C26: 0147 | D26: 0278 | F26: 50038.01 | G26: 65480.3 | H26: 21068.03 | I26: 0 | J26: 0 | K26: 0 | L26: 0 | M26: 0 | N26: 0 | O26: 0 | P26: 0 | Q26: 0 | R26: =ROUND(SUM(F26:Q26),2) -> 136586.34
C27: 0641 | D27: 0001 | F27: 8354.71 | G27: 8354.71 | H27: 8354.71 | I27: 0 | J27: 0 | K27: 0 | L27: 0 | M27: 0 | N27: 0 | O27: 0 | P27: 0 | Q27: 0 | R27: =ROUND(SUM(F27:Q27),2) -> 25064.13
C28: 0641 | D28: 0861 | F28: 19494.31 | G28: 19494.31 | H28: 19494.31 | I28: 0 | J28: 0 | K28: 0 | L28: 0 | M28: 0 | N28: 0 | O28: 0 | P28: 0 | Q28: 0 | R28: =ROUND(SUM(F28:Q28),2) -> 58482.93
C29: 0828 | D29: 0001 | F29: 0 | G29: 5633139 | H29: 17330210 | I29: 0 | J29: 0 | K29: 0 | L29: 0 | M29: 0 | N29: 0 | O29: 0 | P29: 0 | Q29: 0 | R29: =ROUND(SUM(F29:Q29),2) -> 22963349
C30: 0856 | D30: 0225 | F30: 0 | G30: 625000 | H30: 1250000 | I30: 0 | J30: 0 | K30: 0 | L30: 0 | M30: 0 | N30: 0 | O30: 0 | P30: 0 | Q30: 0 | R30: =ROUND(SUM(F30:Q30),2) -> 1875000
C31: 1121 | D31: 0001 | F31: 4699.26 | G31: 1461.17 | H31: 18188.14 | I31: 0 | J31: 0 | K31: 0 | L31: 0 | M31: 0 | N31: 0 | O31: 0 | P31: 0 | Q31: 0 | R31: =ROUND(SUM(F31:Q31),2) -> 24348.57
C32: 1304 | D32: 0583 | F32: 51258.94 | G32: 0 | H32: 115 | I32: 0 | J32: 0 | K32: 0 | L32: 0 | M32: 0 | N32: 0 | O32: 0 | P32: 0 | Q32: 0 | R32: =ROUND(SUM(F32:Q32),2) -> 51373.94
C33: 2483 | D33: 0384 | F33: 119517.45 | G33: 9772.85 | H33: 61868.91 | I33: 0 | J33: 0 | K33: 0 | L33: 0 | M33: 0 | N33: 0 | O33: 0 | P33: 0 | Q33: 0 | R33: =ROUND(SUM(F33:Q33),2) -> 191159.21
C34: 9007 | D34: 0012 | F34: 0 | G34: 0 | H34: 836.41 | I34: 0 | J34: 0 | K34: 0 | L34: 0 | M34: 0 | N34: 0 | O34: 0 | P34: 0 | Q34: 0 | R34: =ROUND(SUM(F34:Q34),2) -> 836.41
C35: 9007 | D35: 0278 | F35: 3903790.6 | G35: 1971930.7 | H35: 341526.72 | I35: 0 | J35: 0 | K35: 0 | L35: 0 | M35: 0 | N35: 0 | O35: 0 | P35: 0 | Q35: 0 | R35: =ROUND(SUM(F35:Q35),2) -> 6217248
C36: 9007 | D36: 0515 | F36: 0 | G36: 0 | H36: 5899.59 | I36: 0 | J36: 0 | K36: 0 | L36: 0 | M36: 0 | N36: 0 | O36: 0 | P36: 0 | Q36: 0 | R36: =ROUND(SUM(F36:Q36),2) -> 5899.59
C37: 9007 | D37: 0802 | F37: 0 | G37: 10101 | H37: 1817.28 | I37: 0 | J37: 0 | K37: 0 | L37: 0 | M37: 0 | N37: 0 | O37: 0 | P37: 0 | Q37: 0 | R37: =ROUND(SUM(F37:Q37),2) -> 11918.28
... C39: 9007 | D39: 0842 | F39: 0 | G39: 0 | H39: 780.77 | I39: 0 | J39: 0 | K39: 0 | L39: 0 | M39: 0 | N39: 0 | O39: 0 | P39: 0 | Q39: 0 | R39: =ROUND(SUM(F39:Q39),2) -> 780.77
F40: =ROUND(SUM(F26:F39),2) -> 4157153.3 | G40: =ROUND(SUM(G26:G39),2) -> 8344734.1 | H40: =ROUND(SUM(H26:H39),2) -> 19060868 | I40: =ROUND(SUM(I26:I39),2) -> 0 | J40: =ROUND(SUM(J26:J39),2) -> 0 | K40: =ROUND(SUM(K26:K39),2) -> 0 | L40: =ROUND(SUM(L26:L39),2) -> 0 | M40: =ROUND(SUM(M26:M39),2) -> 0 | ... R40: =ROUND(SUM(R26:R39),2) -> 31562755
A43: Collections reconciled to receipts | F43: =ROUND(F15-F22-F40,2) -> 0 | G43: =ROUND(G15-G22-G40,2) -> 0 | H43: =ROUND(H15-H22-H40,2) -> 0 | I43: =ROUND(I15-I22-I40,2) -> 0 | J43: =ROUND(J15-J22-J40,2) -> 0 | K43: =ROUND(K15-K22-K40,2) -> 0 | L43: =ROUND(L15-L22-L40,2) -> 0 | M43: =ROUND(M15-M22-M40,2) -> 0 | ... R43: =ROUND(R15-R22-R40,2) -> 0
A46: Additional Information:
A47: Taxpayers remit their payments to the Department using prescribed payment vouchers. The monies collected are deposited into bank accounts held in the custody of the State Treasurer’s Office. The amounts showing in the “Collections by voucher type” section above reflect the payments received from taxpayers. The monies collected are then receipted into State funds maintained by the State Comptroller’s Office. The fund receipts are reflected in the section titled “Comptroller fund receipts.” Additional information regarding fund receipts can be found on the Comptroller’s website at https://illinoiscomptroller.gov/. The allocation of specific monies to specific funds is governed by various tax acts. The line “Collections reconciled to receipts” demonstrates that all money collected by the Department from taxpayers is ultimately receipted into State funds. Variances between collections and receipts are due to timing differences related to changes in the amount of deposits in-transit to the State Comptroller at month end. This information is provided in the section titled “Collections deposited into State Treasury and in-transit to State Comptroller at month end.” The Department collects hotel taxes imposed by the Illinois Sports Facilities Authority (ISFA). The taxes collected are in addition to State imposed hotel taxes. Pursuant to statute, the State advances hotel tax collections to ISFA early in the State fiscal year with repayment made by ISFA to the State later in the same fiscal year. Statute also requires the State provide a subsidy to ISFA each year. Revenue source codes 0828 and 0856 reflect these receipts.

Sheet Business Income
A1: ILLINOIS DEPARTMENT OF REVENUE | R1: =Summary!$R$1 -> IDORRPT1
A2: COLLECTIONS REMITTED TO THE STATE COMPTROLLER | R2: =Summary!$R$2 -> Printed by the authority of the State of Illinois - web only, 1, 10/2026
A3: =IF(ISBLANK(Summary!A3),"",Summary!A3) -> FISCAL YEAR 2027 | R3: =Summary!$R$3 -> https://tax.illinois.gov/research/taxstats.html
F5: BUSINESS INCOME
F6: =IF(ISBLANK(Summary!F6),"",Summary!F6) -> 46234 | G6: =IF(ISBLANK(Summary!G6),"",Summary!G6) -> 46265 | H6: =IF(ISBLANK(Summary!H6),"",Summary!H6) -> 46295 | I6: =IF(ISBLANK(Summary!I6),"",Summary!I6) | J6: =IF(ISBLANK(Summary!J6),"",Summary!J6) | K6: =IF(ISBLANK(Summary!K6),"",Summary!K6) | L6: =IF(ISBLANK(Summary!L6),"",Summary!L6) | M6: =IF(ISBLANK(Summary!M6),"",Summary!M6) | ... Q6: =IF(ISBLANK(Summary!Q6),"",Summary!Q6) | R6: Total
A8: Collections by voucher type:
B9: Assessments | F9: 28346938 | G9: 18680859 | H9: 34797846 | I9: 0 | J9: 0 | K9: 0 | L9: 0 | M9: 0 | N9: 0 | O9: 0 | P9: 0 | Q9: 0 | R9: =ROUND(SUM(F9:Q9),2) -> 81825643
B10: 1041 Fiduciary | F10: 2115270.1 | G10: 1920814.8 | H10: 25198843 | I10: 0 | J10: 0 | K10: 0 | L10: 0 | M10: 0 | N10: 0 | O10: 0 | P10: 0 | Q10: 0 | R10: =ROUND(SUM(F10:Q10),2) -> 29234928
B11: 1065 Partnership | F11: 33194906 | G11: 19936310 | H11: 4.4725852e+08 | I11: 0 | J11: 0 | K11: 0 | L11: 0 | M11: 0 | N11: 0 | O11: 0 | P11: 0 | Q11: 0 | R11: =ROUND(SUM(F11:Q11),2) -> 5.0038974e+08
B12: 1120 C-Corporation | F12: 3.5159453e+08 | G12: 73548459 | H12: 1.3342616e+09 | I12: 0 | J12: 0 | K12: 0 | L12: 0 | M12: 0 | N12: 0 | O12: 0 | P12: 0 | Q12: 0 | R12: =ROUND(SUM(F12:Q12),2) -> 1.7594046e+09
B13: 1120-ES Estimated Payment | F13: 77268293 | G13: 29513372 | H13: 5.6022138e+08 | I13: 0 | J13: 0 | K13: 0 | L13: 0 | M13: 0 | N13: 0 | O13: 0 | P13: 0 | Q13: 0 | R13: =ROUND(SUM(F13:Q13),2) -> 6.6700304e+08
B14: 1120-ST S-Corporation | F14: 19052134 | G14: 26489822 | H14: 3.8240685e+08 | I14: 0 | J14: 0 | K14: 0 | L14: 0 | M14: 0 | N14: 0 | O14: 0 | P14: 0 | Q14: 0 | R14: =ROUND(SUM(F14:Q14),2) -> 4.2794881e+08
B15: 505-B Extension | F15: 11689600 | G15: 3085195.7 | H15: 31032334 | I15: 0 | J15: 0 | K15: 0 | L15: 0 | M15: 0 | N15: 0 | O15: 0 | P15: 0 | Q15: 0 | R15: =ROUND(SUM(F15:Q15),2) -> 45807130
B16: 516-B Pass-Through Prepayment | F16: 0 | G16: 0 | H16: 284900 | I16: 0 | J16: 0 | K16: 0 | L16: 0 | M16: 0 | N16: 0 | O16: 0 | P16: 0 | Q16: 0 | R16: =ROUND(SUM(F16:Q16),2) -> 284900
B17: 516-I Pass-Through Prepayment | F17: 760000 | G17: 0 | H17: 842000 | I17: 0 | J17: 0 | K17: 0 | L17: 0 | M17: 0 | N17: 0 | O17: 0 | P17: 0 | Q17: 0 | R17: =ROUND(SUM(F17:Q17),2) -> 1602000
B18: 990-T Exempt Organization | F18: 123716.73 | G18: 280451.89 | H18: 1289864.1 | I18: 0 | J18: 0 | K18: 0 | L18: 0 | M18: 0 | N18: 0 | O18: 0 | P18: 0 | Q18: 0 | R18: =ROUND(SUM(F18:Q18),2) -> 1694032.7
F19: =ROUND(SUM(F9:F18),2) -> 5.2414539e+08 | G19: =ROUND(SUM(G9:G18),2) -> 1.7345528e+08 | H19: =ROUND(SUM(H9:H18),2) -> 2.8175942e+09 | I19: =ROUND(SUM(I9:I18),2) -> 0 | J19: =ROUND(SUM(J9:J18),2) -> 0 | K19: =ROUND(SUM(K9:K18),2) -> 0 | L19: =ROUND(SUM(L9:L18),2) -> 0 | M19: =ROUND(SUM(M9:M18),2) -> 0 | ... R19: =ROUND(SUM(R9:R18),2) -> 3.5151948e+09
A21: Collections deposited into State
B22: Treasury and in-transit to State
B23: Comptroller at month end:
C24: Current month | F24: 16130461 | G24: 29229938 | H24: 1.0023054e+08 | I24: 0 | J24: 0 | K24: 0 | L24: 0 | M24: 0 | N24: 0 | O24: 0 | P24: 0 | Q24: 0 | R24: =IF(ISNA(LOOKUP(2,1/(F6:Q6<>""),F24:Q24)),0,LOOKUP(2,1/(F6:Q6<>""),F24:Q24)) -> 1.0023054e+08
C25: Prior month | F25: 66143054 | G25: =IF(G6="",0,F24) -> 16130461 | H25: =IF(H6="",0,G24) -> 29229938 | I25: =IF(I6="",0,H24) -> 0 | J25: =IF(J6="",0,I24) -> 0 | K25: =IF(K6="",0,J24) -> 0 | L25: =IF(L6="",0,K24) -> 0 | M25: =IF(M6="",0,L24) -> 0 | N25: =IF(N6="",0,M24) -> 0 | ... Q25: =IF(Q6="",0,P24) -> 0 | R25: =F25 -> 66143054
C26: Net change | F26: =ROUND(F24-F25,2) -> -50012594 | G26: =ROUND(G24-G25,2) -> 13099478 | H26: =ROUND(H24-H25,2) -> 71000598 | I26: =ROUND(I24-I25,2) -> 0 | J26: =ROUND(J24-J25,2) -> 0 | K26: =ROUND(K24-K25,2) -> 0 | L26: =ROUND(L24-L25,2) -> 0 | M26: =ROUND(M24-M25,2) -> 0 | ... R26: =ROUND(R24-R25,2) -> 34087482
A28: Comptroller fund receipts:
C29: Rev Src | D29: Fund
C30: 0148 | D30: 0001 | F30: 2.4531795e+08 | G30: 57499536 | H30: 1.0326953e+09 | I30: 0 | J30: 0 | K30: 0 | L30: 0 | M30: 0 | N30: 0 | O30: 0 | P30: 0 | Q30: 0 | R30: =ROUND(SUM(F30:Q30),2) -> 1.3355128e+09
C31: 0148 | D31: 0007 | F31: 20903908 | G31: 4948135.3 | H31: 87928304 | I31: 0 | J31: 0 | K31: 0 | L31: 0 | M31: 0 | N31: 0 | O31: 0 | P31: 0 | Q31: 0 | R31: =ROUND(SUM(F31:Q31),2) -> 1.1378035e+08
C32: 0148 | D32: 0278 | F32: 46615915 | G32: 10886546 | H32: 1.9536119e+08 | I32: 0 | J32: 0 | K32: 0 | L32: 0 | M32: 0 | N32: 0 | O32: 0 | P32: 0 | Q32: 0 | R32: =ROUND(SUM(F32:Q32),2) -> 2.5286365e+08
C33: 0148 | D33: 0401 | F33: 2752923.8 | G33: 0 | H33: 0 | I33: 0 | J33: 0 | K33: 0 | L33: 0 | M33: 0 | N33: 0 | O33: 0 | P33: 0 | Q33: 0 | R33: =ROUND(SUM(F33:Q33),2) -> 2752923.8
C34: 0148 | D34: 0515 | F34: 19615311 | G34: 4634063 | H34: 82464005 | I34: 0 | J34: 0 | K34: 0 | L34: 0 | M34: 0 | N34: 0 | O34: 0 | P34: 0 | Q34: 0 | R34: =ROUND(SUM(F34:Q34),2) -> 1.0671338e+08
C35: 0148 | D35: 0640 | F35: 0 | G35: 91602.91 | H35: 445966.48 | I35: 0 | J35: 0 | K35: 0 | L35: 0 | M35: 0 | N35: 0 | O35: 0 | P35: 0 | Q35: 0 | R35: =ROUND(SUM(F35:Q35),2) -> 537569.39
C36: 0148 | D36: 0644 | F36: 0 | G36: 91602.91 | H36: 445966.48 | I36: 0 | J36: 0 | K36: 0 | L36: 0 | M36: 0 | N36: 0 | O36: 0 | P36: 0 | Q36: 0 | R36: =ROUND(SUM(F36:Q36),2) -> 537569.39
C37: 0149 | D37: 0278 | F37: 21014606 | G37: 6060291.3 | H37: 99531055 | I37: 0 | J37: 0 | K37: 0 | L37: 0 | M37: 0 | N37: 0 | O37: 0 | P37: 0 | Q37: 0 | R37: =ROUND(SUM(F37:Q37),2) -> 1.2660595e+08
C38: 0149 | D38: 0401 | F38: 3795069.2 | G38: 0 | H38: 0 | I38: 0 | J38: 0 | K38: 0 | L38: 0 | M38: 0 | N38: 0 | O38: 0 | P38: 0 | Q38: 0 | R38: =ROUND(SUM(F38:Q38),2) -> 3795069.2
C39: 0149 | D39: 0802 | F39: 1.2864454e+08 | G39: 36782325 | H39: 6.1095987e+08 | I39: 0 | J39: 0 | K39: 0 | L39: 0 | M39: 0 | N39: 0 | O39: 0 | P39: 0 | Q39: 0 | R39: =ROUND(SUM(F39:Q39),2) -> 7.7638674e+08
C40: 2488 | D40: 0384 | F40: 517736.5 | G40: 517736.5 | H40: 517736.5 | I40: 0 | J40: 0 | K40: 0 | L40: 0 | M40: 0 | N40: 0 | O40: 0 | P40: 0 | Q40: 0 | R40: =ROUND(SUM(F40:Q40),2) -> 1553209.5
C41: 2489 | D41: 0384 | F41: 445178.01 | G41: 445178.01 | H41: 445178.01 | I41: 0 | J41: 0 | K41: 0 | L41: 0 | M41: 0 | N41: 0 | O41: 0 | P41: 0 | Q41: 0 | R41: =ROUND(SUM(F41:Q41),2) -> 1335534
... C61: *2582 | D61: 0644 | F61: 0 | G61: 0 | H61: -944794.99 | I61: 0 | J61: 0 | K61: 0 | L61: 0 | M61: 0 | N61: 0 | O61: 0 | P61: 0 | Q61: 0 | R61: =ROUND(SUM(F61:Q61),2) -> -944794.99
F62: =ROUND(SUM(F30:F61),2) -> 5.7415799e+08 | G62: =ROUND(SUM(G30:G61),2) -> 1.6035581e+08 | H62: =ROUND(SUM(H30:H61),2) -> 2.7465936e+09 | I62: =ROUND(SUM(I30:I61),2) -> 0 | J62: =ROUND(SUM(J30:J61),2) -> 0 | K62: =ROUND(SUM(K30:K61),2) -> 0 | L62: =ROUND(SUM(L30:L61),2) -> 0 | M62: =ROUND(SUM(M30:M61),2) -> 0 | ... R62: =ROUND(SUM(R30:R61),2) -> 3.4811074e+09
A65: Collections reconciled to receipts | F65: =ROUND(F19-F26-F62,2) -> 0 | G65: =ROUND(G19-G26-G62,2) -> 0 | H65: =ROUND(H19-H26-H62,2) -> 0 | I65: =ROUND(I19-I26-I62,2) -> 0 | J65: =ROUND(J19-J26-J62,2) -> 0 | K65: =ROUND(K19-K26-K62,2) -> 0 | L65: =ROUND(L19-L26-L62,2) -> 0 | M65: =ROUND(M19-M26-M62,2) -> 0 | ... R65: =ROUND(R19-R26-R62,2) -> 0
A68: *Reconciliation of Tax Year 2024 Returns and Payments:
A69: The Department completed its reconciliation of tax year 2024 returns and payments. Based on the reconciliation, fund receipts will be adjusted to true-up initial estimates to final amounts reported by taxpayers on their returns. Adjustments will be made in September, December, March, April, and June. The fund receipts identified above with an asterisk reflect the posted true-up adjustments.
A72: Additional Information:
A73: Taxpayers remit their payments to the Department using prescribed payment vouchers. The monies collected are deposited into bank accounts held in the custody of the State Treasurer’s Office. The amounts showing in the “Collections by voucher type” section above reflect the payments received from taxpayers. The monies collected are then receipted into State funds maintained by the State Comptroller’s Office. The fund receipts are reflected in the section titled “Comptroller fund receipts.” Additional information regarding fund receipts can be found on the Comptroller’s website at https://illinoiscomptroller.gov/. The allocation of specific monies to specific funds is governed by various tax acts. The line “Collections reconciled to receipts” demonstrates that all money collected by the Department from taxpayers is ultimately receipted into State funds. Variances between collections and receipts are due to timing differences related to changes in the amount of deposits in-transit to the State Comptroller at month end. This information is provided in the section titled “Collections deposited into State Treasury and in-transit to State Comptroller at month end.” Information regarding the taxes imposed, rates, form/filing requirements, payment requirements, and statutory authority can be found in the Tax Information section of the Department’s website at https://tax.illinois.gov/research/taxinformation.html.
A85: Default Rates:
A86: Business income tax is comprised of corporate income tax, replacement tax, and pass-through withholding individual income tax remitted by businesses on behalf of their individual owners. Corporate and pass-through withholding taxes are shared between the State and local governments. The local government portion is distributed to local governments through the Local Government Distributive Fund (0515). Replacement taxes, less State administrative costs, are distributed to local governments through the Personal Property Tax Replacement Fund (0802). The Income Tax Act is structured on a pay-as-you-go basis requiring taxpayers to remit payments throughout the year on an estimated basis with the returns due annually after year-end. Information on the returns is needed to properly classify the taxes collected as corporate income, replacement, or pass-through withholding. To meet State and local government cash flow needs, the monies collected are initially classified using estimates (default splits). The default splits are based on historical return data, legislation changes, and other relevant information. A reconciliation is performed after the returns have been received and processed. The initial default splits are compared to the information reported by the taxpayers on their returns. True-up adjustments are then made as needed so that the amounts receipted into funds ultimately agree to the information reported to the Department by taxpayers on their returns. The default splits are reviewed periodically and updates made as needed. Default splits are calculated at the payment voucher level as this is the mechanism by which payments are remitted by taxpayers to the Department. The schedule below shows the default rates used:
F98: Default Split - Voucher Type (effective 07/01/2026)
F99: Voucher | G99: CIT | H99: PTW-IIT | I99: RT | J99: Total
F100: 1000 | G100: 0.2388 | H100: 0.4322 | I100: 0.3292 | J100: =ROUND(SUM(G100:I100),8) -> 1.0002
F101: 1041 | G101: 0.7247 | H101: 0.0339 | I101: 0.2414 | J101: =ROUND(SUM(G101:I101),8) -> 1
F102: 1065 | G102: 0.0441 | H102: 0.8063 | I102: 0.1496 | J102: =ROUND(SUM(G102:I102),8) -> 1
F103: 1120 | G103: 0.7086 | H103: 0.0168 | I103: 0.2746 | J103: =ROUND(SUM(G103:I103),8) -> 1
F104: 1000P | G104: 0.2388 | H104: 0.4322 | I104: 0.3292 | J104: =ROUND(SUM(G104:I104),8) -> 1.0002
F105: 1023C | G105: 0.2388 | H105: 0.4322 | I105: 0.3292 | J105: =ROUND(SUM(G105:I105),8) -> 1.0002
F106: 1023CE | G106: 0.2388 | H106: 0.4322 | I106: 0.3292 | J106: =ROUND(SUM(G106:I106),8) -> 1.0002
F107: 1120ES | G107: 0.7079 | H107: 0.0027 | I107: 0.2894 | J107: =ROUND(SUM(G107:I107),8) -> 1
F108: 1120ST | G108: 0.0265 | H108: 0.7013 | I108: 0.2722 | J108: =ROUND(SUM(G108:I108),8) -> 1
F109: 505B | G109: 0.6694 | H109: 0.0578 | I109: 0.2728 | J109: =ROUND(SUM(G109:I109),8) -> 1
F110: 516B | G110: 0.1998 | H110: 0.6707 | I110: 0.1295 | J110: =ROUND(SUM(G110:I110),8) -> 1
F111: 516I | G111: 0 | H111: 1 | I111: 0 | J111: =ROUND(SUM(G111:I111),8) -> 1
F112: 990T | G112: 0.7477 | H112: 0.0027 | I112: 0.2496 | J112: =ROUND(SUM(G112:I112),8) -> 1
F113: ASMT | G113: 0.2388 | H113: 0.432 | I113: 0.3292 | J113: =ROUND(SUM(G113:I113),8) -> 1

Sheet Individual Income
A1: ILLINOIS DEPARTMENT OF REVENUE | R1: =Summary!$R$1 -> IDORRPT1
A2: COLLECTIONS REMITTED TO THE STATE COMPTROLLER | R2: =Summary!$R$2 -> Printed by the authority of the State of Illinois - web only, 1, 10/2026
A3: =IF(ISBLANK(Summary!A3),"",Summary!A3) -> FISCAL YEAR 2027 | R3: =Summary!$R$3 -> https://tax.illinois.gov/research/taxstats.html
F5: INDIVIDUAL INCOME
F6: =IF(ISBLANK(Summary!F6),"",Summary!F6) -> 46234 | G6: =IF(ISBLANK(Summary!G6),"",Summary!G6) -> 46265 | H6: =IF(ISBLANK(Summary!H6),"",Summary!H6) -> 46295 | I6: =IF(ISBLANK(Summary!I6),"",Summary!I6) | J6: =IF(ISBLANK(Summary!J6),"",Summary!J6) | K6: =IF(ISBLANK(Summary!K6),"",Summary!K6) | L6: =IF(ISBLANK(Summary!L6),"",Summary!L6) | M6: =IF(ISBLANK(Summary!M6),"",Summary!M6) | ... Q6: =IF(ISBLANK(Summary!Q6),"",Summary!Q6) | R6: Total
A8: Collections by voucher type:
B9: Assessments | F9: 38641208 | G9: 45315576 | H9: 36611832 | I9: 0 | J9: 0 | K9: 0 | L9: 0 | M9: 0 | N9: 0 | O9: 0 | P9: 0 | Q9: 0 | R9: =ROUND(SUM(F9:Q9),2) -> 1.2056862e+08
B10: 1040 Estimated | F10: 32996261 | G10: 32968695 | H10: 6.157894e+08 | I10: 0 | J10: 0 | K10: 0 | L10: 0 | M10: 0 | N10: 0 | O10: 0 | P10: 0 | Q10: 0 | R10: =ROUND(SUM(F10:Q10),2) -> 6.8175435e+08
B11: 1040 Return | F11: 36326289 | G11: 37800882 | H11: 53614592 | I11: 0 | J11: 0 | K11: 0 | L11: 0 | M11: 0 | N11: 0 | O11: 0 | P11: 0 | Q11: 0 | R11: =ROUND(SUM(F11:Q11),2) -> 1.2774176e+08
B12: 501 Withholding | F12: 1.994087e+09 | G12: 1.7802317e+09 | H12: 1.9294574e+09 | I12: 0 | J12: 0 | K12: 0 | L12: 0 | M12: 0 | N12: 0 | O12: 0 | P12: 0 | Q12: 0 | R12: =ROUND(SUM(F12:Q12),2) -> 5.7037761e+09
B13: 505-I Extension | F13: 502777.69 | G13: 692122.31 | H13: 1022716.7 | I13: 0 | J13: 0 | K13: 0 | L13: 0 | M13: 0 | N13: 0 | O13: 0 | P13: 0 | Q13: 0 | R13: =ROUND(SUM(F13:Q13),2) -> 2217616.7
B14: 941 Withholding | F14: 40724783 | G14: 31968963 | H14: 31824296 | I14: 0 | J14: 0 | K14: 0 | L14: 0 | M14: 0 | N14: 0 | O14: 0 | P14: 0 | Q14: 0 | R14: =ROUND(SUM(F14:Q14),2) -> 1.0451804e+08
F15: =ROUND(SUM(F9:F14),2) -> 2.1432783e+09 | G15: =ROUND(SUM(G9:G14),2) -> 1.928978e+09 | H15: =ROUND(SUM(H9:H14),2) -> 2.6683203e+09 | I15: =ROUND(SUM(I9:I14),2) -> 0 | J15: =ROUND(SUM(J9:J14),2) -> 0 | K15: =ROUND(SUM(K9:K14),2) -> 0 | L15: =ROUND(SUM(L9:L14),2) -> 0 | M15: =ROUND(SUM(M9:M14),2) -> 0 | ... R15: =ROUND(SUM(R9:R14),2) -> 6.7405765e+09
A17: Collections deposited into State
B18: Treasury and in-transit to State
B19: Comptroller at month end:
C20: Current month | F20: 3.4410445e+08 | G20: 2.4540809e+08 | H20: 2.8545713e+08 | I20: 0 | J20: 0 | K20: 0 | L20: 0 | M20: 0 | N20: 0 | O20: 0 | P20: 0 | Q20: 0 | R20: =IF(ISNA(LOOKUP(2,1/(F6:Q6<>""),F20:Q20)),0,LOOKUP(2,1/(F6:Q6<>""),F20:Q20)) -> 2.8545713e+08
C21: Prior month | F21: 1.9844503e+08 | G21: =IF(G6="",0,F20) -> 3.4410445e+08 | H21: =IF(H6="",0,G20) -> 2.4540809e+08 | I21: =IF(I6="",0,H20) -> 0 | J21: =IF(J6="",0,I20) -> 0 | K21: =IF(K6="",0,J20) -> 0 | L21: =IF(L6="",0,K20) -> 0 | M21: =IF(M6="",0,L20) -> 0 | N21: =IF(N6="",0,M20) -> 0 | ... Q21: =IF(Q6="",0,P20) -> 0 | R21: =F21 -> 1.9844503e+08
C22: Net change | F22: =ROUND(F20-F21,2) -> 1.4565942e+08 | G22: =ROUND(G20-G21,2) -> -98696355 | H22: =ROUND(H20-H21,2) -> 40049036 | I22: =ROUND(I20-I21,2) -> 0 | J22: =ROUND(J20-J21,2) -> 0 | K22: =ROUND(K20-K21,2) -> 0 | L22: =ROUND(L20-L21,2) -> 0 | M22: =ROUND(M20-M21,2) -> 0 | ... R22: =ROUND(R20-R21,2) -> 87012099
A24: Comptroller fund receipts:
C25: Rev Src | D25: Fund
C26: 0147 | D26: 0001 | F26: 1.4218796e+09 | G26: 1.4433053e+09 | H26: 1.8717961e+09 | I26: 0 | J26: 0 | K26: 0 | L26: 0 | M26: 0 | N26: 0 | O26: 0 | P26: 0 | Q26: 0 | R26: =ROUND(SUM(F26:Q26),2) -> 4.736981e+09
C27: 0147 | D27: 0007 | F27: 1.3219713e+08 | G27: 1.3418832e+08 | H27: 1.7401637e+08 | I27: 0 | J27: 0 | K27: 0 | L27: 0 | M27: 0 | N27: 0 | O27: 0 | P27: 0 | Q27: 0 | R27: =ROUND(SUM(F27:Q27),2) -> 4.4040183e+08
C28: 0147 | D28: 0278 | F28: 1.8214877e+08 | G28: 1.8507989e+08 | H28: 2.4003076e+08 | I28: 0 | J28: 0 | K28: 0 | L28: 0 | M28: 0 | N28: 0 | O28: 0 | P28: 0 | Q28: 0 | R28: =ROUND(SUM(F28:Q28),2) -> 6.0725941e+08
C29: 0147 | D29: 0401 | F29: 0 | G29: 0 | H29: 0 | I29: 0 | J29: 0 | K29: 0 | L29: 0 | M29: 0 | N29: 0 | O29: 0 | P29: 0 | Q29: 0 | R29: =ROUND(SUM(F29:Q29),2) -> 0
C30: 0147 | D30: 0515 | F30: 1.1718004e+08 | G30: 1.189454e+08 | H30: 1.5424458e+08 | I30: 0 | J30: 0 | K30: 0 | L30: 0 | M30: 0 | N30: 0 | O30: 0 | P30: 0 | Q30: 0 | R30: =ROUND(SUM(F30:Q30),2) -> 3.9037002e+08
C31: 0147 | D31: 0640 | F31: 69656846 | G31: 70706198 | H31: 91690207 | I31: 0 | J31: 0 | K31: 0 | L31: 0 | M31: 0 | N31: 0 | O31: 0 | P31: 0 | Q31: 0 | R31: =ROUND(SUM(F31:Q31),2) -> 2.3205325e+08
C32: 0147 | D32: 0644 | F32: 69656846 | G32: 70706198 | H32: 91690207 | I32: 0 | J32: 0 | K32: 0 | L32: 0 | M32: 0 | N32: 0 | O32: 0 | P32: 0 | Q32: 0 | R32: =ROUND(SUM(F32:Q32),2) -> 2.3205325e+08
C33: 1771 | D33: 0957 | F33: 264154.9 | G33: 81262.33 | H33: 78825.43 | I33: 0 | J33: 0 | K33: 0 | L33: 0 | M33: 0 | N33: 0 | O33: 0 | P33: 0 | Q33: 0 | R33: =ROUND(SUM(F33:Q33),2) -> 424242.66
C34: 2224 | D34: 0001 | F34: 2736568.8 | G34: 2868406.8 | H34: 2839015.7 | I34: 0 | J34: 0 | K34: 0 | L34: 0 | M34: 0 | N34: 0 | O34: 0 | P34: 0 | Q34: 0 | R34: =ROUND(SUM(F34:Q34),2) -> 8443991.2
C35: 2224 | D35: 0007 | F35: 253314.92 | G35: 265518.71 | H35: 262798.09 | I35: 0 | J35: 0 | K35: 0 | L35: 0 | M35: 0 | N35: 0 | O35: 0 | P35: 0 | Q35: 0 | R35: =ROUND(SUM(F35:Q35),2) -> 781631.72
C36: 2224 | D36: 0278 | F36: 353105.64 | G36: 370117 | H36: 366324.62 | I36: 0 | J36: 0 | K36: 0 | L36: 0 | M36: 0 | N36: 0 | O36: 0 | P36: 0 | Q36: 0 | R36: =ROUND(SUM(F36:Q36),2) -> 1089547.3
C37: 2224 | D37: 0515 | F37: 226448.18 | G37: 237357.64 | H37: 234925.57 | I37: 0 | J37: 0 | K37: 0 | L37: 0 | M37: 0 | N37: 0 | O37: 0 | P37: 0 | Q37: 0 | R37: =ROUND(SUM(F37:Q37),2) -> 698731.39
... C42: 2558 | D42: 0001 | F42: 0 | G42: 0 | H42: 0 | I42: 0 | J42: 0 | K42: 0 | L42: 0 | M42: 0 | N42: 0 | O42: 0 | P42: 0 | Q42: 0 | R42: =ROUND(SUM(F42:Q42),2) -> 0
F43: =ROUND(SUM(F26:F42),2) -> 1.9976189e+09 | G43: =ROUND(SUM(G26:G42),2) -> 2.0276743e+09 | H43: =ROUND(SUM(H26:H42),2) -> 2.6282712e+09 | I43: =ROUND(SUM(I26:I42),2) -> 0 | J43: =ROUND(SUM(J26:J42),2) -> 0 | K43: =ROUND(SUM(K26:K42),2) -> 0 | L43: =ROUND(SUM(L26:L42),2) -> 0 | M43: =ROUND(SUM(M26:M42),2) -> 0 | ... R43: =ROUND(SUM(R26:R42),2) -> 6.6535644e+09
A46: Collections reconciled to receipts | F46: =ROUND(F15-F22-F43,2) -> 0 | G46: =ROUND(G15-G22-G43,2) -> 0 | H46: =ROUND(H15-H22-H43,2) -> 0 | I46: =ROUND(I15-I22-I43,2) -> 0 | J46: =ROUND(J15-J22-J43,2) -> 0 | K46: =ROUND(K15-K22-K43,2) -> 0 | L46: =ROUND(L15-L22-L43,2) -> 0 | M46: =ROUND(M15-M22-M43,2) -> 0 | ... R46: =ROUND(R15-R22-R43,2) -> 0
A49: Additional Information:
A50: Taxpayers remit their payments to the Department using prescribed payment vouchers. The monies collected are deposited into bank accounts held in the custody of the State Treasurer’s Office. The amounts showing in the “Collections by voucher type” section above reflect the payments received from taxpayers. The monies collected are then receipted into State funds maintained by the State Comptroller’s Office. The fund receipts are reflected in the section titled “Comptroller fund receipts.” Additional information regarding fund receipts can be found on the Comptroller’s website at https://illinoiscomptroller.gov/. The allocation of specific monies to specific funds is governed by various tax acts. The line “Collections reconciled to receipts” demonstrates that all money collected by the Department from taxpayers is ultimately receipted into State funds. Variances between collections and receipts are due to timing differences related to changes in the amount of deposits in-transit to the State Comptroller at month end. This information is provided in the section titled “Collections deposited into State Treasury and in-transit to State Comptroller at month end.” Information regarding the taxes imposed, rates, form/filing requirements, payment requirements, and statutory authority can be found in the Tax Information section of the Department’s website at https://tax.illinois.gov/research/taxinformation.html. Note, pass-through withholding individual income tax is not included in this report. Rather, it is included in the Business Income Tax (BIT) report as it is remitted by business taxpayers to the Department using BIT payment vouchers.

Sheet Automobile Renting
A1: ILLINOIS DEPARTMENT OF REVENUE | R1: =Summary!$R$1 -> IDORRPT1
A2: COLLECTIONS REMITTED TO THE STATE COMPTROLLER | R2: =Summary!$R$2 -> Printed by the authority of the State of Illinois - web only, 1, 10/2026
A3: =IF(ISBLANK(Summary!A3),"",Summary!A3) -> FISCAL YEAR 2027 | R3: =Summary!$R$3 -> https://tax.illinois.gov/research/taxstats.html
F5: AUTOMOBILE RENTING
F6: =IF(ISBLANK(Summary!F6),"",Summary!F6) -> 46234 | G6: =IF(ISBLANK(Summary!G6),"",Summary!G6) -> 46265 | H6: =IF(ISBLANK(Summary!H6),"",Summary!H6) -> 46295 | I6: =IF(ISBLANK(Summary!I6),"",Summary!I6) | J6: =IF(ISBLANK(Summary!J6),"",Summary!J6) | K6: =IF(ISBLANK(Summary!K6),"",Summary!K6) | L6: =IF(ISBLANK(Summary!L6),"",Summary!L6) | M6: =IF(ISBLANK(Summary!M6),"",Summary!M6) | ... Q6: =IF(ISBLANK(Summary!Q6),"",Summary!Q6) | R6: Total
A8: Collections by voucher type:
B9: Assessments | F9: 67555.08 | G9: 1207.7 | H9: 1838.19 | I9: 0 | J9: 0 | K9: 0 | L9: 0 | M9: 0 | N9: 0 | O9: 0 | P9: 0 | Q9: 0 | R9: =ROUND(SUM(F9:Q9),2) -> 70600.97
B10: ART-1 Return | F10: 11409038 | G10: 12515883 | H10: 11578897 | I10: 0 | J10: 0 | K10: 0 | L10: 0 | M10: 0 | N10: 0 | O10: 0 | P10: 0 | Q10: 0 | R10: =ROUND(SUM(F10:Q10),2) -> 35503818
F11: =ROUND(SUM(F9:F10),2) -> 11476593 | G11: =ROUND(SUM(G9:G10),2) -> 12517090 | H11: =ROUND(SUM(H9:H10),2) -> 11580735 | I11: =ROUND(SUM(I9:I10),2) -> 0 | J11: =ROUND(SUM(J9:J10),2) -> 0 | K11: =ROUND(SUM(K9:K10),2) -> 0 | L11: =ROUND(SUM(L9:L10),2) -> 0 | M11: =ROUND(SUM(M9:M10),2) -> 0 | ... R11: =ROUND(SUM(R9:R10),2) -> 35574419
A13: Collections deposited into State
B14: Treasury and in-transit to State
B15: Comptroller at month end:
C16: Current month | F16: 2762.04 | G16: 1328 | H16: 4913.04 | I16: 0 | J16: 0 | K16: 0 | L16: 0 | M16: 0 | N16: 0 | O16: 0 | P16: 0 | Q16: 0 | R16: =IF(ISNA(LOOKUP(2,1/(F6:Q6<>""),F16:Q16)),0,LOOKUP(2,1/(F6:Q6<>""),F16:Q16)) -> 4913.04
C17: Prior month | F17: -504.2 | G17: =IF(G6="",0,F16) -> 2762.04 | H17: =IF(H6="",0,G16) -> 1328 | I17: =IF(I6="",0,H16) -> 0 | J17: =IF(J6="",0,I16) -> 0 | K17: =IF(K6="",0,J16) -> 0 | L17: =IF(L6="",0,K16) -> 0 | M17: =IF(M6="",0,L16) -> 0 | N17: =IF(N6="",0,M16) -> 0 | ... Q17: =IF(Q6="",0,P16) -> 0 | R17: =F17 -> -504.2
C18: Net change | F18: =ROUND(F16-F17,2) -> 3266.24 | G18: =ROUND(G16-G17,2) -> -1434.04 | H18: =ROUND(H16-H17,2) -> 3585.04 | I18: =ROUND(I16-I17,2) -> 0 | J18: =ROUND(J16-J17,2) -> 0 | K18: =ROUND(K16-K17,2) -> 0 | L18: =ROUND(L16-L17,2) -> 0 | M18: =ROUND(M16-M17,2) -> 0 | ... R18: =ROUND(R16-R17,2) -> 5417.24
A20: Comptroller fund receipts:
C21: Rev Src | D21: Fund
C22: 0033 | D22: 0869 | F22: 28280.98 | G22: 39210.94 | H22: 18157.37 | I22: 0 | J22: 0 | K22: 0 | L22: 0 | M22: 0 | N22: 0 | O22: 0 | P22: 0 | Q22: 0 | R22: =ROUND(SUM(F22:Q22),2) -> 85649.29
C23: 0034 | D23: 0868 | F23: 958989.82 | G23: 1068050.1 | H23: 950258.63 | I23: 0 | J23: 0 | K23: 0 | L23: 0 | M23: 0 | N23: 0 | O23: 0 | P23: 0 | Q23: 0 | R23: =ROUND(SUM(F23:Q23),2) -> 2977298.6
C24: 0035 | D24: 0337 | F24: 4540133.2 | G24: 4989096.3 | H24: 4700252 | I24: 0 | J24: 0 | K24: 0 | L24: 0 | M24: 0 | N24: 0 | O24: 0 | P24: 0 | Q24: 0 | R24: =ROUND(SUM(F24:Q24),2) -> 14229481
C25: 0036 | D25: 0001 | F25: 5895341.2 | G25: 6390980.3 | H25: 5814164.9 | I25: 0 | J25: 0 | K25: 0 | L25: 0 | M25: 0 | N25: 0 | O25: 0 | P25: 0 | Q25: 0 | R25: =ROUND(SUM(F25:Q25),2) -> 18100487
C26: 2483 | D26: 0384 | F26: 50581.84 | G26: 31186.66 | H26: 94317.2 | I26: 0 | J26: 0 | K26: 0 | L26: 0 | M26: 0 | N26: 0 | O26: 0 | P26: 0 | Q26: 0 | R26: =ROUND(SUM(F26:Q26),2) -> 176085.7
F27: =ROUND(SUM(F22:F26),2) -> 11473327 | G27: =ROUND(SUM(G22:G26),2) -> 12518524 | H27: =ROUND(SUM(H22:H26),2) -> 11577150 | I27: =ROUND(SUM(I22:I26),2) -> 0 | J27: =ROUND(SUM(J22:J26),2) -> 0 | K27: =ROUND(SUM(K22:K26),2) -> 0 | L27: =ROUND(SUM(L22:L26),2) -> 0 | M27: =ROUND(SUM(M22:M26),2) -> 0 | ... R27: =ROUND(SUM(R22:R26),2) -> 35569002
A30: Collections reconciled to receipts | F30: =ROUND(F11-F18-F27,2) -> 0 | G30: =ROUND(G11-G18-G27,2) -> 0 | H30: =ROUND(H11-H18-H27,2) -> 0 | I30: =ROUND(I11-I18-I27,2) -> 0 | J30: =ROUND(J11-J18-J27,2) -> 0 | K30: =ROUND(K11-K18-K27,2) -> 0 | L30: =ROUND(L11-L18-L27,2) -> 0 | M30: =ROUND(M11-M18-M27,2) -> 0 | ... R30: =ROUND(R11-R18-R27,2) -> 0
A33: Additional Information:
A34: Taxpayers remit their payments to the Department using prescribed payment vouchers. The monies collected are deposited into bank accounts held in the custody of the State Treasurer’s Office. The amounts showing in the “Collections by voucher type” section above reflect the payments received from taxpayers. The monies collected are then receipted into State funds maintained by the State Comptroller’s Office. The fund receipts are reflected in the section titled “Comptroller fund receipts.” Additional information regarding fund receipts can be found on the Comptroller’s website at https://illinoiscomptroller.gov/. The allocation of specific monies to specific funds is governed by various tax acts. The line “Collections reconciled to receipts” demonstrates that all money collected by the Department from taxpayers is ultimately receipted into State funds. Variances between collections and receipts are due to timing differences related to changes in the amount of deposits in-transit to the State Comptroller at month end. This information is provided in the section titled “Collections deposited into State Treasury and in-transit to State Comptroller at month end.” Information regarding the taxes imposed, rates, form/filing requirements, payment requirements, and statutory authority can be found in the Tax Information section of the Department’s website at https://tax.illinois.gov/research/taxinformation.html.

Sheet Live Adult
A1: ILLINOIS DEPARTMENT OF REVENUE | R1: =Summary!$R$1 -> IDORRPT1
A2: COLLECTIONS REMITTED TO THE STATE COMPTROLLER | R2: =Summary!$R$2 -> Printed by the authority of the State of Illinois - web only, 1, 10/2026
A3: =IF(ISBLANK(Summary!A3),"",Summary!A3) -> FISCAL YEAR 2027 | R3: =Summary!$R$3 -> https://tax.illinois.gov/research/taxstats.html
F5: LIVE ADULT ENTERTAINMENT SURCHARGE
F6: =IF(ISBLANK(Summary!F6),"",Summary!F6) -> 46234 | G6: =IF(ISBLANK(Summary!G6),"",Summary!G6) -> 46265 | H6: =IF(ISBLANK(Summary!H6),"",Summary!H6) -> 46295 | I6: =IF(ISBLANK(Summary!I6),"",Summary!I6) | J6: =IF(ISBLANK(Summary!J6),"",Summary!J6) | K6: =IF(ISBLANK(Summary!K6),"",Summary!K6) | L6: =IF(ISBLANK(Summary!L6),"",Summary!L6) | M6: =IF(ISBLANK(Summary!M6),"",Summary!M6) | ... Q6: =IF(ISBLANK(Summary!Q6),"",Summary!Q6) | R6: Total
A8: Collections by voucher type:
B9: Assessments | F9: 2415.14 | G9: 2415.14 | H9: 2415.14 | I9: 0 | J9: 0 | K9: 0 | L9: 0 | M9: 0 | N9: 0 | O9: 0 | P9: 0 | Q9: 0 | R9: =ROUND(SUM(F9:Q9),2) -> 7245.42
B10: LA-1 Return | F10: 0 | G10: 0 | H10: 0 | I10: 0 | J10: 0 | K10: 0 | L10: 0 | M10: 0 | N10: 0 | O10: 0 | P10: 0 | Q10: 0 | R10: =ROUND(SUM(F10:Q10),2) -> 0
F11: =ROUND(SUM(F9:F10),2) -> 2415.14 | G11: =ROUND(SUM(G9:G10),2) -> 2415.14 | H11: =ROUND(SUM(H9:H10),2) -> 2415.14 | I11: =ROUND(SUM(I9:I10),2) -> 0 | J11: =ROUND(SUM(J9:J10),2) -> 0 | K11: =ROUND(SUM(K9:K10),2) -> 0 | L11: =ROUND(SUM(L9:L10),2) -> 0 | M11: =ROUND(SUM(M9:M10),2) -> 0 | ... R11: =ROUND(SUM(R9:R10),2) -> 7245.42
A13: Collections deposited into State
B14: Treasury and in-transit to State
B15: Comptroller at month end:
C16: Current month | F16: 0 | G16: 0 | H16: 0 | I16: 0 | J16: 0 | K16: 0 | L16: 0 | M16: 0 | N16: 0 | O16: 0 | P16: 0 | Q16: 0 | R16: =IF(ISNA(LOOKUP(2,1/(F6:Q6<>""),F16:Q16)),0,LOOKUP(2,1/(F6:Q6<>""),F16:Q16)) -> 0
C17: Prior month | F17: 0 | G17: =IF(G6="",0,F16) -> 0 | H17: =IF(H6="",0,G16) -> 0 | I17: =IF(I6="",0,H16) -> 0 | J17: =IF(J6="",0,I16) -> 0 | K17: =IF(K6="",0,J16) -> 0 | L17: =IF(L6="",0,K16) -> 0 | M17: =IF(M6="",0,L16) -> 0 | N17: =IF(N6="",0,M16) -> 0 | ... Q17: =IF(Q6="",0,P16) -> 0 | R17: =F17 -> 0
C18: Net change | F18: =ROUND(F16-F17,2) -> 0 | G18: =ROUND(G16-G17,2) -> 0 | H18: =ROUND(H16-H17,2) -> 0 | I18: =ROUND(I16-I17,2) -> 0 | J18: =ROUND(J16-J17,2) -> 0 | K18: =ROUND(K16-K17,2) -> 0 | L18: =ROUND(L16-L17,2) -> 0 | M18: =ROUND(M16-M17,2) -> 0 | ... R18: =ROUND(R16-R17,2) -> 0
A20: Comptroller fund receipts:
C21: Rev Src | D21: Fund
C22: 2421 | D22: 0158 | F22: 2366.84 | G22: 2366.84 | H22: 2366.84 | I22: 0 | J22: 0 | K22: 0 | L22: 0 | M22: 0 | N22: 0 | O22: 0 | P22: 0 | Q22: 0 | R22: =ROUND(SUM(F22:Q22),2) -> 7100.52
C23: 2422 | D23: 0384 | F23: 48.3 | G23: 48.3 | H23: 48.3 | I23: 0 | J23: 0 | K23: 0 | L23: 0 | M23: 0 | N23: 0 | O23: 0 | P23: 0 | Q23: 0 | R23: =ROUND(SUM(F23:Q23),2) -> 144.9
F24: =ROUND(SUM(F22:F23),2) -> 2415.14 | G24: =ROUND(SUM(G22:G23),2) -> 2415.14 | H24: =ROUND(SUM(H22:H23),2) -> 2415.14 | I24: =ROUND(SUM(I22:I23),2) -> 0 | J24: =ROUND(SUM(J22:J23),2) -> 0 | K24: =ROUND(SUM(K22:K23),2) -> 0 | L24: =ROUND(SUM(L22:L23),2) -> 0 | M24: =ROUND(SUM(M22:M23),2) -> 0 | ... R24: =ROUND(SUM(R22:R23),2) -> 7245.42
A27: Collections reconciled to receipts | F27: =ROUND(F11-F18-F24,2) -> 0 | G27: =ROUND(G11-G18-G24,2) -> 0 | H27: =ROUND(H11-H18-H24,2) -> 0 | I27: =ROUND(I11-I18-I24,2) -> 0 | J27: =ROUND(J11-J18-J24,2) -> 0 | K27: =ROUND(K11-K18-K24,2) -> 0 | L27: =ROUND(L11-L18-L24,2) -> 0 | M27: =ROUND(M11-M18-M24,2) -> 0 | ... R27: =ROUND(R11-R18-R24,2) -> 0
A30: Additional Information:
A31: Taxpayers remit their payments to the Department using prescribed payment vouchers. The monies collected are deposited into bank accounts held in the custody of the State Treasurer’s Office. The amounts showing in the “Collections by voucher type” section above reflect the payments received from taxpayers. The monies collected are then receipted into State funds maintained by the State Comptroller’s Office. The fund receipts are reflected in the section titled “Comptroller fund receipts.” Additional information regarding fund receipts can be found on the Comptroller’s website at https://illinoiscomptroller.gov/. The allocation of specific monies to specific funds is governed by various tax acts. The line “Collections reconciled to receipts” demonstrates that all money collected by the Department from taxpayers is ultimately receipted into State funds. Variances between collections and receipts are due to timing differences related to changes in the amount of deposits in-transit to the State Comptroller at month end. This information is provided in the section titled “Collections deposited into State Treasury and in-transit to State Comptroller at month end.” Information regarding the taxes imposed, rates, form/filing requirements, payment requirements, and statutory authority can be found in the Tax Information section of the Department’s website at https://tax.illinois.gov/research/taxinformation.html.

Sheet Cannabis
A1: ILLINOIS DEPARTMENT OF REVENUE | R1: =Summary!$R$1 -> IDORRPT1
A2: COLLECTIONS REMITTED TO THE STATE COMPTROLLER | R2: =Summary!$R$2 -> Printed by the authority of the State of Illinois - web only, 1, 10/2026
A3: =IF(ISBLANK(Summary!A3),"",Summary!A3) -> FISCAL YEAR 2027 | R3: =Summary!$R$3 -> https://tax.illinois.gov/research/taxstats.html
F5: ADULT USE CANNABIS
F6: =IF(ISBLANK(Summary!F6),"",Summary!F6) -> 46234 | G6: =IF(ISBLANK(Summary!G6),"",Summary!G6) -> 46265 | H6: =IF(ISBLANK(Summary!H6),"",Summary!H6) -> 46295 | I6: =IF(ISBLANK(Summary!I6),"",Summary!I6) | J6: =IF(ISBLANK(Summary!J6),"",Summary!J6) | K6: =IF(ISBLANK(Summary!K6),"",Summary!K6) | L6: =IF(ISBLANK(Summary!L6),"",Summary!L6) | M6: =IF(ISBLANK(Summary!M6),"",Summary!M6) | ... Q6: =IF(ISBLANK(Summary!Q6),"",Summary!Q6) | R6: Total
A8: Collections by voucher type:
B9: Assessments | F9: 355235.88 | G9: 242829.2 | H9: 259876.48 | I9: 0 | J9: 0 | K9: 0 | L9: 0 | M9: 0 | N9: 0 | O9: 0 | P9: 0 | Q9: 0 | R9: =ROUND(SUM(F9:Q9),2) -> 857941.56
B10: CC-1 Cultivator Return | F10: 2970191.8 | G10: 3000042.6 | H10: 2450540.7 | I10: 0 | J10: 0 | K10: 0 | L10: 0 | M10: 0 | N10: 0 | O10: 0 | P10: 0 | Q10: 0 | R10: =ROUND(SUM(F10:Q10),2) -> 8420775.1
B11: CD-1 Dispensary Return | F11: 42425455 | G11: 39542419 | H11: 36477694 | I11: 0 | J11: 0 | K11: 0 | L11: 0 | M11: 0 | N11: 0 | O11: 0 | P11: 0 | Q11: 0 | R11: =ROUND(SUM(F11:Q11),2) -> 1.1844557e+08
F12: =ROUND(SUM(F9:F11),2) -> 45750883 | G12: =ROUND(SUM(G9:G11),2) -> 42785290 | H12: =ROUND(SUM(H9:H11),2) -> 39188111 | I12: =ROUND(SUM(I9:I11),2) -> 0 | J12: =ROUND(SUM(J9:J11),2) -> 0 | K12: =ROUND(SUM(K9:K11),2) -> 0 | L12: =ROUND(SUM(L9:L11),2) -> 0 | M12: =ROUND(SUM(M9:M11),2) -> 0 | ... R12: =ROUND(SUM(R9:R11),2) -> 1.2772428e+08
A14: Collections deposited into State
B15: Treasury and in-transit to State
B16: Comptroller at month end:
C17: Current month | F17: 5527856.7 | G17: 5791518.1 | H17: 5708600.6 | I17: 0 | J17: 0 | K17: 0 | L17: 0 | M17: 0 | N17: 0 | O17: 0 | P17: 0 | Q17: 0 | R17: =IF(ISNA(LOOKUP(2,1/(F6:Q6<>""),F17:Q17)),0,LOOKUP(2,1/(F6:Q6<>""),F17:Q17)) -> 5708600.6
C18: Prior month | F18: 4195174.4 | G18: =IF(G6="",0,F17) -> 5527856.7 | H18: =IF(H6="",0,G17) -> 5791518.1 | I18: =IF(I6="",0,H17) -> 0 | J18: =IF(J6="",0,I17) -> 0 | K18: =IF(K6="",0,J17) -> 0 | L18: =IF(L6="",0,K17) -> 0 | M18: =IF(M6="",0,L17) -> 0 | N18: =IF(N6="",0,M17) -> 0 | ... Q18: =IF(Q6="",0,P17) -> 0 | R18: =F18 -> 4195174.4
C19: Net change | F19: =ROUND(F17-F18,2) -> 1332682.3 | G19: =ROUND(G17-G18,2) -> 263661.38 | H19: =ROUND(H17-H18,2) -> -82917.52 | I19: =ROUND(I17-I18,2) -> 0 | J19: =ROUND(J17-J18,2) -> 0 | K19: =ROUND(K17-K18,2) -> 0 | L19: =ROUND(L17-L18,2) -> 0 | M19: =ROUND(M17-M18,2) -> 0 | ... R19: =ROUND(R17-R18,2) -> 1513426.2
A21: Comptroller fund receipts:
C22: Rev Src | D22: Fund
C23: 0313 | D23: 0841 | F23: 38168.27 | G23: 35894.66 | H23: 32537.46 | I23: 0 | J23: 0 | K23: 0 | L23: 0 | M23: 0 | N23: 0 | O23: 0 | P23: 0 | Q23: 0 | R23: =ROUND(SUM(F23:Q23),2) -> 106600.39
C24: 0410 | D24: 0812 | F24: 705543.31 | G24: 674211.21 | H24: 625838.7 | I24: 0 | J24: 0 | K24: 0 | L24: 0 | M24: 0 | N24: 0 | O24: 0 | P24: 0 | Q24: 0 | R24: =ROUND(SUM(F24:Q24),2) -> 2005593.2
C25: 0474 | D25: 0138 | F25: 1146003 | G25: 1093430.4 | H25: 985993.1 | I25: 0 | J25: 0 | K25: 0 | L25: 0 | M25: 0 | N25: 0 | O25: 0 | P25: 0 | Q25: 0 | R25: =ROUND(SUM(F25:Q25),2) -> 3225426.5
C26: 0476 | D26: 0139 | F26: 667486.89 | G26: 649052.11 | H26: 602511.13 | I26: 0 | J26: 0 | K26: 0 | L26: 0 | M26: 0 | N26: 0 | O26: 0 | P26: 0 | Q26: 0 | R26: =ROUND(SUM(F26:Q26),2) -> 1919050.1
C27: 0477 | D27: 0088 | F27: 317276.78 | G27: 312890.54 | H27: 298100.9 | I27: 0 | J27: 0 | K27: 0 | L27: 0 | M27: 0 | N27: 0 | O27: 0 | P27: 0 | Q27: 0 | R27: =ROUND(SUM(F27:Q27),2) -> 928268.22
C28: 0481 | D28: 0001 | F28: 4604205.5 | G28: 4370383.5 | H28: 4033093.1 | I28: 0 | J28: 0 | K28: 0 | L28: 0 | M28: 0 | N28: 0 | O28: 0 | P28: 0 | Q28: 0 | R28: =ROUND(SUM(F28:Q28),2) -> 13007682
C29: 0481 | D29: 0188 | F29: 321344 | G29: 308138.04 | H29: 284138.15 | I29: 0 | J29: 0 | K29: 0 | L29: 0 | M29: 0 | N29: 0 | O29: 0 | P29: 0 | Q29: 0 | R29: =ROUND(SUM(F29:Q29),2) -> 913620.19
C30: 0481 | D30: 0189 | F30: 1442717.9 | G30: 1374784.5 | H30: 1259425.8 | I30: 0 | J30: 0 | K30: 0 | L30: 0 | M30: 0 | N30: 0 | O30: 0 | P30: 0 | Q30: 0 | R30: =ROUND(SUM(F30:Q30),2) -> 4076928.2
C31: 0481 | D31: 0412 | F31: 1534735.2 | G31: 1456794.5 | H31: 1344364.4 | I31: 0 | J31: 0 | K31: 0 | L31: 0 | M31: 0 | N31: 0 | O31: 0 | P31: 0 | Q31: 0 | R31: =ROUND(SUM(F31:Q31),2) -> 4335894.1
C32: 0481 | D32: 0960 | F32: 113744.27 | G32: 107967.84 | H32: 99635.27 | I32: 0 | J32: 0 | K32: 0 | L32: 0 | M32: 0 | N32: 0 | O32: 0 | P32: 0 | Q32: 0 | R32: =ROUND(SUM(F32:Q32),2) -> 321347.38
C33: 0482 | D33: 0960 | F33: 246987.57 | G33: 234444.43 | H33: 216350.84 | I33: 0 | J33: 0 | K33: 0 | L33: 0 | M33: 0 | N33: 0 | O33: 0 | P33: 0 | Q33: 0 | R33: =ROUND(SUM(F33:Q33),2) -> 697782.84
C34: 1421 | D34: 0219 | F34: 202462.24 | G34: 193935.36 | H34: 170199.11 | I34: 0 | J34: 0 | K34: 0 | L34: 0 | M34: 0 | N34: 0 | O34: 0 | P34: 0 | Q34: 0 | R34: =ROUND(SUM(F34:Q34),2) -> 566596.71
... C41: 2690 | D41: 0919 | F41: 7235050.2 | G41: 6943798.7 | H41: 6400940.6 | I41: 0 | J41: 0 | K41: 0 | L41: 0 | M41: 0 | N41: 0 | O41: 0 | P41: 0 | Q41: 0 | R41: =ROUND(SUM(F41:Q41),2) -> 20579790
F42: =ROUND(SUM(F23:F41),2) -> 44418201 | G42: =ROUND(SUM(G23:G41),2) -> 42521629 | H42: =ROUND(SUM(H23:H41),2) -> 39271029 | I42: =ROUND(SUM(I23:I41),2) -> 0 | J42: =ROUND(SUM(J23:J41),2) -> 0 | K42: =ROUND(SUM(K23:K41),2) -> 0 | L42: =ROUND(SUM(L23:L41),2) -> 0 | M42: =ROUND(SUM(M23:M41),2) -> 0 | ... R42: =ROUND(SUM(R23:R41),2) -> 1.2621086e+08
A45: Collections reconciled to receipts | F45: =ROUND(F12-F19-F42,2) -> 0 | G45: =ROUND(G12-G19-G42,2) -> 0 | H45: =ROUND(H12-H19-H42,2) -> 0 | I45: =ROUND(I12-I19-I42,2) -> 0 | J45: =ROUND(J12-J19-J42,2) -> 0 | K45: =ROUND(K12-K19-K42,2) -> 0 | L45: =ROUND(L12-L19-L42,2) -> 0 | M45: =ROUND(M12-M19-M42,2) -> 0 | ... R45: =ROUND(R12-R19-R42,2) -> 0
A48: Additional Information:
A49: Taxpayers remit their payments to the Department using prescribed payment vouchers. The monies collected are deposited into bank accounts held in the custody of the State Treasurer’s Office. The amounts showing in the “Collections by voucher type” section above reflect the payments received from taxpayers. The monies collected are then receipted into State funds maintained by the State Comptroller’s Office. The fund receipts are reflected in the section titled “Comptroller fund receipts.” Additional information regarding fund receipts can be found on the Comptroller’s website at https://illinoiscomptroller.gov/. The allocation of specific monies to specific funds is governed by various tax acts. The line “Collections reconciled to receipts” demonstrates that all money collected by the Department from taxpayers is ultimately receipted into State funds. Variances between collections and receipts are due to timing differences related to changes in the amount of deposits in-transit to the State Comptroller at month end. This information is provided in the section titled “Collections deposited into State Treasury and in-transit to State Comptroller at month end.” Information regarding the taxes imposed, rates, form/filing requirements, payment requirements, and statutory authority can be found in the Tax Information section of the Department’s website at https://tax.illinois.gov/research/taxinformation.html.

Sheet Fund Search
A1: ILLINOIS DEPARTMENT OF REVENUE | N1: =Summary!$R$1 -> IDORRPT1
A2: COMPTROLLER FUND RECEIPTS | N2: =Summary!$R$2 -> Printed by the authority of the State of Illinois - web only, 1, 10/2026
A3: =IF(ISBLANK(Summary!A3),"",Summary!A3) -> FISCAL YEAR 2027 | N3: =Summary!$R$3 -> https://tax.illinois.gov/research/taxstats.html
A5: Comptroller Fund No =
A7: Revenue Source | B7: =IF(ISBLANK(Summary!F6),"",Summary!F6) -> 46234 | C7: =IF(ISBLANK(Summary!G6),"",Summary!G6) -> 46265 | D7: =IF(ISBLANK(Summary!H6),"",Summary!H6) -> 46295 | E7: =IF(ISBLANK(Summary!I6),"",Summary!I6) | F7: =IF(ISBLANK(Summary!J6),"",Summary!J6) | G7: =IF(ISBLANK(Summary!K6),"",Summary!K6) | H7: =IF(ISBLANK(Summary!L6),"",Summary!L6) | I7: =IF(ISBLANK(Summary!M6),"",Summary!M6) | ... M7: =IF(ISBLANK(Summary!Q6),"",Summary!Q6) | N7: Total
A9: Sales and Use | B9: =ROUND(SUMIF('Sales and Use'!$D:$D,$B$5,'Sales and Use'!$F:$F),2) -> 0 | C9: =ROUND(SUMIF('Sales and Use'!$D:$D,$B$5,'Sales and Use'!$G:$G),2) -> 0 | D9: =ROUND(SUMIF('Sales and Use'!$D:$D,$B$5,'Sales and Use'!$H:$H),2) -> 0 | E9: =ROUND(SUMIF('Sales and Use'!$D:$D,$B$5,'Sales and Use'!$I:$I),2) -> 0 | F9: =ROUND(SUMIF('Sales and Use'!$D:$D,$B$5,'Sales and Use'!$J:$J),2) -> 0 | G9: =ROUND(SUMIF('Sales and Use'!$D:$D,$B$5,'Sales and Use'!$K:$K),2) -> 0 | H9: =ROUND(SUMIF('Sales and Use'!$D:$D,$B$5,'Sales and Use'!$L:$L),2) -> 0 | I9: =ROUND(SUMIF('Sales and Use'!$D:$D,$B$5,'Sales and Use'!$M:$M),2) -> 0 | J9: =ROUND(SUMIF('Sales and Use'!$D:$D,$B$5,'Sales and Use'!$N:$N),2) -> 0 | K9: =ROUND(SUMIF('Sales and Use'!$D:$D,$B$5,'Sales and Use'!$O:$O),2) -> 0 | L9: =ROUND(SUMIF('Sales and Use'!$D:$D,$B$5,'Sales and Use'!$P:$P),2) -> 0 | M9: =ROUND(SUMIF('Sales and Use'!$D:$D,$B$5,'Sales and Use'!$Q:$Q),2) -> 0 | N9: =ROUND(SUM(B9:M9),2) -> 0
A10: Motor Fuel | B10: =ROUND(SUMIF('Motor Fuel'!$D:$D,$B$5,'Motor Fuel'!$F:$F),2) -> 0 | C10: =ROUND(SUMIF('Motor Fuel'!$D:$D,$B$5,'Motor Fuel'!$G:$G),2) -> 0 | D10: =ROUND(SUMIF('Motor Fuel'!$D:$D,$B$5,'Motor Fuel'!$H:$H),2) -> 0 | E10: =ROUND(SUMIF('Motor Fuel'!$D:$D,$B$5,'Motor Fuel'!$I:$I),2) -> 0 | F10: =ROUND(SUMIF('Motor Fuel'!$D:$D,$B$5,'Motor Fuel'!$J:$J),2) -> 0 | G10: =ROUND(SUMIF('Motor Fuel'!$D:$D,$B$5,'Motor Fuel'!$K:$K),2) -> 0 | H10: =ROUND(SUMIF('Motor Fuel'!$D:$D,$B$5,'Motor Fuel'!$L:$L),2) -> 0 | I10: =ROUND(SUMIF('Motor Fuel'!$D:$D,$B$5,'Motor Fuel'!$M:$M),2) -> 0 | J10: =ROUND(SUMIF('Motor Fuel'!$D:$D,$B$5,'Motor Fuel'!$N:$N),2) -> 0 | K10: =ROUND(SUMIF('Motor Fuel'!$D:$D,$B$5,'Motor Fuel'!$O:$O),2) -> 0 | L10: =ROUND(SUMIF('Motor Fuel'!$D:$D,$B$5,'Motor Fuel'!$P:$P),2) -> 0 | M10: =ROUND(SUMIF('Motor Fuel'!$D:$D,$B$5,'Motor Fuel'!$Q:$Q),2) -> 0 | N10: =ROUND(SUM(B10:M10),2) -> 0
A11: Cigarette | B11: =ROUND(SUMIF(Cigarette!$D:$D,$B$5,Cigarette!$F:$F),2) -> 0 | C11: =ROUND(SUMIF(Cigarette!$D:$D,$B$5,Cigarette!$G:$G),2) -> 0 | D11: =ROUND(SUMIF(Cigarette!$D:$D,$B$5,Cigarette!$H:$H),2) -> 0 | E11: =ROUND(SUMIF(Cigarette!$D:$D,$B$5,Cigarette!$I:$I),2) -> 0 | F11: =ROUND(SUMIF(Cigarette!$D:$D,$B$5,Cigarette!$J:$J),2) -> 0 | G11: =ROUND(SUMIF(Cigarette!$D:$D,$B$5,Cigarette!$K:$K),2) -> 0 | H11: =ROUND(SUMIF(Cigarette!$D:$D,$B$5,Cigarette!$L:$L),2) -> 0 | I11: =ROUND(SUMIF(Cigarette!$D:$D,$B$5,Cigarette!$M:$M),2) -> 0 | J11: =ROUND(SUMIF(Cigarette!$D:$D,$B$5,Cigarette!$N:$N),2) -> 0 | K11: =ROUND(SUMIF(Cigarette!$D:$D,$B$5,Cigarette!$O:$O),2) -> 0 | L11: =ROUND(SUMIF(Cigarette!$D:$D,$B$5,Cigarette!$P:$P),2) -> 0 | M11: =ROUND(SUMIF(Cigarette!$D:$D,$B$5,Cigarette!$Q:$Q),2) -> 0 | N11: =ROUND(SUM(B11:M11),2) -> 0
A12: Senior Citizen Deferral | B12: =ROUND(SUMIF('Senior Citizen'!$D:$D,$B$5,'Senior Citizen'!$F:$F),2) -> 0 | C12: =ROUND(SUMIF('Senior Citizen'!$D:$D,$B$5,'Senior Citizen'!$G:$G),2) -> 0 | D12: =ROUND(SUMIF('Senior Citizen'!$D:$D,$B$5,'Senior Citizen'!$H:$H),2) -> 0 | E12: =ROUND(SUMIF('Senior Citizen'!$D:$D,$B$5,'Senior Citizen'!$I:$I),2) -> 0 | F12: =ROUND(SUMIF('Senior Citizen'!$D:$D,$B$5,'Senior Citizen'!$J:$J),2) -> 0 | G12: =ROUND(SUMIF('Senior Citizen'!$D:$D,$B$5,'Senior Citizen'!$K:$K),2) -> 0 | H12: =ROUND(SUMIF('Senior Citizen'!$D:$D,$B$5,'Senior Citizen'!$L:$L),2) -> 0 | I12: =ROUND(SUMIF('Senior Citizen'!$D:$D,$B$5,'Senior Citizen'!$M:$M),2) -> 0 | J12: =ROUND(SUMIF('Senior Citizen'!$D:$D,$B$5,'Senior Citizen'!$N:$N),2) -> 0 | K12: =ROUND(SUMIF('Senior Citizen'!$D:$D,$B$5,'Senior Citizen'!$O:$O),2) -> 0 | L12: =ROUND(SUMIF('Senior Citizen'!$D:$D,$B$5,'Senior Citizen'!$P:$P),2) -> 0 | M12: =ROUND(SUMIF('Senior Citizen'!$D:$D,$B$5,'Senior Citizen'!$Q:$Q),2) -> 0 | N12: =ROUND(SUM(B12:M12),2) -> 0
A13: Liquor | B13: =ROUND(SUMIF(Liquor!$D:$D,$B$5,Liquor!$F:$F),2) -> 0 | C13: =ROUND(SUMIF(Liquor!$D:$D,$B$5,Liquor!$G:$G),2) -> 0 | D13: =ROUND(SUMIF(Liquor!$D:$D,$B$5,Liquor!$H:$H),2) -> 0 | E13: =ROUND(SUMIF(Liquor!$D:$D,$B$5,Liquor!$I:$I),2) -> 0 | F13: =ROUND(SUMIF(Liquor!$D:$D,$B$5,Liquor!$J:$J),2) -> 0 | G13: =ROUND(SUMIF(Liquor!$D:$D,$B$5,Liquor!$K:$K),2) -> 0 | H13: =ROUND(SUMIF(Liquor!$D:$D,$B$5,Liquor!$L:$L),2) -> 0 | I13: =ROUND(SUMIF(Liquor!$D:$D,$B$5,Liquor!$M:$M),2) -> 0 | J13: =ROUND(SUMIF(Liquor!$D:$D,$B$5,Liquor!$N:$N),2) -> 0 | K13: =ROUND(SUMIF(Liquor!$D:$D,$B$5,Liquor!$O:$O),2) -> 0 | L13: =ROUND(SUMIF(Liquor!$D:$D,$B$5,Liquor!$P:$P),2) -> 0 | M13: =ROUND(SUMIF(Liquor!$D:$D,$B$5,Liquor!$Q:$Q),2) -> 0 | N13: =ROUND(SUM(B13:M13),2) -> 0
A14: Public Utility | B14: =ROUND(SUMIF('Public Utility'!$D:$D,$B$5,'Public Utility'!$F:$F),2) -> 0 | C14: =ROUND(SUMIF('Public Utility'!$D:$D,$B$5,'Public Utility'!$G:$G),2) -> 0 | D14: =ROUND(SUMIF('Public Utility'!$D:$D,$B$5,'Public Utility'!$H:$H),2) -> 0 | E14: =ROUND(SUMIF('Public Utility'!$D:$D,$B$5,'Public Utility'!$I:$I),2) -> 0 | F14: =ROUND(SUMIF('Public Utility'!$D:$D,$B$5,'Public Utility'!$J:$J),2) -> 0 | G14: =ROUND(SUMIF('Public Utility'!$D:$D,$B$5,'Public Utility'!$K:$K),2) -> 0 | H14: =ROUND(SUMIF('Public Utility'!$D:$D,$B$5,'Public Utility'!$L:$L),2) -> 0 | I14: =ROUND(SUMIF('Public Utility'!$D:$D,$B$5,'Public Utility'!$M:$M),2) -> 0 | J14: =ROUND(SUMIF('Public Utility'!$D:$D,$B$5,'Public Utility'!$N:$N),2) -> 0 | K14: =ROUND(SUMIF('Public Utility'!$D:$D,$B$5,'Public Utility'!$O:$O),2) -> 0 | L14: =ROUND(SUMIF('Public Utility'!$D:$D,$B$5,'Public Utility'!$P:$P),2) -> 0 | M14: =ROUND(SUMIF('Public Utility'!$D:$D,$B$5,'Public Utility'!$Q:$Q),2) -> 0 | N14: =ROUND(SUM(B14:M14),2) -> 0
A15: Hotel | B15: =ROUND(SUMIF(Hotel!$D:$D,$B$5,Hotel!$F:$F),2) -> 0 | C15: =ROUND(SUMIF(Hotel!$D:$D,$B$5,Hotel!$G:$G),2) -> 0 | D15: =ROUND(SUMIF(Hotel!$D:$D,$B$5,Hotel!$H:$H),2) -> 0 | E15: =ROUND(SUMIF(Hotel!$D:$D,$B$5,Hotel!$I:$I),2) -> 0 | F15: =ROUND(SUMIF(Hotel!$D:$D,$B$5,Hotel!$J:$J),2) -> 0 | G15: =ROUND(SUMIF(Hotel!$D:$D,$B$5,Hotel!$K:$K),2) -> 0 | H15: =ROUND(SUMIF(Hotel!$D:$D,$B$5,Hotel!$L:$L),2) -> 0 | I15: =ROUND(SUMIF(Hotel!$D:$D,$B$5,Hotel!$M:$M),2) -> 0 | J15: =ROUND(SUMIF(Hotel!$D:$D,$B$5,Hotel!$N:$N),2) -> 0 | K15: =ROUND(SUMIF(Hotel!$D:$D,$B$5,Hotel!$O:$O),2) -> 0 | L15: =ROUND(SUMIF(Hotel!$D:$D,$B$5,Hotel!$P:$P),2) -> 0 | M15: =ROUND(SUMIF(Hotel!$D:$D,$B$5,Hotel!$Q:$Q),2) -> 0 | N15: =ROUND(SUM(B15:M15),2) -> 0
A16: Real Estate | B16: =ROUND(SUMIF('Real Estate Transfer'!$D:$D,$B$5,'Real Estate Transfer'!$F:$F),2) -> 0 | C16: =ROUND(SUMIF('Real Estate Transfer'!$D:$D,$B$5,'Real Estate Transfer'!$G:$G),2) -> 0 | D16: =ROUND(SUMIF('Real Estate Transfer'!$D:$D,$B$5,'Real Estate Transfer'!$H:$H),2) -> 0 | E16: =ROUND(SUMIF('Real Estate Transfer'!$D:$D,$B$5,'Real Estate Transfer'!$I:$I),2) -> 0 | F16: =ROUND(SUMIF('Real Estate Transfer'!$D:$D,$B$5,'Real Estate Transfer'!$J:$J),2) -> 0 | G16: =ROUND(SUMIF('Real Estate Transfer'!$D:$D,$B$5,'Real Estate Transfer'!$K:$K),2) -> 0 | H16: =ROUND(SUMIF('Real Estate Transfer'!$D:$D,$B$5,'Real Estate Transfer'!$L:$L),2) -> 0 | I16: =ROUND(SUMIF('Real Estate Transfer'!$D:$D,$B$5,'Real Estate Transfer'!$M:$M),2) -> 0 | J16: =ROUND(SUMIF('Real Estate Transfer'!$D:$D,$B$5,'Real Estate Transfer'!$N:$N),2) -> 0 | K16: =ROUND(SUMIF('Real Estate Transfer'!$D:$D,$B$5,'Real Estate Transfer'!$O:$O),2) -> 0 | L16: =ROUND(SUMIF('Real Estate Transfer'!$D:$D,$B$5,'Real Estate Transfer'!$P:$P),2) -> 0 | M16: =ROUND(SUMIF('Real Estate Transfer'!$D:$D,$B$5,'Real Estate Transfer'!$Q:$Q),2) -> 0 | N16: =ROUND(SUM(B16:M16),2) -> 0
A17: Gaming | B17: =ROUND(SUMIF('Charity Gaming'!$D:$D,$B$5,'Charity Gaming'!$F:$F),2) -> 0 | C17: =ROUND(SUMIF('Charity Gaming'!$D:$D,$B$5,'Charity Gaming'!$G:$G),2) -> 0 | D17: =ROUND(SUMIF('Charity Gaming'!$D:$D,$B$5,'Charity Gaming'!$H:$H),2) -> 0 | E17: =ROUND(SUMIF('Charity Gaming'!$D:$D,$B$5,'Charity Gaming'!$I:$I),2) -> 0 | F17: =ROUND(SUMIF('Charity Gaming'!$D:$D,$B$5,'Charity Gaming'!$J:$J),2) -> 0 | G17: =ROUND(SUMIF('Charity Gaming'!$D:$D,$B$5,'Charity Gaming'!$K:$K),2) -> 0 | H17: =ROUND(SUMIF('Charity Gaming'!$D:$D,$B$5,'Charity Gaming'!$L:$L),2) -> 0 | I17: =ROUND(SUMIF('Charity Gaming'!$D:$D,$B$5,'Charity Gaming'!$M:$M),2) -> 0 | J17: =ROUND(SUMIF('Charity Gaming'!$D:$D,$B$5,'Charity Gaming'!$N:$N),2) -> 0 | K17: =ROUND(SUMIF('Charity Gaming'!$D:$D,$B$5,'Charity Gaming'!$O:$O),2) -> 0 | L17: =ROUND(SUMIF('Charity Gaming'!$D:$D,$B$5,'Charity Gaming'!$P:$P),2) -> 0 | M17: =ROUND(SUMIF('Charity Gaming'!$D:$D,$B$5,'Charity Gaming'!$Q:$Q),2) -> 0 | N17: =ROUND(SUM(B17:M17),2) -> 0
A18: Private Vehicle Use | B18: =ROUND(SUMIF('Private Vehicle Use'!$D:$D,$B$5,'Private Vehicle Use'!$F:$F),2) -> 0 | C18: =ROUND(SUMIF('Private Vehicle Use'!$D:$D,$B$5,'Private Vehicle Use'!$G:$G),2) -> 0 | D18: =ROUND(SUMIF('Private Vehicle Use'!$D:$D,$B$5,'Private Vehicle Use'!$H:$H),2) -> 0 | E18: =ROUND(SUMIF('Private Vehicle Use'!$D:$D,$B$5,'Private Vehicle Use'!$I:$I),2) -> 0 | F18: =ROUND(SUMIF('Private Vehicle Use'!$D:$D,$B$5,'Private Vehicle Use'!$J:$J),2) -> 0 | G18: =ROUND(SUMIF('Private Vehicle Use'!$D:$D,$B$5,'Private Vehicle Use'!$K:$K),2) -> 0 | H18: =ROUND(SUMIF('Private Vehicle Use'!$D:$D,$B$5,'Private Vehicle Use'!$L:$L),2) -> 0 | I18: =ROUND(SUMIF('Private Vehicle Use'!$D:$D,$B$5,'Private Vehicle Use'!$M:$M),2) -> 0 | J18: =ROUND(SUMIF('Private Vehicle Use'!$D:$D,$B$5,'Private Vehicle Use'!$N:$N),2) -> 0 | K18: =ROUND(SUMIF('Private Vehicle Use'!$D:$D,$B$5,'Private Vehicle Use'!$O:$O),2) -> 0 | L18: =ROUND(SUMIF('Private Vehicle Use'!$D:$D,$B$5,'Private Vehicle Use'!$P:$P),2) -> 0 | M18: =ROUND(SUMIF('Private Vehicle Use'!$D:$D,$B$5,'Private Vehicle Use'!$Q:$Q),2) -> 0 | N18: =ROUND(SUM(B18:M18),2) -> 0
A19: General Office / Misc. | B19: =ROUND(SUMIF('General Office'!$D:$D,$B$5,'General Office'!$F:$F),2) -> 0 | C19: =ROUND(SUMIF('General Office'!$D:$D,$B$5,'General Office'!$G:$G),2) -> 0 | D19: =ROUND(SUMIF('General Office'!$D:$D,$B$5,'General Office'!$H:$H),2) -> 0 | E19: =ROUND(SUMIF('General Office'!$D:$D,$B$5,'General Office'!$I:$I),2) -> 0 | F19: =ROUND(SUMIF('General Office'!$D:$D,$B$5,'General Office'!$J:$J),2) -> 0 | G19: =ROUND(SUMIF('General Office'!$D:$D,$B$5,'General Office'!$K:$K),2) -> 0 | H19: =ROUND(SUMIF('General Office'!$D:$D,$B$5,'General Office'!$L:$L),2) -> 0 | I19: =ROUND(SUMIF('General Office'!$D:$D,$B$5,'General Office'!$M:$M),2) -> 0 | J19: =ROUND(SUMIF('General Office'!$D:$D,$B$5,'General Office'!$N:$N),2) -> 0 | K19: =ROUND(SUMIF('General Office'!$D:$D,$B$5,'General Office'!$O:$O),2) -> 0 | L19: =ROUND(SUMIF('General Office'!$D:$D,$B$5,'General Office'!$P:$P),2) -> 0 | M19: =ROUND(SUMIF('General Office'!$D:$D,$B$5,'General Office'!$Q:$Q),2) -> 0 | N19: =ROUND(SUM(B19:M19),2) -> 0
A20: Business Income | B20: =ROUND(SUMIF('Business Income'!$D:$D,$B$5,'Business Income'!$F:$F),2) -> 0 | C20: =ROUND(SUMIF('Business Income'!$D:$D,$B$5,'Business Income'!$G:$G),2) -> 0 | D20: =ROUND(SUMIF('Business Income'!$D:$D,$B$5,'Business Income'!$H:$H),2) -> 0 | E20: =ROUND(SUMIF('Business Income'!$D:$D,$B$5,'Business Income'!$I:$I),2) -> 0 | F20: =ROUND(SUMIF('Business Income'!$D:$D,$B$5,'Business Income'!$J:$J),2) -> 0 | G20: =ROUND(SUMIF('Business Income'!$D:$D,$B$5,'Business Income'!$K:$K),2) -> 0 | H20: =ROUND(SUMIF('Business Income'!$D:$D,$B$5,'Business Income'!$L:$L),2) -> 0 | I20: =ROUND(SUMIF('Business Income'!$D:$D,$B$5,'Business Income'!$M:$M),2) -> 0 | J20: =ROUND(SUMIF('Business Income'!$D:$D,$B$5,'Business Income'!$N:$N),2) -> 0 | K20: =ROUND(SUMIF('Business Income'!$D:$D,$B$5,'Business Income'!$O:$O),2) -> 0 | L20: =ROUND(SUMIF('Business Income'!$D:$D,$B$5,'Business Income'!$P:$P),2) -> 0 | M20: =ROUND(SUMIF('Business Income'!$D:$D,$B$5,'Business Income'!$Q:$Q),2) -> 0 | N20: =ROUND(SUM(B20:M20),2) -> 0
A21: Individual Income | B21: =ROUND(SUMIF('Individual Income'!$D:$D,$B$5,'Individual Income'!$F:$F),2) -> 0 | C21: =ROUND(SUMIF('Individual Income'!$D:$D,$B$5,'Individual Income'!$G:$G),2) -> 0 | D21: =ROUND(SUMIF('Individual Income'!$D:$D,$B$5,'Individual Income'!$H:$H),2) -> 0 | E21: =ROUND(SUMIF('Individual Income'!$D:$D,$B$5,'Individual Income'!$I:$I),2) -> 0 | F21: =ROUND(SUMIF('Individual Income'!$D:$D,$B$5,'Individual Income'!$J:$J),2) -> 0 | G21: =ROUND(SUMIF('Individual Income'!$D:$D,$B$5,'Individual Income'!$K:$K),2) -> 0 | H21: =ROUND(SUMIF('Individual Income'!$D:$D,$B$5,'Individual Income'!$L:$L),2) -> 0 | I21: =ROUND(SUMIF('Individual Income'!$D:$D,$B$5,'Individual Income'!$M:$M),2) -> 0 | J21: =ROUND(SUMIF('Individual Income'!$D:$D,$B$5,'Individual Income'!$N:$N),2) -> 0 | K21: =ROUND(SUMIF('Individual Income'!$D:$D,$B$5,'Individual Income'!$O:$O),2) -> 0 | L21: =ROUND(SUMIF('Individual Income'!$D:$D,$B$5,'Individual Income'!$P:$P),2) -> 0 | M21: =ROUND(SUMIF('Individual Income'!$D:$D,$B$5,'Individual Income'!$Q:$Q),2) -> 0 | N21: =ROUND(SUM(B21:M21),2) -> 0
A22: Automobile Renting | B22: =ROUND(SUMIF('Automobile Renting'!$D:$D,$B$5,'Automobile Renting'!$F:$F),2) -> 0 | C22: =ROUND(SUMIF('Automobile Renting'!$D:$D,$B$5,'Automobile Renting'!$G:$G),2) -> 0 | D22: =ROUND(SUMIF('Automobile Renting'!$D:$D,$B$5,'Automobile Renting'!$H:$H),2) -> 0 | E22: =ROUND(SUMIF('Automobile Renting'!$D:$D,$B$5,'Automobile Renting'!$I:$I),2) -> 0 | F22: =ROUND(SUMIF('Automobile Renting'!$D:$D,$B$5,'Automobile Renting'!$J:$J),2) -> 0 | G22: =ROUND(SUMIF('Automobile Renting'!$D:$D,$B$5,'Automobile Renting'!$K:$K),2) -> 0 | H22: =ROUND(SUMIF('Automobile Renting'!$D:$D,$B$5,'Automobile Renting'!$L:$L),2) -> 0 | I22: =ROUND(SUMIF('Automobile Renting'!$D:$D,$B$5,'Automobile Renting'!$M:$M),2) -> 0 | J22: =ROUND(SUMIF('Automobile Renting'!$D:$D,$B$5,'Automobile Renting'!$N:$N),2) -> 0 | K22: =ROUND(SUMIF('Automobile Renting'!$D:$D,$B$5,'Automobile Renting'!$O:$O),2) -> 0 | L22: =ROUND(SUMIF('Automobile Renting'!$D:$D,$B$5,'Automobile Renting'!$P:$P),2) -> 0 | M22: =ROUND(SUMIF('Automobile Renting'!$D:$D,$B$5,'Automobile Renting'!$Q:$Q),2) -> 0 | N22: =ROUND(SUM(B22:M22),2) -> 0
A23: Live Adult Entertainment | B23: =ROUND(SUMIF('Live Adult'!$D:$D,$B$5,'Live Adult'!$F:$F),2) -> 0 | C23: =ROUND(SUMIF('Live Adult'!$D:$D,$B$5,'Live Adult'!$G:$G),2) -> 0 | D23: =ROUND(SUMIF('Live Adult'!$D:$D,$B$5,'Live Adult'!$H:$H),2) -> 0 | E23: =ROUND(SUMIF('Live Adult'!$D:$D,$B$5,'Live Adult'!$I:$I),2) -> 0 | F23: =ROUND(SUMIF('Live Adult'!$D:$D,$B$5,'Live Adult'!$J:$J),2) -> 0 | G23: =ROUND(SUMIF('Live Adult'!$D:$D,$B$5,'Live Adult'!$K:$K),2) -> 0 | H23: =ROUND(SUMIF('Live Adult'!$D:$D,$B$5,'Live Adult'!$L:$L),2) -> 0 | I23: =ROUND(SUMIF('Live Adult'!$D:$D,$B$5,'Live Adult'!$M:$M),2) -> 0 | J23: =ROUND(SUMIF('Live Adult'!$D:$D,$B$5,'Live Adult'!$N:$N),2) -> 0 | K23: =ROUND(SUMIF('Live Adult'!$D:$D,$B$5,'Live Adult'!$O:$O),2) -> 0 | L23: =ROUND(SUMIF('Live Adult'!$D:$D,$B$5,'Live Adult'!$P:$P),2) -> 0 | M23: =ROUND(SUMIF('Live Adult'!$D:$D,$B$5,'Live Adult'!$Q:$Q),2) -> 0 | N23: =ROUND(SUM(B23:M23),2) -> 0
A24: Adult Use Cannabis | B24: =ROUND(SUMIF(Cannabis!$D:$D,$B$5,Cannabis!$F:$F),2) -> 0 | C24: =ROUND(SUMIF(Cannabis!$D:$D,$B$5,Cannabis!$G:$G),2) -> 0 | D24: =ROUND(SUMIF(Cannabis!$D:$D,$B$5,Cannabis!$H:$H),2) -> 0 | E24: =ROUND(SUMIF(Cannabis!$D:$D,$B$5,Cannabis!$I:$I),2) -> 0 | F24: =ROUND(SUMIF(Cannabis!$D:$D,$B$5,Cannabis!$J:$J),2) -> 0 | G24: =ROUND(SUMIF(Cannabis!$D:$D,$B$5,Cannabis!$K:$K),2) -> 0 | H24: =ROUND(SUMIF(Cannabis!$D:$D,$B$5,Cannabis!$L:$L),2) -> 0 | I24: =ROUND(SUMIF(Cannabis!$D:$D,$B$5,Cannabis!$M:$M),2) -> 0 | J24: =ROUND(SUMIF(Cannabis!$D:$D,$B$5,Cannabis!$N:$N),2) -> 0 | K24: =ROUND(SUMIF(Cannabis!$D:$D,$B$5,Cannabis!$O:$O),2) -> 0 | L24: =ROUND(SUMIF(Cannabis!$D:$D,$B$5,Cannabis!$P:$P),2) -> 0 | M24: =ROUND(SUMIF(Cannabis!$D:$D,$B$5,Cannabis!$Q:$Q),2) -> 0 | N24: =ROUND(SUM(B24:M24),2) -> 0
B25: =ROUND(SUM(B9:B24),2) -> 0 | C25: =ROUND(SUM(C9:C24),2) -> 0 | D25: =ROUND(SUM(D9:D24),2) -> 0 | E25: =ROUND(SUM(E9:E24),2) -> 0 | F25: =ROUND(SUM(F9:F24),2) -> 0 | G25: =ROUND(SUM(G9:G24),2) -> 0 | H25: =ROUND(SUM(H9:H24),2) -> 0 | I25: =ROUND(SUM(I9:I24),2) -> 0 | ... N25: =ROUND(SUM(N9:N24),2) -> 0
A28: How to use this sheet:
A29: This sheet summarizes Comptroller fund receipts by revenue source. Enter the 4-digit fund number in the yellow shaded cell above. The sheet will then populate receipt information for the fund entered.
A31: Additional note:
A32: Pass-through withholding individual income tax is reported in the Business Income line above rather than in the Individual Income line as the related collections are remitted to the Department on Business Income vouchers by business entities rather than by individuals on Individual Income vouchers.
